Workbook
Name インフラ: テーブル34[インフラ]
Name インフラ: テーブル34[インフラ]
Name インフラ: テーブル34[インフラ]
Name インフラ: テーブル34[インフラ]
Name インフラ: テーブル34[インフラ]
Name インフラ: テーブル34[インフラ]
Name インフラ: テーブル34[インフラ]
Name インフラ: [1]!テーブル34[インフラ]
Name インフラ: テーブル34[インフラ]
Name インフラ: テーブル34[インフラ]
Name インフラ: テーブル34[インフラ]
Name インフラ: テーブル34[インフラ]
Name インフラ: テーブル34[インフラ]
Name インフラ: テーブル34[インフラ]
Name インフラ: テーブル34[インフラ]
Name インフラ: テーブル34[インフラ]
Name インフラ: テーブル34[インフラ]
Name その他: テーブル38[その他]
Name その他: テーブル38[その他]
Name その他: テーブル38[その他]
Name その他: テーブル38[その他]
Name その他: テーブル38[その他]
Name その他: テーブル38[その他]
Name その他: テーブル38[その他]
Name その他: [1]!テーブル38[その他]
Name その他: テーブル38[その他]
Name その他: テーブル38[その他]
Name その他: テーブル38[その他]
Name その他: テーブル38[その他]
Name その他: テーブル38[その他]
Name その他: テーブル38[その他]
Name その他: テーブル38[その他]
Name その他: テーブル38[その他]
Name その他: テーブル38[その他]
Name 資源: '資源リスト(印刷対象外)'!$B$2:$H$2
Name 資源_インフラ: テーブル11[資源_インフラ]
Name 資源_インフラ: テーブル11[資源_インフラ]
Name 資源_インフラ: テーブル11[資源_インフラ]
Name 資源_インフラ: テーブル11[資源_インフラ]
Name 資源_インフラ: テーブル11[資源_インフラ]
Name 資源_インフラ: テーブル11[資源_インフラ]
Name 資源_インフラ: テーブル11[資源_インフラ]
Name 資源_インフラ: [1]!テーブル11[資源_インフラ]
Name 資源_インフラ: テーブル11[資源_インフラ]
Name 資源_インフラ: テーブル11[資源_インフラ]
Name 資源_インフラ: テーブル11[資源_インフラ]
Name 資源_インフラ: テーブル11[資源_インフラ]
Name 資源_インフラ: テーブル11[資源_インフラ]
Name 資源_インフラ: テーブル11[資源_インフラ]
Name 資源_インフラ: テーブル11[資源_インフラ]
Name 資源_インフラ: テーブル11[資源_インフラ]
Name 資源_インフラ: テーブル11[資源_インフラ]
Name 資源_データ: テーブル17[資源_データ]
Name 資源_データ: テーブル17[資源_データ]
Name 資源_データ: テーブル17[資源_データ]
Name 資源_データ: テーブル17[資源_データ]
Name 資源_データ: テーブル17[資源_データ]
Name 資源_データ: テーブル17[資源_データ]
Name 資源_データ: テーブル17[資源_データ]
Name 資源_データ: [1]!テーブル17[資源_データ]

Sheet コントロールシート旧
B1: 入力順
C2: 「練馬区保育事業所向け事業継続計画コントロールシート」 | R2: 入力欄の凡例 | AF2: 自由記入
T3: 入力必須 | AF3: 自動入力（入力しないでください）
T4: 該当する場合入力 | AF4: 入力不要
D6: 「使用上の注意」 ①このエクセルは、中国地方整備局地域建設業事業継続計画（以下BCPと呼ぶ）作成支援ツールです。再配布はお控えください。 ②本ツールは、地域建設業の事業継続計画を普及させるための無料の支援ツールです。そのため、本ツール利用による損害等や計画した内容に関する損害等の責任は負いかねます。 ③本ツールは、令和7年時点の災害の教訓等の最新の知見に基づいて作成しています。法改正等に伴い必要に応じて修正をしてください。 ④様式集には、「コントロールシート」、「表紙、目次、Ｐ.１～Ｐ.１３」の頁があります。 コントロールシートは各施設における事業継続計画の必要記載事項を記入するワークシートです。 コントロールシートに必要記載事項を記入すると、記載事項が「表紙、目次、Ｐ.１～Ｐ.１３」に反映され、各施設の事業継続計画となります。 ⑤入力にあたっては、「災害時における中国地方地域建設業の事業継続計画作成解説書（第7版）」を参照しながら、 コントロールシートの「作成者入力欄」に、施設の状況を確認し、必要記載事項を入力してください。 ⑥印刷時はエクセルの「表紙、目次、Ｐ.１～Ｐ.１３」頁を対象に、施設が該当する頁に対して印刷を行ってください。 ⑦作成者のBCPへの理解向上を考慮して、目次構成とコントロールシートへの入力順が異なっている項目があります。 ⑧本ツールの著作権は、国土交通省中国地方整備局が保有しております。HPなどに無断で掲載することを禁止します。
D11: 上記使用上の注意をご理解頂いた場合は、下記プルで「使用上の注意を理解したうえで、利用します」を選択してください。
D12: 使用上の注意を理解したうえで、利用します | AL12: 使用上の注意を読んでいません。 | AO12: =+IF(D12=AL12,1) -> FALSE
AL13: 使用上の注意を理解したうえで、利用します
D14: 使用上の注意に同意した場合に以下に入力に必要なフォームが表示されます。表示されない場合は、使用上の注意を一読いただき、上記赤いセルの「使用上の注意を理解したうえで、利用します」を選択してください。選択すると文字が表示されます。
D17: BCP策定が功を奏した事例 | T17: BCPを策定していなかったことにより問題が発生した事例
D18: 約48時間に及ぶ長期停電の被害を受けたが、直前に実施した訓練が功を奏し、自家発電でパソコン等への給電を行い、安否確認など、必要最低限の災害対応を続けることができた。 | T18: 災害時の連絡用に職員の電話番号は控えていたが、家屋全壊となった職員とは電話では連絡できなかった。
D19: BCPで近隣園に保育業務の協力等を依頼することを決めていたおかげで、被災直後も一時避難所を運営しながら段階的な保育業務を再開することができた。 | T19: 被災直後は園の復旧作業に追われ、一時避難所としての運営業務も発生して混乱に陥ったため、保育業務の再開に時間がかかった。
C21: 作成者入力欄 ※各施設にて、ご確認の上、ご記入ください。
D23: ●施設が位置する市町を選んでください。
P25: ※プルダウンで所在自治体を選んでください。
B27: ① | C27: 表紙
AL28: FALSE
D29: 企業名：
H30: 年 | K30: 月 作成
B32: ② | C32: 様式Ａ－１－１（必須） 計画策定の意義・目的 | AJ32: P.１
D33: 計画の目的の記載例を以下に示しています。内容をご確認いただき、問題がなければ、チェックボックスにチェックを入れてください。 独自に目的を定める場合は、記入欄に記入してください。
F34: 大規模な地震が発生した場合、会社の施設や従業員及びその家族が被害を受け、当社の事業活動に大きな影響が及ぶことが予想される。 災害時には、重要業務の継続および万一中断した場合の早期復旧のために、平常時より事業継続に関する準備が必要となる。 当社では、重要業務を継続し、公共インフラおよび民間施主の復旧工事を通じて、経済･社会活動の早期復旧に協力するとともに、国および地方公共団体、民間施主の事業継続に貢献することを目指す。
E35: チェック | F35: ①社員、その家族の生命・身体の安全確保に全力をつくす
E36: チェック | F36: ②会社施設等の被害の最小化に努める
E37: チェック | F37: ③救援活動・復旧活動に全面的に協力する
E38: チェック | F38: ④施工中の建物の倒壊などによる近隣地域への二次災害の発生を防止し、地域の 方々の安全確保を図る
E39: チェック | F39: ⑤当社施工物件の被害状況を迅速に把握し、お客様の事業継続に向けた応急措置 および適切な復旧活動に協力する
E40: チェック | F40: ⑥災害などのリスクに強い企業となることを目指し、事業継続計画を定期的に見 直し、改善する
E41: ＜独自に定める場合＞
B44: ③ | C44: 様式Ａ－１－２（必須） 計画策定の検討体制 | AJ44: P.１
D45: 計画の基本方針の記載例を以下に示しています。内容をご確認いただき、問題がなければ、チェックボックスにチェックを入れてください。 独自に基本方針を定める場合は、記入欄に記入してください。 | AL45: TRUE
F46: 役割 | O46: 所属 | R46: 役職 | U46: 氏名 | AA46: サイン
F47: 総括
F48: Ａ 重要業務の選定と目標時間の把握
F49: Ｂ 災害時の対応体制 | AL49: FALSE
F50: Ｃ 対応拠点の確保 | AL50: FALSE
F51: Ｄ 情報発信・情報共有
F52: Ｅ 人員と資機材の調達
F53: Ｆ 訓練計画と定期点検計画
B56: ④ | C56: １-３ BCPの基本方針 計画の適用範囲 | AJ56: P.１
AL57: FALSE
D58: この計画は、施設に勤務又は利用する全ての者に適用するものとします。 | AL58: TRUE
D59: この計画は、地震が発生した際に適用するものとするものであり、高潮や津波・土砂災害などその他災害は対象外とします。 | AL59: TRUE
E60: ●社内状況 | AL60: TRUE
E61: 昼間 利用者 | I61: 約 | J61: 74 | L61: 名 | AL61: TRUE
E62: 昼間 従業員 | I62: 約 | J62: 26 | L62: 名 | M62: ※従業員数が日によって変化する場合は、最も危険側となるように最低人数となる場合を想定してください。
E63: 夜間 利用者 | I63: 約 | J63: 6 | L63: 名 | AL63: TRUE
E64: 夜間 従業員 | I64: 約 | J64: 4 | L64: 名 | AL64: TRUE
E65: 休日 利用者 | I65: 約 | L65: 名 | M65: ※休日に利用者数が大きく変化する場合は記入してください。 | AL65: TRUE
E66: 休日 従業員 | I66: 約 | L66: 名 | M66: ※休日に従業員数が大きく変化する場合は記入してください。
E68: （ | F68: 2025 | I68: 7 | K68: 月 | L68: 1 | N68: 日付）
B70: ⑤ | C70: ２. BCP体制・従業員名簿 | AJ70: P.２
Y71: 災害対策本部役職 （左：本部役職、右：代理職）
D72: 施設における従業員の状況（従業員数・災害対策本部人員数）について整理してください。 | V72: 班名
D73: 他計画を作成しており、それに準じることも可能です。 | Y73: 災害対策本部長 | AD73: 本部長代理
D74: その場合は、従業員数および災害対策本部人員数については他計画に記載されている人数を記入するように整理してください。 | Y74: 災害対策副本部長
V75: 総務班 | Y75: 総務班班長
F76: その他計画に準ずる | J76: 準ずる計画の名称 | V76: 情報収集班 | Y76: 情報収集班班長
V77: 復旧対策班 | Y77: 復旧対応班班長
V78: 安否確認班 | Y78: 安否確認班班長 | AL78: FALSE
E79: 名簿作成年月日 | H79: 45839 | V79: 広報班 | Y79: 広報班班長
V80: 保護者班 | Y80: 保護者班班長
D82: 災害対策本部の役職を兼務する場合は、兼務する従業員の下の行に従業員名と所属と役職のみを記載してください。
D83: また、従業員数が50名を超える場合は、下記の従業員名簿には災害対策本部の役職に就く従業員を優先して記載してください。 | AM83: ※左の欄で設定した従業員数と下記の従業員名簿および別紙従業員名簿の人数が整合していません。
D84: 記載できない従業員は「従業員名簿 別紙」に記載するようにしてください。 | Y84: ※これらの役職は、必要に応じて書き換えてください。 | AM84: ※左の欄で設定した従業員数と下記の従業員名簿および別紙従業員名簿の人数が整合しています。
E86: 従業員数 | G86: 26 | I86: 人 | J86: 災害対策本部人員数 （BCP体制に必要な人員） | O86: 8 | Q86: 人 | S86: =IF($G$86<>($AL$89+'従業員名簿 別紙用'!AF9),$AM$83,IF($G$86=($AL$89+'従業員名簿 別紙用'!AF9),$AM$84,"")) -> ※左の欄で設定した従業員数と下記の従業員名簿および別紙従業員名簿の人数が整合しています。 | AM86: ※左の欄で設定した災害対策本部人員数と下記の従業員名簿の災害対策本部役職の人数が整合していません。
S87: =IF($O$86<>$AM$89,$AM$86,IF($O$86=$AM$89,$AM$87)) -> ※左の欄で設定した災害対策本部人員数と下記の従業員名簿の災害対策本部役職の人数が整合しています。 | AM87: ※左の欄で設定した災害対策本部人員数と下記の従業員名簿の災害対策本部役職の人数が整合しています。
E89: 災害対策本部 役職者 | H89: 住所 | M89: 電話番号 | P89: 緊急連絡先 | S89: 所属（役職） | V89: 勤務先まで の距離 | X89: 通常の 通勤時間 | Z89: 非常時 参集手段 | AB89: 非常時 参集時間 | AD89: 災害対策本部役職 | AG89: 代替者 | AL89: =COUNTA($E$90:$G$110,E113:G136) -> 26 | AM89: =COUNTIF($AM$90:$AM$110,"<>0") -> 8
E90: A | H90: 東京都練馬区●●● | M90: 03-xxxx-xxxx | P90: 090-xxxx-xxxx | S90: 園長 | V90: 0.5 | W90: km | Y90: ｈ | Z90: 徒歩 | AB90: =IF(Z90="","",IF(Z90="徒歩",(V90/2),IF(Z90="自転車",(V90/5)))) -> 0.25 | AC90: ｈ | AD90: 災害対策本部長 | AM90: =IF($AD90<>"",IF($E90<>"",E90,0),0) -> A | AN90: =($AD90)&"" -> 災害対策本部長 | AO90: =($E90)&"" -> A | AP90: =($S90)&"" -> 園長 | AQ90: =($AG90)&"" | AR90: =($E90)&"" -> A
E91: B | H91: 東京都練馬区●●● | M91: 03-xxxx-xxxx | P91: 090-xxxx-xxxx | S91: 副園長 | V91: 0.5 | W91: km | Y91: ｈ | Z91: 徒歩 | AB91: =IF(Z91="","",IF(Z91="徒歩",(V91/2),IF(Z91="自転車",(V91/5)))) -> 0.25 | AC91: ｈ | AD91: 災害対策副本部長 | AG91: 本部長代理 | AM91: =IF($AD91<>"",IF($E91<>"",E91,0),0) -> B | AN91: =($AD91)&"" -> 災害対策副本部長 | AO91: =($E91)&"" -> B | AP91: =($S91)&"" -> 副園長 | AQ91: =($AG91)&"" -> 本部長代理 | AR91: =($E91)&"" -> B
E92: C | H92: 東京都練馬区●●● | M92: 03-xxxx-xxxx | P92: 090-xxxx-xxxx | S92: 保育士 | V92: 1 | W92: km | Y92: ｈ | Z92: 徒歩 | AB92: =IF(Z92="","",IF(Z92="徒歩",(V92/2),IF(Z92="自転車",(V92/5)))) -> 0.5 | AC92: ｈ | AD92: 総務班班長 | AM92: =IF($AD92<>"",IF($E92<>"",E92,0),0) -> C | AN92: =($AD92)&"" -> 総務班班長 | AO92: =($E92)&"" -> C | AP92: =($S92)&"" -> 保育士 | AQ92: =($AG92)&"" | AR92: =($E92)&"" -> C
E93: D | H93: 東京都練馬区●●● | M93: 03-xxxx-xxxx | P93: 090-xxxx-xxxx | S93: 保育士 | V93: 5 | W93: km | Y93: ｈ | Z93: 徒歩 | AB93: =IF(Z93="","",IF(Z93="徒歩",(V93/2),IF(Z93="自転車",(V93/5)))) -> 2.5 | AC93: ｈ | AD93: 情報収集班班長 | AM93: =IF($AD93<>"",IF($E93<>"",E93,0),0) -> D | AN93: =($AD93)&"" -> 情報収集班班長 | AO93: =($E93)&"" -> D | AP93: =($S93)&"" -> 保育士 | AQ93: =($AG93)&"" | AR93: =($E93)&"" -> D
E94: E | H94: 東京都練馬区●●● | M94: 03-xxxx-xxxx | P94: 090-xxxx-xxxx | S94: 保育士 | V94: 5 | W94: km | Y94: ｈ | Z94: 徒歩 | AB94: =IF(Z94="","",IF(Z94="徒歩",(V94/2),IF(Z94="自転車",(V94/5)))) -> 2.5 | AC94: ｈ | AD94: 安否確認班班長 | AM94: =IF($AD94<>"",IF($E94<>"",E94,0),0) -> E | AN94: =($AD94)&"" -> 安否確認班班長 | AO94: =($E94)&"" -> E | AP94: =($S94)&"" -> 保育士 | AQ94: =($AG94)&"" | AR94: =($E94)&"" -> E
E95: F | H95: 東京都練馬区●●● | M95: 03-xxxx-xxxx | P95: 090-xxxx-xxxx | S95: 保育士 | V95: 5 | W95: km | Y95: ｈ | Z95: 徒歩 | AB95: =IF(Z95="","",IF(Z95="徒歩",(V95/2),IF(Z95="自転車",(V95/5)))) -> 2.5 | AC95: ｈ | AD95: 復旧対応班班長 | AM95: =IF($AD95<>"",IF($E95<>"",E95,0),0) -> F | AN95: =($AD95)&"" -> 復旧対応班班長 | AO95: =($E95)&"" -> F | AP95: =($S95)&"" -> 保育士 | AQ95: =($AG95)&"" | AR95: =($E95)&"" -> F
E96: G | H96: 東京都練馬区●●● | M96: 03-xxxx-xxxx | P96: 090-xxxx-xxxx | S96: 調理員 | V96: 5 | W96: km | Y96: ｈ | Z96: 徒歩 | AB96: =IF(Z96="","",IF(Z96="徒歩",(V96/2),IF(Z96="自転車",(V96/5)))) -> 2.5 | AC96: ｈ | AD96: 広報班班長 | AM96: =IF($AD96<>"",IF($E96<>"",E96,0),0) -> G | AN96: =($AD96)&"" -> 広報班班長 | AO96: =($E96)&"" -> G | AP96: =($S96)&"" -> 調理員 | AQ96: =($AG96)&"" | AR96: =($E96)&"" -> G
E97: H | H97: 東京都練馬区●●● | M97: 03-xxxx-xxxx | P97: 090-xxxx-xxxx | S97: 事務員 | V97: 5 | W97: km | Y97: ｈ | Z97: 徒歩 | AB97: =IF(Z97="","",IF(Z97="徒歩",(V97/2),IF(Z97="自転車",(V97/5)))) -> 2.5 | AC97: ｈ | AD97: 保護者班班長 | AM97: =IF($AD97<>"",IF($E97<>"",E97,0),0) -> H | AN97: =($AD97)&"" -> 保護者班班長 | AO97: =($E97)&"" -> H | AP97: =($S97)&"" -> 事務員 | AQ97: =($AG97)&"" | AR97: =($E97)&"" -> H
W98: km | Y98: ｈ | AB98: =IF(Z98="","",IF(Z98="徒歩",(V98/5),IF(Z98="自転車",(V98/10)))) | AC98: ｈ | AM98: =IF($AD98<>"",IF($E98<>"",E98,0),0) -> 0 | AN98: =($AD98)&"" | AO98: =($E98)&"" | AP98: =($S98)&"" | AQ98: =($AG98)&"" | AR98: =($E98)&""
W99: km | Y99: ｈ | AB99: =IF(Z99="","",IF(Z99="徒歩",(V99/5),IF(Z99="自転車",(V99/10)))) | AC99: ｈ | AM99: =IF($AD99<>"",IF($E99<>"",E99,0),0) -> 0 | AN99: =($AD99)&"" | AO99: =($E99)&"" | AP99: =($S99)&"" | AQ99: =($AG99)&"" | AR99: =($E99)&""
W100: km | Y100: ｈ | AB100: =IF(Z100="","",IF(Z100="徒歩",(V100/5),IF(Z100="自転車",(V100/10)))) | AC100: ｈ | AM100: =IF($AD100<>"",IF($E100<>"",E100,0),0) -> 0 | AN100: =($AD100)&"" | AO100: =($E100)&"" | AP100: =($S100)&"" | AQ100: =($AG100)&"" | AR100: =($E100)&""
W101: km | Y101: ｈ | AB101: =IF(Z101="","",IF(Z101="徒歩",(V101/5),IF(Z101="自転車",(V101/10)))) | AC101: ｈ | AM101: =IF($AD101<>"",IF($E101<>"",E101,0),0) -> 0 | AN101: =($AD101)&"" | AO101: =($E101)&"" | AP101: =($S101)&"" | AQ101: =($AG101)&"" | AR101: =($E101)&""
W102: km | Y102: ｈ | AB102: =IF(Z102="","",IF(Z102="徒歩",(V102/5),IF(Z102="自転車",(V102/10)))) | AC102: ｈ | AM102: =IF($AD102<>"",IF($E102<>"",E102,0),0) -> 0 | AN102: =($AD102)&"" | AO102: =($E102)&"" | AP102: =($S102)&"" | AQ102: =($AG102)&"" | AR102: =($E102)&""
W103: km | Y103: ｈ | AB103: =IF(Z103="","",IF(Z103="徒歩",(V103/5),IF(Z103="自転車",(V103/10)))) | AC103: ｈ | AM103: =IF($AD103<>"",IF($E103<>"",E103,0),0) -> 0 | AN103: =($AD103)&"" | AO103: =($E103)&"" | AP103: =($S103)&"" | AQ103: =($AG103)&"" | AR103: =($E103)&""
W104: km | Y104: ｈ | AB104: =IF(Z104="","",IF(Z104="徒歩",(V104/5),IF(Z104="自転車",(V104/10)))) | AC104: ｈ | AM104: =IF($AD104<>"",IF($E104<>"",E104,0),0) -> 0 | AN104: =($AD104)&"" | AO104: =($E104)&"" | AP104: =($S104)&"" | AQ104: =($AG104)&"" | AR104: =($E104)&""
W105: km | Y105: ｈ | AB105: =IF(Z105="","",IF(Z105="徒歩",(V105/5),IF(Z105="自転車",(V105/10)))) | AC105: ｈ | AM105: =IF($AD105<>"",IF($E105<>"",E105,0),0) -> 0 | AN105: =($AD105)&"" | AO105: =($E105)&"" | AP105: =($S105)&"" | AQ105: =($AG105)&"" | AR105: =($E105)&""
W106: km | Y106: ｈ | AB106: =IF(Z106="","",IF(Z106="徒歩",(V106/5),IF(Z106="自転車",(V106/10)))) | AC106: ｈ | AM106: =IF($AD106<>"",IF($E106<>"",E106,0),0) -> 0 | AN106: =($AD106)&"" | AO106: =($E106)&"" | AP106: =($S106)&"" | AQ106: =($AG106)&"" | AR106: =($E106)&""
W107: km | Y107: ｈ | AB107: =IF(Z107="","",IF(Z107="徒歩",(V107/5),IF(Z107="自転車",(V107/10)))) | AC107: ｈ | AM107: =IF($AD107<>"",IF($E107<>"",E107,0),0) -> 0 | AN107: =($AD107)&"" | AO107: =($E107)&"" | AP107: =($S107)&"" | AQ107: =($AG107)&"" | AR107: =($E107)&""
W108: km | Y108: ｈ | AB108: =IF(Z108="","",IF(Z108="徒歩",(V108/5),IF(Z108="自転車",(V108/10)))) | AC108: ｈ | AM108: =IF($AD108<>"",IF($E108<>"",E108,0),0) -> 0 | AN108: =($AD108)&"" | AO108: =($E108)&"" | AP108: =($S108)&"" | AQ108: =($AG108)&"" | AR108: =($E108)&""
W109: km | Y109: ｈ | AB109: =IF(Z109="","",IF(Z109="徒歩",(V109/5),IF(Z109="自転車",(V109/10)))) | AC109: ｈ | AM109: =IF($AD109<>"",IF($E109<>"",E109,0),0) -> 0 | AN109: =($AD109)&"" | AO109: =($E109)&"" | AP109: =($S109)&"" | AQ109: =($AG109)&"" | AR109: =($E109)&""
W110: km | Y110: ｈ | AB110: =IF(Z110="","",IF(Z110="徒歩",(V110/5),IF(Z110="自転車",(V110/10)))) | AC110: ｈ | AM110: =IF($AD110<>"",IF($E110<>"",E110,0),0) -> 0 | AN110: =($AD110)&"" | AO110: =($E110)&"" | AP110: =($S110)&"" | AQ110: =($AG110)&"" | AR110: =($E110)&""
E112: 従業員名 | H112: 住所 | M112: 電話番号 | P112: 緊急連絡先 | S112: 所属（役職） | V112: 勤務先まで の距離 | X112: 通常の 通勤時間 | Z112: 非常時 参集手段 | AB112: 非常時 参集時間 | AD112: 緊急時 所属班
E113: a | H113: 東京都和光市●●● | M113: 03-xxxx-xxxx | P113: 090-xxxx-xxxx | V113: 10 | W113: km | Y113: ｈ | Z113: 自転車 | AB113: =IF(Z113="","",IF(Z113="徒歩",(V113/2),IF(Z113="自転車",(V113/5)))) -> 2 | AC113: ｈ | AD113: 情報収集班 | AM113: =IF($AD113<>"",IF($E113<>"",E113,0),0) -> a | AN113: =($AD113)&"" -> 情報収集班 | AO113: =($E113)&"" -> a | AP113: =($S113)&"" | AQ113: =($AG113)&"" | AR113: =($E113)&"" -> a
E114: b | H114: 東京都和光市●●● | M114: 03-xxxx-xxxx | P114: 090-xxxx-xxxx | V114: 10 | W114: km | Y114: ｈ | Z114: 自転車 | AB114: =IF(Z114="","",IF(Z114="徒歩",(V114/2),IF(Z114="自転車",(V114/5)))) -> 2 | AC114: ｈ | AD114: 情報収集班 | AM114: =IF($AD114<>"",IF($E114<>"",E114,0),0) -> b | AN114: =($AD114)&"" -> 情報収集班 | AO114: =($E114)&"" -> b | AP114: =($S114)&"" | AQ114: =($AG114)&"" | AR114: =($E114)&"" -> b
E115: c | H115: 東京都板橋区●●● | M115: 03-xxxx-xxxx | P115: 090-xxxx-xxxx | V115: 12 | W115: km | Y115: ｈ | Z115: 自転車 | AB115: =IF(Z115="","",IF(Z115="徒歩",(V115/2),IF(Z115="自転車",(V115/5)))) -> 2.4 | AC115: ｈ | AD115: 復旧対策班 | AM115: =IF($AD115<>"",IF($E115<>"",E115,0),0) -> c | AN115: =($AD115)&"" -> 復旧対策班 | AO115: =($E115)&"" -> c | AP115: =($S115)&"" | AQ115: =($AG115)&"" | AR115: =($E115)&"" -> c
E116: d | H116: 東京都板橋区●●● | M116: 03-xxxx-xxxx | P116: 090-xxxx-xxxx | V116: 12 | W116: km | Y116: ｈ | Z116: 自転車 | AB116: =IF(Z116="","",IF(Z116="徒歩",(V116/2),IF(Z116="自転車",(V116/5)))) -> 2.4 | AC116: ｈ | AD116: 復旧対策班 | AM116: =IF($AD116<>"",IF($E116<>"",E116,0),0) -> d | AN116: =($AD116)&"" -> 復旧対策班 | AO116: =($E116)&"" -> d | AP116: =($S116)&"" | AQ116: =($AG116)&"" | AR116: =($E116)&"" -> d
E117: e | H117: 東京都板橋区●●● | M117: 03-xxxx-xxxx | P117: 090-xxxx-xxxx | V117: 15 | W117: km | Y117: ｈ | Z117: 自転車 | AB117: =IF(Z117="","",IF(Z117="徒歩",(V117/2),IF(Z117="自転車",(V117/5)))) -> 3 | AC117: ｈ | AD117: 安否確認班 | AM117: =IF($AD117<>"",IF($E117<>"",E117,0),0) -> e | AN117: =($AD117)&"" -> 安否確認班 | AO117: =($E117)&"" -> e | AP117: =($S117)&"" | AQ117: =($AG117)&"" | AR117: =($E117)&"" -> e
E118: f | H118: 東京都板橋区●●● | M118: 03-xxxx-xxxx | P118: 090-xxxx-xxxx | V118: 15 | W118: km | Y118: ｈ | Z118: 自転車 | AB118: =IF(Z118="","",IF(Z118="徒歩",(V118/2),IF(Z118="自転車",(V118/5)))) -> 3 | AC118: ｈ | AD118: 安否確認班 | AM118: =IF($AD118<>"",IF($E118<>"",E118,0),0) -> f | AN118: =($AD118)&"" -> 安否確認班 | AO118: =($E118)&"" -> f | AP118: =($S118)&"" | AQ118: =($AG118)&"" | AR118: =($E118)&"" -> f
E119: g | H119: 東京都板橋区●●● | M119: 03-xxxx-xxxx | P119: 090-xxxx-xxxx | V119: 18 | W119: km | Y119: ｈ | Z119: 自転車 | AB119: =IF(Z119="","",IF(Z119="徒歩",(V119/2),IF(Z119="自転車",(V119/5)))) -> 3.6 | AC119: ｈ | AD119: 広報班 | AM119: =IF($AD119<>"",IF($E119<>"",E119,0),0) -> g | AN119: =($AD119)&"" -> 広報班 | AO119: =($E119)&"" -> g | AP119: =($S119)&"" | AQ119: =($AG119)&"" | AR119: =($E119)&"" -> g
E120: h | H120: 東京都板橋区●●● | M120: 03-xxxx-xxxx | P120: 090-xxxx-xxxx | V120: 18 | W120: km | Y120: ｈ | Z120: 自転車 | AB120: =IF(Z120="","",IF(Z120="徒歩",(V120/2),IF(Z120="自転車",(V120/5)))) -> 3.6 | AC120: ｈ | AD120: 広報班 | AM120: =IF($AD120<>"",IF($E120<>"",E120,0),0) -> h | AN120: =($AD120)&"" -> 広報班 | AO120: =($E120)&"" -> h | AP120: =($S120)&"" | AQ120: =($AG120)&"" | AR120: =($E120)&"" -> h
E121: i | H121: 東京都板橋区●●● | M121: 03-xxxx-xxxx | P121: 090-xxxx-xxxx | V121: 20 | W121: km | Y121: ｈ | Z121: 自転車 | AB121: =IF(Z121="","",IF(Z121="徒歩",(V121/2),IF(Z121="自転車",(V121/5)))) -> 4 | AC121: ｈ | AD121: 保護者班 | AM121: =IF($AD121<>"",IF($E121<>"",E121,0),0) -> i | AN121: =($AD121)&"" -> 保護者班 | AO121: =($E121)&"" -> i | AP121: =($S121)&"" | AQ121: =($AG121)&"" | AR121: =($E121)&"" -> i
E122: j | H122: 東京都板橋区●●● | M122: 03-xxxx-xxxx | P122: 090-xxxx-xxxx | V122: 20 | W122: km | Y122: ｈ | Z122: 自転車 | AB122: =IF(Z122="","",IF(Z122="徒歩",(V122/2),IF(Z122="自転車",(V122/5)))) -> 4 | AC122: ｈ | AD122: 保護者班 | AM122: =IF($AD122<>"",IF($E122<>"",E122,0),0) -> j | AN122: =($AD122)&"" -> 保護者班 | AO122: =($E122)&"" -> j | AP122: =($S122)&"" | AQ122: =($AG122)&"" | AR122: =($E122)&"" -> j
...

Sheet コントロールシート（例示あり）
B2: 様式Ａ－１－１（必須） 計画策定の意義・目的
B3: 計画策定の意義・目的
B6: 様式Ａ－１－２（必須） 計画策定の検討体制
B7: 役割 | H7: 所属 | K7: 役職 | N7: 氏名 | Q7: サイン
B8: 総括
B9: Ａ重要業務の選定と目標時間の把握
B10: Ｂ災害時の対応体制
B11: Ｃ対応拠点の確保
B12: Ｄ情報発信・情報共有
B13: Ｅ人員と資機材の調達
B14: Ｆ訓練計画と定期点検計画
B17: 様式Ａ―２―１（必須） 社員への周知方法
B18: 社員への周知方法 | J18: 媒体 | M18: 実施年月日
B28: 様式Ｂ－１－１（必須） 自社の地域で懸念されている災害の一覧整理
B29: リスクの 種類 | D29: 説明 (対応拠点での被害規模) | I29: 懸念される本社･支店、 現場事務所等の被害 | N29: 懸念される被害の種類 | S29: 被害の概要及び程度 | X29: 対応の 優先順位 | Z29: 事業継続の対象 とする災害
B30: 地震A | D30: ○○断層帯地震(震度○強)
B31: 地震B | D31: ○○断層帯地震(震度○強)
B32: 高潮 | D32: 高潮発生(水深○m～○m)
B33: 大規模 土砂災害 | D33: 土砂災害発生 (土砂崩れ発生)
B34: 大規模 水害 | D34: ○○水系○○川で破堤による洪水はん濫発生(水深○m～○m)
B35: 大規模 積雪 | D35: ○○地域で大規模な積雪発生(積雪○m以上)
B36: ・・・ | D36: ・・・
B37: 感染症 | D37: ―
B38: 事業継続の対象とする災害の設定
C39: ① 懸念される災害すべてについての被害想定の根拠資料（ハザードマップ等）が必要です。
C40: ②『２－１ 想定被害による自社への影響』を参考に、自社地域で事業継続の対象とする災害を選定し、検討経緯・選定理由を記載します。
B57: 様式Ｂ－１－１補足資料１（必須） 自社関連施設の位置図
B60: 様式Ｂ－１－１補足資料２（重要）自社の地域で懸念されている被害
B61: リスクの種類 | D61: 対象施設 | I61: 外力（震度、水深等） | N61: 被害想定 | S61: 懸念される被害の種類 | X61: 備考
B62: 地震Ａ(○○断層帯地震） | D62: 対応拠点（本社ビル）
D63: 代替対応拠点１
D64: 代替対応拠点２
D65: 道路
D66: 鉄道
D67: 周辺施設
D68: ・・・
B71: 様式Ｂ－１－２（重要） 建物の耐震性に関する状況把握
B72: 対象施設 | E72: 施設名称 | H72: 構造･階数 | K72: 建築時期 | N72: Ｓ56年6月以前か | Q72: 耐震診断・補強の有無 | T72: 目視による異常 | W72: 耐震性診断・工事の予定・検討の状況
B73: 対応拠点
B74: 自社関連施設
B75: 自社関連施設
B76: 代替拠点１
B77: ・・・
W78: 確認日：令和〇年〇月〇日
C79: ①自社の建物の耐震性を建築時期や耐震補強の履歴などから整理します。建築時期不明の場合、昭和 56 年以前と同様に扱います。
C80: ②昭和 56 年（1981 年）6 月以前の建物（旧耐震基準により設計された建物）は震度５強を超える地震に耐えられることが確認されていません。
C81: ③目視による建物の大きなひび、傾き、構造に影響がありそうな破損の有無もチェックします。
B84: 様式Ｂ－１－３（必須） ライフラインの被害想定
B85: リスクの種類：地震Ａ
B86: 対象施設 | E86: ライフライン | J86: 停止期間 | M86: 出典・設定根拠
B87: 対応拠点 | E87: 電力
E88: 電話
E89: インターネット（光ケーブル）
E90: 上水道
E91: ガス
B92: 代替対応拠点１ | E92: 電力
E93: 電話
E94: インターネット（光ケーブル）
E95: 上水道
E96: ガス
C97: ①自治体の被害想定検討資料や業務継続計画、既往の大災害時のライフラインへの影響事例等を参考にして、 本社および代替対応拠点におけるライフラインの停止期間を想定してください。
C98: ②想定に用いた資料を添付し、想定のために引用した箇所を明記の上、ライフラインの停止期間を設定した根拠を記載してください。
B101: 様式Ｂ－２－１（必須） 重要業務の候補の影響度比較表
B102: 判断要因 重要業務名 | H102: 業務停止による影響度合い※ | Q102: 総影響度 (例えば平均値) | T102: 災害時の 重要業務
H103: 利益への影響 | K103: 災害協定先、 公共発注者、施主、 取引先への影響 | N103: 社会的影響
B104: 安否確認
B105: 執務環境の確保
B106: 自社施設等の被害情報の収集
B107: 施工中の現場の被害状況の確認
B108: 重要取引先との連絡と調整
B109: 災害協定業務、その他の応急・復旧業務
B110: 近隣の救助活動
B111: 入札
B112: 金融機関との調整
B113: 社員への給与の支払い
B114: 協力者への支払い
B115: ・・・
B116: ・・・
B117: ＢＣＰの対象とする災害時の重要業務の設定理由・根拠 | H117: ＜記載例＞ ・総影響度が３以上の業務を災害時の重要業務とする（重要業務欄に●を記入）。 ・重要業務の内、上位の○業務を災害時の重要業務とする。 ・重要業務の実施順序を時系列に並べ、「災害協定業務、その他応急・復旧業務」までを災害時の重要業務とする。
Q118: 作成(更新)：令和〇年〇月〇日
B119: 影響度：３：影響が大きい。２：影響がある。１：影響が小さい。
B120: ※これらは一例ですので、各社の判断により影響度を判断する要因を変えたり、必要と考えられる業務を追加してください。
B123: 様式Ｂ－３－１（必須） 重要業務の目標(着手)時間の検討表
B124: 発災の条件 | E124: ○月○日（○曜日）○時○分（就業時間外）、○○市で震度○の地震発生
B125: 重要業務名 | J125: 総影響度 | L125: 目標時間(着手時間※) | Q125: 根拠資料
B126: 安否確認 | J126: 3 | L126: 2時間 | Q126: Ｐ○参照
B127: 重要取引先との連絡と調整 | J127: 3 | L127: 6時間 | Q127: Ｐ○参照
B128: 施工中の現場の被害状況の確認 | J128: 3 | L128: 12時間 | Q128: Ｐ○参照
B129: 災害協定業務、その他の応急・復旧業務 | J129: 3 | L129: 24時間 | Q129: Ｐ○参照
B130: ・・・ | J130: ・・・ | L130: ・・・ | Q130: ・・・
O131: 作成(更新)：令和〇年〇月〇日
C132: ① 発災の条件は、災害の種類と時間（就業時間外（夜間・休日））を設定してください。
C133: ※着手時間とは、災害発生から業務着手までの経過時間です。
B136: 様式Ｂ－３－１補足資料（必須） 重要業務の目標時間の検討表
B137: ●参集時間の集計表 徒歩で参集する場合(3 ㎞/ｈ)
B138: 役職 | E138: 氏名 | I138: 災害時の役割 | P138: 住所 | T138: 所属班 | W138: 自宅⇒本社・支社への参集
W139: 出発地 | Y139: 参集場所 | AA139: 距離(㎞) | AC139: 移動時間(時間)
B153: … | E153: … | I153: … | P153: … | T153: … | W153: … | Y153: … | AA153: … | AC153: …
Y154: 作成(更新)：令和〇年〇月〇日
B156: ●目標時間算出根拠（安否確認、重要取引先との連絡と調整、災害協定業務、その他の応急・復旧業務）
...

Sheet 頭紙
C2: 中国地方における地域建設業の事業継続計画認定 資料作成ツール
D4: 【使用上の注意】 ① このエクセルは、中国地方整備局地域建設業事業継続計画（以下BCPと呼ぶ）作成支援ツールです。再配布はお控えください。 ② 本ツールは、地域建設業の事業継続計画を普及させるための無料の支援ツールです。そのため、本ツール利用による損害等や計画した内容に関する損害等の責任は負いかねます。 ③ 本ツールは、令和8年時点の災害の教訓等の最新の知見に基づいて作成しています。法改正等に伴い必要に応じて修正をしてください。 ④ 提出時・印刷時は本ツールの【印刷対象】以降のシートを対象に印刷を行ってください。 ⑤ 本ツールの著作権は、国土交通省中国地方整備局が保有しております。HPなどへの無断掲載は禁止します。 ⑥ 本ツールの使用は任意です。これまで通りの形式で提出することも可能です。 【作成方法】 ① Excel内の次の5つのシート【自社拠点】【名簿】【取引先】【現場】【訓練実施記録】を記入します。 ② 【携行カード】の入力は任意ですが、社員一人一人の防災意識の向上に資するため、作成を推奨します。 ③ 次に、【記入シート】内の必要なセルを記入します。 入力必須のセル/入力が望ましいセルに着色しています。入力が望ましいセルへの記入は任意ですが、記入することでよりよいBCPになります。 ※着色していないセルには入力しないでください。 ④ 必要記載事項を記入すると、【★印刷対象】以降の全シートに反映され、BCPの完成となります。 ⑤ 入力にあたっては、「災害時における中国地方地域建設業の事業継続計画作成解説書（第8版）」を参照しながら、 【記入シート】の「作成者入力欄」に、施設の状況を確認し、必要記載事項を入力してください。

Sheet 自社拠点
B1: 【必須】本社の情報、ならびに資機材置き場、支社等、自社拠点となる場所を記載してください。 | H1: 自動記入先項目 B-1-3 D-1-1、D-1-2
B2: No | C2: 拠点名 (B-1-3) (D-1-1) | D2: 住所 | E2: 固定電話 | F2: FAX | G2: 電子メール | H2: 携帯番号 | I2: 携帯メール | J2: SMS（ショートメッセージ） | K2: SNS（X（旧Twitter）など）
B3: 記載例 | C3: （例）本社 | D3: 山口市本社1-1-1 | E3: 000-xxx-xxxx | F3: 000-xxx-xxxx | G3: ○○○@honsya.com | H3: 090-XXXX-XXXX | I3: ×××@keitai.com | J3: 090-XXXX-XXXX
B5: 1
B6: 2
B7: 3
B8: 4
B9: 5
B10: 6
B11: 7
B12: 8
B13: 9
B14: 10
B15: 11
B16: 12
... B104: 100

Sheet 名簿
B1: 【必須】所属する社員（アルバイト・パート等を含む）の情報を、説明に沿って記入してください。 ※設定のない項目は空欄で構いません。 | S1: 「安否確認班」の班長・班長代理は、徒歩での参集時間が120分以内の方を設定してください。 （120分以上の方を設定すると、文字とセルが赤くなります）
B2: No | C2: 氏名 | D2: 所属部署 | E2: 役職 | F2: 社用携帯番号 | G2: 社用携帯メール | H2: 自宅住所 | I2: 自宅TEL | J2: 個人携帯TEL | K2: 自宅メール | L2: 個人携帯メール | M2: 参集場所 | N2: 自宅⇒ 参集場所の距離 | O2: 自宅⇒参集場所 ※徒歩での移動時間 | P2: 自宅⇒参集場所 ※自転車での移動時間 | Q2: C-2-2 | R2: C-2-22 | S2: 災害発生時の 体制 | T2: 班長 | U2: 班長代理①②③を選択
B3: 説明 | C3: 社員の氏名を記入ください。 | D3: 所属部署を 記入ください。 | E3: 役職を記入ください。 | F3: 社用携帯の電話番号を記入ください。 | G3: 社用携帯のメールアドレスを記入ください。 | H3: 住所を記入ください。 | I3: 自宅の電話番号を記入ください。 | J3: 個人携帯の電話番号を記入ください。 | K3: 自宅のメールアドレスを記入ください。 | L3: 個人携帯のメールアドレスを記入ください。 | M3: 災害が発生した際に参集する場所を設定してください。 | N3: 自宅から参集場所の距離を記入して ください。（km） | O3: 自宅から参集場所に行く際の徒歩での所要時間を記入してください。（2km/h） 単位：分 | P3: 自宅から参集場所に行く際の自転車での所要時間を記入してください。（6km/h） 単位：分 | Q3: =テーブル2[[#This Row],[災害発生時の 体制]]&テーブル2[[#This Row],[班長]]&テーブル2[[#This Row],[班長代理①②③を選択]] -> 災害発生時に担当する班を設定してください。 （各班の説明は「記入シート C-2-1に記載しています。）班長は「○」を付けてください。 （班長は1人のみ設定してください。）各班で班長の代理を3人決定してください。 候補が高い順で①②③を選択ください。 | R3: =テーブル2[[#This Row],[氏名]] -> 社員の氏名を記入ください。 | S3: 災害発生時に担当する班を設定してください。 （各班の説明は「記入シート C-2-1に記載しています。） | T3: 班長は「○」を付けてください。 （班長は1人のみ設定してください。） | U3: 各班で班長の代理を3人決定してください。 候補が高い順で①②③を選択ください。
B4: 記載例 | C4: （例）建設 一夫 | D4: （例）土木部 | E4: （例）主任 | F4: 090-××××-×××× | G4: △△△△@××.com | H4: 岡山市北区●町1-1-1 | I4: 000-xxx-xxxx | J4: 090-xxxx-xxxx | K4: ×××××@××.com | L4: ×××××@××.com | M4: 本社 | N4: 0km | O4: 0 | P4: 0 | Q4: =テーブル2[[#This Row],[災害発生時の 体制]]&テーブル2[[#This Row],[班長]]&テーブル2[[#This Row],[班長代理①②③を選択]] -> （例）災害対策本部 | R4: =テーブル2[[#This Row],[氏名]] -> （例）建設 一夫 | S4: （例）災害対策本部 | W4: 役割班（グループ） (B-3-1補足) (C-2-2) | X4: 担当業務
Q5: =テーブル2[[#This Row],[災害発生時の 体制]]&テーブル2[[#This Row],[班長]]&テーブル2[[#This Row],[班長代理①②③を選択]] | R5: =テーブル2[[#This Row],[氏名]] -> 0
B6: 1 | Q6: =テーブル2[[#This Row],[災害発生時の 体制]]&テーブル2[[#This Row],[班長]]&テーブル2[[#This Row],[班長代理①②③を選択]] | R6: =テーブル2[[#This Row],[氏名]] -> 0 | W6: 災害対策本部 | X6: 全体の統括を実施。各班の情報の統制
B7: 2 | Q7: =テーブル2[[#This Row],[災害発生時の 体制]]&テーブル2[[#This Row],[班長]]&テーブル2[[#This Row],[班長代理①②③を選択]] | R7: =テーブル2[[#This Row],[氏名]] -> 0 | W7: 対外班 | X7: 取引先に対する連絡や、物資等の支援の窓口
B8: 3 | Q8: =テーブル2[[#This Row],[災害発生時の 体制]]&テーブル2[[#This Row],[班長]]&テーブル2[[#This Row],[班長代理①②③を選択]] | R8: =テーブル2[[#This Row],[氏名]] -> 0 | W8: 安否確認班 | X8: 社員の安否確認・連絡
B9: 4 | Q9: =テーブル2[[#This Row],[災害発生時の 体制]]&テーブル2[[#This Row],[班長]]&テーブル2[[#This Row],[班長代理①②③を選択]] | R9: =テーブル2[[#This Row],[氏名]] -> 0 | W9: 設備班 | X9: 自社や活動拠点の設備上の点検箇所の確認
B10: 5 | Q10: =テーブル2[[#This Row],[災害発生時の 体制]]&テーブル2[[#This Row],[班長]]&テーブル2[[#This Row],[班長代理①②③を選択]] | R10: =テーブル2[[#This Row],[氏名]] -> 0 | W10: 救護班 | X10: 社員の怪我等の処置・トリアージの実施
B11: 6 | Q11: =テーブル2[[#This Row],[災害発生時の 体制]]&テーブル2[[#This Row],[班長]]&テーブル2[[#This Row],[班長代理①②③を選択]] | R11: =テーブル2[[#This Row],[氏名]] -> 0
B12: 7 | Q12: =テーブル2[[#This Row],[災害発生時の 体制]]&テーブル2[[#This Row],[班長]]&テーブル2[[#This Row],[班長代理①②③を選択]] | R12: =テーブル2[[#This Row],[氏名]] -> 0
B13: 8 | Q13: =テーブル2[[#This Row],[災害発生時の 体制]]&テーブル2[[#This Row],[班長]]&テーブル2[[#This Row],[班長代理①②③を選択]] | R13: =テーブル2[[#This Row],[氏名]] -> 0
B14: 9 | Q14: =テーブル2[[#This Row],[災害発生時の 体制]]&テーブル2[[#This Row],[班長]]&テーブル2[[#This Row],[班長代理①②③を選択]] | R14: =テーブル2[[#This Row],[氏名]] -> 0
B15: 10 | Q15: =テーブル2[[#This Row],[災害発生時の 体制]]&テーブル2[[#This Row],[班長]]&テーブル2[[#This Row],[班長代理①②③を選択]] | R15: =テーブル2[[#This Row],[氏名]] -> 0
B16: 11 | Q16: =テーブル2[[#This Row],[災害発生時の 体制]]&テーブル2[[#This Row],[班長]]&テーブル2[[#This Row],[班長代理①②③を選択]] | R16: =テーブル2[[#This Row],[氏名]] -> 0
B17: 12 | Q17: =テーブル2[[#This Row],[災害発生時の 体制]]&テーブル2[[#This Row],[班長]]&テーブル2[[#This Row],[班長代理①②③を選択]] | R17: =テーブル2[[#This Row],[氏名]] -> 0
B18: 13 | Q18: =テーブル2[[#This Row],[災害発生時の 体制]]&テーブル2[[#This Row],[班長]]&テーブル2[[#This Row],[班長代理①②③を選択]] | R18: =テーブル2[[#This Row],[氏名]] -> 0
B19: 14 | Q19: =テーブル2[[#This Row],[災害発生時の 体制]]&テーブル2[[#This Row],[班長]]&テーブル2[[#This Row],[班長代理①②③を選択]] | R19: =テーブル2[[#This Row],[氏名]] -> 0
B20: 15 | Q20: =テーブル2[[#This Row],[災害発生時の 体制]]&テーブル2[[#This Row],[班長]]&テーブル2[[#This Row],[班長代理①②③を選択]] | R20: =テーブル2[[#This Row],[氏名]] -> 0
B21: 16 | Q21: =テーブル2[[#This Row],[災害発生時の 体制]]&テーブル2[[#This Row],[班長]]&テーブル2[[#This Row],[班長代理①②③を選択]] | R21: =テーブル2[[#This Row],[氏名]] -> 0
B22: 17 | Q22: =テーブル2[[#This Row],[災害発生時の 体制]]&テーブル2[[#This Row],[班長]]&テーブル2[[#This Row],[班長代理①②③を選択]] | R22: =テーブル2[[#This Row],[氏名]] -> 0
... B1005: 1000 | Q1005: =テーブル2[[#This Row],[災害発生時の 体制]]&テーブル2[[#This Row],[班長]]&テーブル2[[#This Row],[班長代理①②③を選択]] | R1005: =テーブル2[[#This Row],[氏名]] -> 0

Sheet 取引先
B1: 災害発生後、取引先や燃料等の調達先などを明記しておくことは重要です。取引先の情報を記載してください。 （取引先とは、「発注元」「調達先」すべての取引先を含みます。） ※設定のない項目は空欄で構いません。 | M1: 自動記入先項目 E-1-1
B2: No | C2: 取引先 | D2: 住所 | E2: 所属部署 | F2: 担当者 | G2: 担当者（代理） | H2: TEL | I2: FAX | J2: 電子メール | K2: 携帯番号 | L2: 携帯メール | M2: SNS（X（旧Twitter）など） | N2: 自社担当者 | O2: 自社代理担当者
B3: 記載例 | C3: ○○株式会社 | D3: 宇部市上条２ | E3: 設計部 | F3: 設計 一郎 | G3: 施工 次郎 | H3: 000-xxx-xxxx | I3: 000-xxx-xxxx | J3: marumaru@mail.com | K3: 090-xxxx-xxxx | L3: marukeitai@mail.com | M3: - | N3: 現場 一郎 | O3: 建築 花子
B5: 1
B6: 2
B7: 3
B8: 4
B9: 5
B10: 6
B11: 7
B12: 8
B13: 9
B14: 10
B15: 11
B16: 12
... B504: 500

Sheet 現場
B1: 【必須】現在、関連している建設・工事現場等の全ての現場情報を記載してください。 | K1: 自動記入先項目 B-3-1 E-1-2
B2: No | C2: 現場名 (B-3-1 補足) (E-1-2 重要) | D2: 現場住所（概略） | E2: 発注元 | F2: 工期１（自） （西暦/月/日） | G2: 工期２（至） （西暦/月/日） | H2: 自社担当者 | I2: 自社担当者 （代理） | J2: 相手先担当者 | K2: 相手先担当者連絡先 | L2: 相手先担当者 （代理） | M2: 相手先担当者 （代理）連絡先
B3: 記載例 | C3: ○○ビル解体工事 | D3: 宇部市上条２ | E3: ○○株式会社 | F3: 45658 | G3: 45838 | H3: 現場 一郎 | I3: 建築 次夫 | J3: 例 太郎 | K3: 090-xxxx-xxxx | L3: 例 花子 | M3: 090-xxxx-xxxx
B5: 1
B6: 2
B7: 3
B8: 4
B9: 5
B10: 6
B11: 7
B12: 8
B13: 9
B14: 10
B15: 11
B16: 12
... B1004: 1000

Sheet 訓練実施記録 
B1: 実施した訓練結果の情報を記載してください。 ※必ず毎年1度は訓練を実施してください。避難・誘導訓練、安否確認訓練、実施参集訓練の実施は必須となっています。 ※訓練名称は別途設定していただいても構いません。 ※各訓練同日開催でも構いません。 | I1: 自動記入先項目 G-1-1 H-1-1、H-1-2
B2: No | C2: 訓練名称 | D2: 実施予定時期 | E2: 実施日時 | F2: 実施場所 | G2: 参加者 | H2: 訓練目的 | I2: 想定災害 | J2: 訓練内容 | K2: 訓練結果 (計画達成状況・発見できた課題) | L2: 改善点、所感等 | M2: 次回の訓練計画 (改善点を踏まえて立案) | N2: 実施できなかった理由 （実施できなかった場合記入）
B3: 記載例 | C3: 実施参集訓練 | D3: 毎年７月 | E3: 45474 | F3: 本社 | G3: 災害対策本部の要員 | H3: 災害対応に必要な要員が確実に拠点へ参集できるかを確認する。 | I3: 令和7年7月2日10:00 豪雨が発生し、大雨特別警報が発表される。 | J3: 災害対策本部員の各自宅から本社までの道のりを確認 | K3: 道のりの確認を行うことができた。○○～□□間で道幅の狭い道が多くあり、車を使用できないことが分かった。 | L3: 定期的にルートの確認を行い、各社員が参集できるかを認識しておくべきだと感じた | M3: 災害対策本部だけではなく各班班長・副班長も参加する
C4: 避難・誘導訓練 兼消防訓練 | D4: 毎年５月 | E4: 45413 | F4: 本社・AB支社 | G4: 全社員 | H4: 担当者が、優先順位に従ってスムーズに避難誘導できるか | I4: 令和7年7月2日PM2:00 に支社にて火災が発生する。 | J4: 近くのグラウンド（支社は駐車場）に避難し点呼 | K4: 全員が５分以内に避難完了できた | L4: 避難時に出入り口付近で渋滞が起こった | M4: 避難導線を確認する。現場で参加できなかった社員も含めて実施する
C5: 安否確認訓練 | D5: 毎年１１月 | E5: 45626 | F5: 各自宅 | G5: 全社員、パート・アルバイト | H5: ・安否確認手段（安否確認を行うシステム等）の確認 ・夜間での安否の確認 | I5: 令和8年7月1日19:00 に震度5強の地震が発生。津波が襲来する。 | J5: ・メールを使用 ・自身の安否・明日の出勤可否・家族の安否を確認 | K5: 2時間以内に100％の安否を確認することができた。 | L5: ２時間近く通知に気付かなかった社員がいたため、出勤していない時間帯での安否確認の難しさを感じた | M5: LINEWORKSを導入し訓練を行う
B6: 1
B9: 2
B10: 2
B11: 2
B12: 3
B13: 3
B14: 3

Sheet 携行カード
B2: 様式Ｃ－１－３（重要） 各社員への周知
B3: この「携行カード」は、災害時に備え、社員一人一人が常に携帯しておくものです。できれば、ポケットに入るサイズで作成し常時携帯させるように指導することも有効です。
G5: 【表面】 | U5: 【裏面】
B6: 会社名：
B7: 携行カード
B8: ※このカードを拾得された方は下記までご連絡ください。 | O8: 連絡先（電話番号、携帯電話、携帯メール）
B9: 所在地： | O9: 自宅電話番号
B10: 電話： | O10: 家族①
B11: FAX： | O11: 家族②
B12: メール： | O12: 家族③
O13: 地域外に住む親戚
B15: 緊急時の行動
O17: 社長
B18: 地震
O22: 上司
B27: 風水害 | O27: 社内緊急連絡網の連絡相手
O33: 社内緊急連絡網の上記不在時の相手
B36: 火災
O39: 重要取引先①
O45: 重要取引先②
B47: 本人情報
B48: 氏名 | O48: 重要取引先③
B49: 血液型 | O49: 災害時伝言ダイヤル
B50: 持病・アレルギー
B51: かかりつけ医師
B52: 終業時の退避場所
B53: 自宅近くの退避場所

Sheet 同様の記載箇所
A1: NO. | B1: 章節 | C1: 内容 | D1: コメント
A2: 1 | B2: B-1-1、B-1-1補足資料2 | C2: 自社の地域で懸念されている災害の一覧整理 | D2: 対象施設の被害想定等、重複して書く欄がある
A3: 2 | B3: C-1-2、C-2-2 | C3: 社内の連絡体制表、指揮命令図 | D3: 住所、電話番号等を重複して書く必要がある
A4: 3 | B4: E-1-2、C-1-2 | C4: 施工中現場の連絡先リスト | D4: 電話番号等を重複して書く必要がある
A5: 4 | B5: C-2-1、D-1-1、D-1-2 | C5: 対応拠点、代替対応拠点 | D5: 住所、電話番号等を重複して書く必要がある
A6: 5 | B6: H-1-1、H-1-2 | C6: 訓練記録 | D6: 訓練日を重複して書く必要がある
A7: 6 | B7: H-2-1、H-3-1 | C7: 様式の更新履歴、事業継続計画の改定履歴 | D7: 改訂年月日、更新（改訂）内容を重複して書く必要がある
B11: B-1-1、B-1-1補足資料2 | C11: 自社の地域で懸念されている災害の一覧整理 | D11: ネットで調べることが必要
B12: B-1-3 | C12: ライフラインの被害想定 | D12: ネットで調べることが必要
B13: B-3-1補足資料 | C13: 重要業務の目標時間の検討 | D13: ネットで調べることが必要（距離）
B14: C-2-3 | C14: 避難・誘導方法 | D14: ネットで調べることが必要（避難経路）

Sheet ワークシート
B1: 入力順
C2: 「練馬区保育事業所向け事業継続計画ワークシート」 | R2: 入力欄の凡例 | AF2: 自由記入
T3: 入力必須 | AF3: 自動入力（入力しないでください）
T4: 該当する場合入力 | AF4: 入力不要
D6: 「使用上の注意」 ①このエクセルは、2025年7月に練馬区で開催した保育事業所向け講習会で配布した事業継続計画（以下BCPと呼ぶ）作成支援ツールです。再配布はお控えください。 ②本ツールは、事業継続計画を普及させるための無料の支援ツールです。そのため、本ツール利用による損害等や計画した内容に関する損害等の責任は負いかねます。 ③本支援ツールは、令和4年時点の災害の教訓等の最新の知見に基づいて作成しています。法改正等に伴い必要に応じて修正をしてください。 ④様式集には、「コントロールシート」、「表紙、目次、Ｐ.１～Ｐ.１３」の頁があります。 コントロールシートは各施設における事業継続計画の必要記載事項を記入するワークシートです。 コントロールシートに必要記載事項を記入すると、記載事項が「表紙、目次、Ｐ.１～Ｐ.１３」に反映され、各施設の事業継続計画となります。 ⑤入力にあたっては、別添「事業継続計画作成の手引き（案）」を参照しながら、 コントロールシートの「作成者入力欄」に、施設の状況を確認し、必要記載事項を入力してください。 ⑥印刷時はエクセルの「表紙、目次、Ｐ.１～Ｐ.１３」頁を対象に、施設が該当する頁に対して印刷を行ってください。 ⑦作成者のBCPへの理解向上を考慮して、目次構成とコントロールシートへの入力順が異なっている項目があります。 ⑧本ツールの著作権は、練馬区が保有しております。HPなどに無断で掲載することを禁止します。
D11: 上記使用上の注意をご理解頂いた場合は、下記プルで「使用上の注意を理解したうえで、利用します」を選択してください。
D12: 使用上の注意を理解したうえで、利用します | AL12: 使用上の注意を読んでいません。 | AO12: =+IF(D12=AL12,1) -> FALSE
AL13: 使用上の注意を理解したうえで、利用します
D14: 使用上の注意に同意した場合に以下に入力に必要なフォームが表示されます。表示されない場合は、使用上の注意を一読いただき、上記赤いセルの「使用上の注意を理解したうえで、利用します」を選択してください。選択すると文字が表示されます。
D17: BCP策定が功を奏した事例 | T17: BCPを策定していなかったことにより問題が発生した事例
D18: 約48時間に及ぶ長期停電の被害を受けたが、直前に実施した訓練が功を奏し、自家発電でパソコン等への給電を行い、安否確認など、必要最低限の災害対応を続けることができた。 | T18: 災害時の連絡用に職員の電話番号は控えていたが、家屋全壊となった職員とは電話では連絡できなかった。
D19: BCPで近隣園に保育業務の協力等を依頼することを決めていたおかげで、被災直後も一時避難所を運営しながら段階的な保育業務を再開することができた。 | T19: 被災直後は園の復旧作業に追われ、一時避難所としての運営業務も発生して混乱に陥ったため、保育業務の再開に時間がかかった。
C21: 作成者入力欄 ※各施設にて、ご確認の上、ご記入ください。
D23: ●施設が位置する市町を選んでください。
F25: 練馬区 | P25: ※プルダウンで所在自治体を選んでください。
B27: ① | C27: 表紙
D29: 企業名：
H30: 年 | K30: 月 作成
B32: ② | C32: １-１ BCPの基本方針 計画の目的 | AJ32: P.１
D33: 計画の目的の記載例を以下に示しています。内容をご確認いただき、問題がなければ、チェックボックスにチェックを入れてください。 独自に目的を定める場合は、記入欄に記入してください。
F34: 本計画は、緊急事態（地震の発生等）においても、従業員及びその家族の安全を確保しながら自施設の事業を継続することを目的として策定したものである。 | AL34: FALSE
E35: ＜独自に定める場合＞
B38: ③ | C38: １-２．BCPの基本方針 計画の基本方針 | AJ38: P.１
D39: 計画の基本方針の記載例を以下に示しています。内容をご確認いただき、問題がなければ、チェックボックスにチェックを入れてください。 独自に基本方針を定める場合は、記入欄に記入してください。
F40: 人命（職員・園児）の安全を守る。 | AL40: FALSE
F41: 保育施設の経営を維持する。 | AL41: FALSE
F42: 保護者の信用を守る。 | AL42: FALSE
F43: 保育業務を再開し、職員の雇用を守る。 | AL43: FALSE
F44: 地域のニーズに応じた社会貢献を果たす。 | AL44: FALSE
E45: ＜独自に定める場合＞
AL46: =IF(COUNTIF(AL40:AL44,TRUE)>4, TRUE,FALSE) -> FALSE
B48: ④ | C48: １-３ BCPの基本方針 計画の適用範囲 | AJ48: P.１
D50: この計画は、施設に勤務又は利用する全ての者に適用するものとします。
D51: この計画は、地震が発生した際に適用するものとするものであり、高潮や津波・土砂災害などその他災害は対象外とします。
E52: ●社内状況
E53: 昼間 利用者 | I53: 約 | L53: 名
E54: 昼間 従業員 | I54: 約 | L54: 名 | M54: ※従業員数が日によって変化する場合は、最も危険側となるように最低人数となる場合を想定してください。
E55: 夜間 利用者 | I55: 約 | L55: 名
E56: 夜間 従業員 | I56: 約 | L56: 名
E57: 休日 利用者 | I57: 約 | L57: 名 | M57: ※休日に利用者数が大きく変化する場合は記入してください。
E58: 休日 従業員 | I58: 約 | L58: 名 | M58: ※休日に従業員数が大きく変化する場合は記入してください。
E60: （ | K60: 月 | N60: 日付）
B62: ⑤ | C62: ２. BCP体制・従業員名簿 | AJ62: P.２
Y63: 災害対策本部役職 （左：本部役職、右：代理職）
D64: 施設における従業員の状況（従業員数・災害対策本部人員数）について整理してください。 | V64: 班名
D65: 他計画を作成しており、それに準じることも可能です。
D66: その場合は、従業員数および災害対策本部人員数については他計画に記載されている人数を記入するように整理してください。
F68: その他計画に準ずる | J68: 準ずる計画の名称
AL70: FALSE
E71: 名簿作成年月日
D74: 災害対策本部の役職を兼務する場合は、兼務する従業員の下の行に従業員名と所属と役職のみを記載してください。
D75: また、従業員数が50名を超える場合は、下記の従業員名簿には災害対策本部の役職に就く従業員を優先して記載してください。 | AM75: ※左の欄で設定した従業員数と下記の従業員名簿および別紙従業員名簿の人数が整合していません。
D76: 記載できない従業員は「従業員名簿 別紙」に記載するようにしてください。 | Y76: ※これらの役職は、必要に応じて書き換えてください。 | AM76: ※左の欄で設定した従業員数と下記の従業員名簿および別紙従業員名簿の人数が整合しています。
E78: 従業員数 | I78: 人 | J78: 災害対策本部人員数 （BCP体制に必要な人員） | Q78: 人 | S78: =IF($G$78<>($AL$81+'従業員名簿 別紙用'!AF9),$AM$75,IF($G$78=($AL$81+'従業員名簿 別紙用'!AF9),$AM$76,"")) -> ※左の欄で設定した従業員数と下記の従業員名簿および別紙従業員名簿の人数が整合しています。 | AM78: ※左の欄で設定した災害対策本部人員数と下記の従業員名簿の災害対策本部役職の人数が整合していません。
S79: =IF($O$78<>$AM$81,$AM$78,IF($O$78=$AM$81,$AM$79)) -> ※左の欄で設定した災害対策本部人員数と下記の従業員名簿の災害対策本部役職の人数が整合しています。 | AM79: ※左の欄で設定した災害対策本部人員数と下記の従業員名簿の災害対策本部役職の人数が整合しています。
E81: 災害対策本部 役職者 | H81: 住所 | M81: 電話番号 | P81: 緊急連絡先 | S81: 所属（役職） | V81: 勤務先まで の距離 | X81: 通常の 通勤時間 | Z81: 非常時 参集手段 | AB81: 非常時 参集時間 | AD81: 災害対策本部役職 | AG81: 代替者 | AL81: =COUNTA($E$82:$G$102,E105:G128) -> 0 | AM81: =COUNTIF($AM$82:$AM$102,"<>0") -> 0
W82: km | Y82: ｈ | AB82: =IF(Z82="","",IF(Z82="徒歩",(V82/5),IF(Z82="自転車",(V82/10)))) | AC82: ｈ | AM82: =IF($AD82<>"",IF($E82<>"",E82,0),0) -> 0 | AN82: =($AD82)&"" | AO82: =($E82)&"" | AP82: =($S82)&"" | AQ82: =($AG82)&"" | AR82: =($E82)&""
W83: km | Y83: ｈ | AB83: =IF(Z83="","",IF(Z83="徒歩",(V83/5),IF(Z83="自転車",(V83/10)))) | AC83: ｈ | AM83: =IF($AD83<>"",IF($E83<>"",E83,0),0) -> 0 | AN83: =($AD83)&"" | AO83: =($E83)&"" | AP83: =($S83)&"" | AQ83: =($AG83)&"" | AR83: =($E83)&""
W84: km | Y84: ｈ | AB84: =IF(Z84="","",IF(Z84="徒歩",(V84/5),IF(Z84="自転車",(V84/10)))) | AC84: ｈ | AM84: =IF($AD84<>"",IF($E84<>"",E84,0),0) -> 0 | AN84: =($AD84)&"" | AO84: =($E84)&"" | AP84: =($S84)&"" | AQ84: =($AG84)&"" | AR84: =($E84)&""
W85: km | Y85: ｈ | AB85: =IF(Z85="","",IF(Z85="徒歩",(V85/5),IF(Z85="自転車",(V85/10)))) | AC85: ｈ | AM85: =IF($AD85<>"",IF($E85<>"",E85,0),0) -> 0 | AN85: =($AD85)&"" | AO85: =($E85)&"" | AP85: =($S85)&"" | AQ85: =($AG85)&"" | AR85: =($E85)&""
W86: km | Y86: ｈ | AB86: =IF(Z86="","",IF(Z86="徒歩",(V86/5),IF(Z86="自転車",(V86/10)))) | AC86: ｈ | AM86: =IF($AD86<>"",IF($E86<>"",E86,0),0) -> 0 | AN86: =($AD86)&"" | AO86: =($E86)&"" | AP86: =($S86)&"" | AQ86: =($AG86)&"" | AR86: =($E86)&""
W87: km | Y87: ｈ | AB87: =IF(Z87="","",IF(Z87="徒歩",(V87/5),IF(Z87="自転車",(V87/10)))) | AC87: ｈ | AM87: =IF($AD87<>"",IF($E87<>"",E87,0),0) -> 0 | AN87: =($AD87)&"" | AO87: =($E87)&"" | AP87: =($S87)&"" | AQ87: =($AG87)&"" | AR87: =($E87)&""
W88: km | Y88: ｈ | AB88: =IF(Z88="","",IF(Z88="徒歩",(V88/5),IF(Z88="自転車",(V88/10)))) | AC88: ｈ | AM88: =IF($AD88<>"",IF($E88<>"",E88,0),0) -> 0 | AN88: =($AD88)&"" | AO88: =($E88)&"" | AP88: =($S88)&"" | AQ88: =($AG88)&"" | AR88: =($E88)&""
W89: km | Y89: ｈ | AB89: =IF(Z89="","",IF(Z89="徒歩",(V89/5),IF(Z89="自転車",(V89/10)))) | AC89: ｈ | AM89: =IF($AD89<>"",IF($E89<>"",E89,0),0) -> 0 | AN89: =($AD89)&"" | AO89: =($E89)&"" | AP89: =($S89)&"" | AQ89: =($AG89)&"" | AR89: =($E89)&""
W90: km | Y90: ｈ | AB90: =IF(Z90="","",IF(Z90="徒歩",(V90/5),IF(Z90="自転車",(V90/10)))) | AC90: ｈ | AM90: =IF($AD90<>"",IF($E90<>"",E90,0),0) -> 0 | AN90: =($AD90)&"" | AO90: =($E90)&"" | AP90: =($S90)&"" | AQ90: =($AG90)&"" | AR90: =($E90)&""
W91: km | Y91: ｈ | AB91: =IF(Z91="","",IF(Z91="徒歩",(V91/5),IF(Z91="自転車",(V91/10)))) | AC91: ｈ | AM91: =IF($AD91<>"",IF($E91<>"",E91,0),0) -> 0 | AN91: =($AD91)&"" | AO91: =($E91)&"" | AP91: =($S91)&"" | AQ91: =($AG91)&"" | AR91: =($E91)&""
W92: km | Y92: ｈ | AB92: =IF(Z92="","",IF(Z92="徒歩",(V92/5),IF(Z92="自転車",(V92/10)))) | AC92: ｈ | AM92: =IF($AD92<>"",IF($E92<>"",E92,0),0) -> 0 | AN92: =($AD92)&"" | AO92: =($E92)&"" | AP92: =($S92)&"" | AQ92: =($AG92)&"" | AR92: =($E92)&""
W93: km | Y93: ｈ | AB93: =IF(Z93="","",IF(Z93="徒歩",(V93/5),IF(Z93="自転車",(V93/10)))) | AC93: ｈ | AM93: =IF($AD93<>"",IF($E93<>"",E93,0),0) -> 0 | AN93: =($AD93)&"" | AO93: =($E93)&"" | AP93: =($S93)&"" | AQ93: =($AG93)&"" | AR93: =($E93)&""
... W102: km | Y102: ｈ | AB102: =IF(Z102="","",IF(Z102="徒歩",(V102/5),IF(Z102="自転車",(V102/10)))) | AC102: ｈ | AM102: =IF($AD102<>"",IF($E102<>"",E102,0),0) -> 0 | AN102: =($AD102)&"" | AO102: =($E102)&"" | AP102: =($S102)&"" | AQ102: =($AG102)&"" | AR102: =($E102)&""
E104: 従業員名 | H104: 住所 | M104: 電話番号 | P104: 緊急連絡先 | S104: 所属（役職） | V104: 勤務先まで の距離 | X104: 通常の 通勤時間 | Z104: 非常時 参集手段 | AB104: 非常時 参集時間 | AD104: 緊急時 所属班
W105: km | Y105: ｈ | AB105: =IF(Z105="","",IF(Z105="徒歩",(V105/5),IF(Z105="自転車",(V105/10)))) | AC105: ｈ | AM105: =IF($AD105<>"",IF($E105<>"",E105,0),0) -> 0 | AN105: =($AD105)&"" | AO105: =($E105)&"" | AP105: =($S105)&"" | AQ105: =($AG105)&"" | AR105: =($E105)&""
W106: km | Y106: ｈ | AB106: =IF(Z106="","",IF(Z106="徒歩",(V106/5),IF(Z106="自転車",(V106/10)))) | AC106: ｈ | AM106: =IF($AD106<>"",IF($E106<>"",E106,0),0) -> 0 | AN106: =($AD106)&"" | AO106: =($E106)&"" | AP106: =($S106)&"" | AQ106: =($AG106)&"" | AR106: =($E106)&""
W107: km | Y107: ｈ | AB107: =IF(Z107="","",IF(Z107="徒歩",(V107/5),IF(Z107="自転車",(V107/10)))) | AC107: ｈ | AM107: =IF($AD107<>"",IF($E107<>"",E107,0),0) -> 0 | AN107: =($AD107)&"" | AO107: =($E107)&"" | AP107: =($S107)&"" | AQ107: =($AG107)&"" | AR107: =($E107)&""
W108: km | Y108: ｈ | AB108: =IF(Z108="","",IF(Z108="徒歩",(V108/5),IF(Z108="自転車",(V108/10)))) | AC108: ｈ | AM108: =IF($AD108<>"",IF($E108<>"",E108,0),0) -> 0 | AN108: =($AD108)&"" | AO108: =($E108)&"" | AP108: =($S108)&"" | AQ108: =($AG108)&"" | AR108: =($E108)&""
W109: km | Y109: ｈ | AB109: =IF(Z109="","",IF(Z109="徒歩",(V109/5),IF(Z109="自転車",(V109/10)))) | AC109: ｈ | AM109: =IF($AD109<>"",IF($E109<>"",E109,0),0) -> 0 | AN109: =($AD109)&"" | AO109: =($E109)&"" | AP109: =($S109)&"" | AQ109: =($AG109)&"" | AR109: =($E109)&""
W110: km | Y110: ｈ | AB110: =IF(Z110="","",IF(Z110="徒歩",(V110/5),IF(Z110="自転車",(V110/10)))) | AC110: ｈ | AM110: =IF($AD110<>"",IF($E110<>"",E110,0),0) -> 0 | AN110: =($AD110)&"" | AO110: =($E110)&"" | AP110: =($S110)&"" | AQ110: =($AG110)&"" | AR110: =($E110)&""
W111: km | Y111: ｈ | AB111: =IF(Z111="","",IF(Z111="徒歩",(V111/5),IF(Z111="自転車",(V111/10)))) | AC111: ｈ | AM111: =IF($AD111<>"",IF($E111<>"",E111,0),0) -> 0 | AN111: =($AD111)&"" | AO111: =($E111)&"" | AP111: =($S111)&"" | AQ111: =($AG111)&"" | AR111: =($E111)&""
W112: km | Y112: ｈ | AB112: =IF(Z112="","",IF(Z112="徒歩",(V112/5),IF(Z112="自転車",(V112/10)))) | AC112: ｈ | AM112: =IF($AD112<>"",IF($E112<>"",E112,0),0) -> 0 | AN112: =($AD112)&"" | AO112: =($E112)&"" | AP112: =($S112)&"" | AQ112: =($AG112)&"" | AR112: =($E112)&""
W113: km | Y113: ｈ | AB113: =IF(Z113="","",IF(Z113="徒歩",(V113/5),IF(Z113="自転車",(V113/10)))) | AC113: ｈ | AM113: =IF($AD113<>"",IF($E113<>"",E113,0),0) -> 0 | AN113: =($AD113)&"" | AO113: =($E113)&"" | AP113: =($S113)&"" | AQ113: =($AG113)&"" | AR113: =($E113)&""
W114: km | Y114: ｈ | AB114: =IF(Z114="","",IF(Z114="徒歩",(V114/5),IF(Z114="自転車",(V114/10)))) | AC114: ｈ | AM114: =IF($AD114<>"",IF($E114<>"",E114,0),0) -> 0 | AN114: =($AD114)&"" | AO114: =($E114)&"" | AP114: =($S114)&"" | AQ114: =($AG114)&"" | AR114: =($E114)&""
W115: km | Y115: ｈ | AB115: =IF(Z115="","",IF(Z115="徒歩",(V115/5),IF(Z115="自転車",(V115/10)))) | AC115: ｈ | AM115: =IF($AD115<>"",IF($E115<>"",E115,0),0) -> 0 | AN115: =($AD115)&"" | AO115: =($E115)&"" | AP115: =($S115)&"" | AQ115: =($AG115)&"" | AR115: =($E115)&""
W116: km | Y116: ｈ | AB116: =IF(Z116="","",IF(Z116="徒歩",(V116/5),IF(Z116="自転車",(V116/10)))) | AC116: ｈ | AM116: =IF($AD116<>"",IF($E116<>"",E116,0),0) -> 0 | AN116: =($AD116)&"" | AO116: =($E116)&"" | AP116: =($S116)&"" | AQ116: =($AG116)&"" | AR116: =($E116)&""
... W128: km | Y128: ｈ | AB128: =IF(Z128="","",IF(Z128="徒歩",(V128/5),IF(Z128="自転車",(V128/10)))) | AC128: ｈ | AM128: =IF($AD128<>"",IF($E128<>"",E128,0),0) -> 0 | AN128: =($AD128)&"" | AO128: =($E128)&"" | AP128: =($S128)&"" | AQ128: =($AG128)&"" | AR128: =($E128)&""
B130: ⑧ | C130: ３. 被害想定 避難計画 | AJ130: P.４
D132: ●施設から避難場所までの経路を示す避難経路図を作成し、Ｐ.４に添付してください。
D133: ハザードマップで施設の位置を確認してください。画像はプリントスクリーンでも大丈夫です。 ハザードマップの上に施設の位置、避難経路、避難所を記載してください。
D134: 背景図として「練馬区防災地図」を使用することを推奨します。（ORコード①）
D135: ●避難路や避難時間について
D136: 避難場所（社屋からの移動距離） | K136: ※直線距離とは異なります。
E137: 名称 | M137: （ | Q137: ｍ）
E139: 移動手段 | I139: 徒歩 | M139: ※該当する手段にチェックを入れてください。 | AL139: FALSE
I140: 車両 | J140: （ | L140: ）台
E142: 避難準備時間 | H142: （ | J142: ）分 | M142: ※避難準備時間とは園児を保育室等から施設外等に移動させ、すぐに避難できる状態になるまでにかかる時間です。 避難準備時間と避難時間を正確に把握するために訓練等で検証することを推奨します。
E143: 避難時間 | H143: （ | J143: ）分 | M143: ※施設から避難先までの避難に要する時間を記入してください。
B145: ⑨ | C145: ４. BCP体制の設定 | AJ145: P.4
D146: BCP体制を発動する基準となる警戒レベルを設定してください。
E148: 練馬区 | G148: で、 | M148: 以上の地震が発生した場合、本計画に従ってBCP体制を発動する。
D149: 以下に示すのは、貴施設がBCP体制を発動した場合の災害対策本部人員および災害対策本部の組織表です。
D150: ※2の従業員名簿で設定した人員が自動反映されています。必要に応じて改変してください。
E153: 災害対策本部 | M153: 代理役 | R153: 組織図
...

Sheet 従業員名簿　別紙用
B1: ⑤ | C1: ２. 従業員名簿 別紙 | AC1: 別紙
D3: コントロールシートの従業員名簿に記載しきれない従業員を記載してください。
D4: 従業員数に応じて必要があれば、この「コントロールシートの従業員名簿 別紙」および「本編の別紙 従業員名簿」を複製して使用してください。
E6: 従業員数 | I6: 人 | K6: =IF($G$6<>(コントロールシート旧!AL89+$AF$9),"※左の欄で設定した従業員数と従業員名簿および別紙従業員名簿の人数が整合していません。",IF($G$6=(コントロールシート旧!AL89+$AF$9),"※左の欄で設定した従業員数と従業員名簿および別紙従業員名簿の人数が整合しています。","")) -> ※左の欄で設定した従業員数と従業員名簿および別紙従業員名簿の人数が整合していません。
E9: 従業員名 | H9: 住所 | M9: 電話番号 | P9: 緊急連絡先 | S9: 所属（役職） | V9: 勤務先まで の距離 | X9: 通常の 通勤時間 | Z9: 非常時 参集手段 | AB9: 非常時 参集時間 | AD9: 緊急時 所属班 | AF9: =COUNTA($H$10:$L$59) -> 0 | AG9: =COUNTA($AE$10:$AE$59) -> 0
W10: km | Y10: ｈ | AB10: =IF(Z10="","",IF(Z10="徒歩",(V10/5),IF(Z10="自転車",(V10/10)))) | AC10: ｈ | AH10: =($AE10)&"" | AI10: =($E10)&"" | AK10: =(#REF!)&"" -> #REF! | AL10: =($E10)&""
D11: 1 | W11: km | Y11: ｈ | AB11: =IF(Z11="","",IF(Z11="徒歩",(V11/5),IF(Z11="自転車",(V11/10)))) | AC11: ｈ | AH11: =($AE11)&"" | AI11: =($E11)&"" | AK11: =(#REF!)&"" -> #REF! | AL11: =($E11)&""
D12: 2 | W12: km | Y12: ｈ | AB12: =IF(Z12="","",IF(Z12="徒歩",(V12/5),IF(Z12="自転車",(V12/10)))) | AC12: ｈ | AH12: =($AE12)&"" | AI12: =($E12)&"" | AK12: =(#REF!)&"" -> #REF! | AL12: =($E12)&""
D13: 3 | W13: km | Y13: ｈ | AB13: =IF(Z13="","",IF(Z13="徒歩",(V13/5),IF(Z13="自転車",(V13/10)))) | AC13: ｈ | AH13: =($AE13)&"" | AI13: =($E13)&"" | AK13: =(#REF!)&"" -> #REF! | AL13: =($E13)&""
D14: 4 | W14: km | Y14: ｈ | AB14: =IF(Z14="","",IF(Z14="徒歩",(V14/5),IF(Z14="自転車",(V14/10)))) | AC14: ｈ | AH14: =($AE14)&"" | AI14: =($E14)&"" | AK14: =(#REF!)&"" -> #REF! | AL14: =($E14)&""
D15: 5 | W15: km | Y15: ｈ | AB15: =IF(Z15="","",IF(Z15="徒歩",(V15/5),IF(Z15="自転車",(V15/10)))) | AC15: ｈ | AH15: =($AE15)&"" | AI15: =($E15)&"" | AK15: =(#REF!)&"" -> #REF! | AL15: =($E15)&""
D16: 6 | W16: km | Y16: ｈ | AB16: =IF(Z16="","",IF(Z16="徒歩",(V16/5),IF(Z16="自転車",(V16/10)))) | AC16: ｈ | AH16: =($AE16)&"" | AI16: =($E16)&"" | AK16: =(#REF!)&"" -> #REF! | AL16: =($E16)&""
D17: 7 | W17: km | Y17: ｈ | AB17: =IF(Z17="","",IF(Z17="徒歩",(V17/5),IF(Z17="自転車",(V17/10)))) | AC17: ｈ | AH17: =($AE17)&"" | AI17: =($E17)&"" | AK17: =(#REF!)&"" -> #REF! | AL17: =($E17)&""
D18: 8 | W18: km | Y18: ｈ | AB18: =IF(Z18="","",IF(Z18="徒歩",(V18/5),IF(Z18="自転車",(V18/10)))) | AC18: ｈ | AH18: =($AE18)&"" | AI18: =($E18)&"" | AK18: =(#REF!)&"" -> #REF! | AL18: =($E18)&""
D19: 9 | W19: km | Y19: ｈ | AB19: =IF(Z19="","",IF(Z19="徒歩",(V19/5),IF(Z19="自転車",(V19/10)))) | AC19: ｈ | AH19: =($AE19)&"" | AI19: =($E19)&"" | AK19: =(#REF!)&"" -> #REF! | AL19: =($E19)&""
D20: 10 | W20: km | Y20: ｈ | AB20: =IF(Z20="","",IF(Z20="徒歩",(V20/5),IF(Z20="自転車",(V20/10)))) | AC20: ｈ | AH20: =($AE20)&"" | AI20: =($E20)&"" | AK20: =(#REF!)&"" -> #REF! | AL20: =($E20)&""
D21: 11 | W21: km | Y21: ｈ | AB21: =IF(Z21="","",IF(Z21="徒歩",(V21/5),IF(Z21="自転車",(V21/10)))) | AC21: ｈ | AH21: =($AE21)&"" | AI21: =($E21)&"" | AK21: =(#REF!)&"" -> #REF! | AL21: =($E21)&""
D22: 12 | W22: km | Y22: ｈ | AB22: =IF(Z22="","",IF(Z22="徒歩",(V22/5),IF(Z22="自転車",(V22/10)))) | AC22: ｈ | AH22: =($AE22)&"" | AI22: =($E22)&"" | AK22: =(#REF!)&"" -> #REF! | AL22: =($E22)&""
... D34: 24 | W34: km | Y34: ｈ | AB34: =IF(Z34="","",IF(Z34="徒歩",(V34/5),IF(Z34="自転車",(V34/10)))) | AC34: ｈ | AH34: =($AE34)&"" | AI34: =($E34)&"" | AK34: =(#REF!)&"" -> #REF! | AL34: =($E34)&""
W35: km | Y35: ｈ | AB35: =IF(Z35="","",IF(Z35="徒歩",(V35/5),IF(Z35="自転車",(V35/10)))) | AC35: ｈ | AH35: =($AE35)&"" | AI35: =($E35)&"" | AK35: =(#REF!)&"" -> #REF! | AL35: =($E35)&""
W36: km | Y36: ｈ | AB36: =IF(Z36="","",IF(Z36="徒歩",(V36/5),IF(Z36="自転車",(V36/10)))) | AC36: ｈ | AH36: =($AE36)&"" | AI36: =($E36)&"" | AK36: =(#REF!)&"" -> #REF! | AL36: =($E36)&""
W37: km | Y37: ｈ | AB37: =IF(Z37="","",IF(Z37="徒歩",(V37/5),IF(Z37="自転車",(V37/10)))) | AC37: ｈ | AH37: =($AE37)&"" | AI37: =($E37)&"" | AK37: =(#REF!)&"" -> #REF! | AL37: =($E37)&""
W38: km | Y38: ｈ | AB38: =IF(Z38="","",IF(Z38="徒歩",(V38/5),IF(Z38="自転車",(V38/10)))) | AC38: ｈ | AH38: =($AE38)&"" | AI38: =($E38)&"" | AK38: =(#REF!)&"" -> #REF! | AL38: =($E38)&""
W39: km | Y39: ｈ | AB39: =IF(Z39="","",IF(Z39="徒歩",(V39/5),IF(Z39="自転車",(V39/10)))) | AC39: ｈ | AH39: =($AE39)&"" | AI39: =($E39)&"" | AK39: =(#REF!)&"" -> #REF! | AL39: =($E39)&""
W40: km | Y40: ｈ | AB40: =IF(Z40="","",IF(Z40="徒歩",(V40/5),IF(Z40="自転車",(V40/10)))) | AC40: ｈ | AH40: =($AE40)&"" | AI40: =($E40)&"" | AK40: =(#REF!)&"" -> #REF! | AL40: =($E40)&""
W41: km | Y41: ｈ | AB41: =IF(Z41="","",IF(Z41="徒歩",(V41/5),IF(Z41="自転車",(V41/10)))) | AC41: ｈ | AH41: =($AE41)&"" | AI41: =($E41)&"" | AK41: =(#REF!)&"" -> #REF! | AL41: =($E41)&""
W42: km | Y42: ｈ | AB42: =IF(Z42="","",IF(Z42="徒歩",(V42/5),IF(Z42="自転車",(V42/10)))) | AC42: ｈ | AH42: =($AE42)&"" | AI42: =($E42)&"" | AK42: =(#REF!)&"" -> #REF! | AL42: =($E42)&""
W43: km | Y43: ｈ | AB43: =IF(Z43="","",IF(Z43="徒歩",(V43/5),IF(Z43="自転車",(V43/10)))) | AC43: ｈ | AH43: =($AE43)&"" | AI43: =($E43)&"" | AK43: =(#REF!)&"" -> #REF! | AL43: =($E43)&""
W44: km | Y44: ｈ | AB44: =IF(Z44="","",IF(Z44="徒歩",(V44/5),IF(Z44="自転車",(V44/10)))) | AC44: ｈ | AH44: =($AE44)&"" | AI44: =($E44)&"" | AK44: =(#REF!)&"" -> #REF! | AL44: =($E44)&""
W45: km | Y45: ｈ | AB45: =IF(Z45="","",IF(Z45="徒歩",(V45/5),IF(Z45="自転車",(V45/10)))) | AC45: ｈ | AH45: =($AE45)&"" | AI45: =($E45)&"" | AK45: =(#REF!)&"" -> #REF! | AL45: =($E45)&""
W46: km | Y46: ｈ | AB46: =IF(Z46="","",IF(Z46="徒歩",(V46/5),IF(Z46="自転車",(V46/10)))) | AC46: ｈ | AH46: =($AE46)&"" | AI46: =($E46)&"" | AK46: =(#REF!)&"" -> #REF! | AL46: =($E46)&""
... W59: km | Y59: ｈ | AB59: =IF(Z59="","",IF(Z59="徒歩",(V59/5),IF(Z59="自転車",(V59/10)))) | AC59: ｈ | AH59: =($AE59)&"" | AI59: =($E59)&"" | AK59: =(#REF!)&"" -> #REF! | AL59: =($E59)&""

Sheet リスト(印刷対象外)
A1: 最初 | D1: 2. 従業員名簿 | G1: 3. 浸水想定 | J1: 4. 避難計画 | M1: 5. BCPの発動基準
A2: 所属市町村 | B2: 練馬区 | D2: 名簿 | E2: ○ | G2: 浸水 | H2: 有 | J2: 警戒レベル | K2: 警戒レベル3 | M2: 震度 | N2: 震度5弱
E3: － | H3: 無 | J3: 避難 | K3: 警戒レベル4 | M3: BCP | N3: 震度5強
N4: 震度6弱
D5: 参集手段 | E5: 徒歩 | G5: 階数 | H5: 1階 | J5: リードタイム | K5: 0.5
E6: 自転車 | H6: 2階 | K6: 1.5
H7: 3階
H8: 4階
D9: 役職 | E9: 本部長 | H9: 5階以上
E10: 副本部長
E11: 情報収集班班長 | G11: 外水浸水 | H11: ～0.3ｍ
E12: 総務班班長 | H12: 0.3ｍ～0.5ｍ
E13: 広報班班長 | H13: 0.5ｍ～1.0ｍ
E14: 安否確認班班長 | H14: 1.0ｍ～2.0ｍ
E15: システム班班長 | H15: 2.0ｍ～3.0ｍ
E16: 顧客対応班班長 | H16: 3.0ｍ～5.0ｍ
E17: 復旧対応班班長 | H17: 5.0ｍ～7.0ｍ
H18: 7.0ｍ～10.0ｍ
D19: 代替者 | E19: 本部長代理 | H19: 10.0ｍ以上
E20: 副本部長代理
E21: 情報収集班副班長 | G21: 内水浸水 | H21: ～0.5ｍ
E22: 総務班副班長 | H22: 0.5ｍ～1.0ｍ
E23: 広報班副班長 | H23: 1.0ｍ～2.0ｍ
E24: 安否確認班副班長
E25: システム班副班長 | G25: 浸水継続時間 | H25: ～12時間
E26: 顧客対応班副班長 | H26: ～24時間（1日間）
E27: 復旧対応班副班長 | H27: ～72時間（3日間）
H28: ～168時間（1週間）
H29: ～336時間（2週間）
H30: ～672時間（3週間）
G32: 河川 | H32: 天竜川
H33: 馬込川
H34: 芳川
A35: 屋内避難基準 | B35: 1階 | C35: 2階 | D35: 3階 | E35: 4階 | F35: 5階以上 | H35: 都田川
A36: ='リスト(印刷対象外)'!H14 -> 1.0ｍ～2.0ｍ | B36: 不可能 | C36: 不可能 | D36: 不可能 | E36: 不可能 | F36: 不可能 | H36: 安間川
A37: ='リスト(印刷対象外)'!H13 -> 0.5ｍ～1.0ｍ | B37: 不可能 | C37: 不可能 | D37: 可能 | E37: 可能 | F37: 可能 | H37: 阿多古川
A38: ='リスト(印刷対象外)'!H12 -> 0.3ｍ～0.5ｍ | B38: 不可能 | C38: 可能 | D38: 可能 | E38: 可能 | F38: 可能 | H38: 井伊谷川
A39: ='リスト(印刷対象外)'!H11 -> ～0.3ｍ | B39: 可能 | C39: 可能 | D39: 可能 | E39: 可能 | F39: 可能 | H39: 釣橋川
H40: 二俣川
H41: 気田川
H42: 水窪川

Sheet 資源リスト(印刷対象外)
A1: 7-1 | D1: 物 | G1: 情報
A2: 重要業務継続に必要な資源 | B2: 資源_インフラ | C2: 資源_人 | D2: 資源_施設・拠点 | E2: 資源_設備 | F2: 資源_備品・備蓄品・原材料（給食用） | G2: 資源_電子機器 | H2: 資源_データ
B3: 電気 | C3: 保育士 | D3: 保育室 | E3: 調理場 | F3: 備品 | G3: 事務処理用PC | H3: 園児の個人情報
B4: 水道 | C4: 調理員 | D4: 事務室 | E4: トイレ | F4: 備蓄品 | G4: 通信機器 | H4: その他
B5: ガス | C5: その他 | D5: ホール | E5: 送迎バス | F5: 原材料（給食） | G5: 放送機器
B6: 情報通信 | D6: 園庭 | E6: その他 | F6: その他 | G6: その他
B7: 道路 | D7: その他
B8: 鉄道・バスなど
B9: その他
A20: 7-2 | D20: 物 | G20: 情報
A21: 具体的な被害 | B21: 被害_インフラ | C21: 被害_人 | D21: 被害_施設・拠点 | E21: 被害_設備 | F21: 被害_商品・備品・原材料 | G21: 被害_電子機器 | H21: 被害_データ
B22: =IF(ROW(コントロールシート旧!A1)>MAX(コントロールシート旧!AM$201:'コントロールシート旧'!AM$206),"",INDEX(コントロールシート旧!$H201:'コントロールシート旧'!$L206,MATCH(ROW(コントロールシート旧!A1),コントロールシート旧!$AM201:'コントロールシート旧'!$AM206,0),COLUMN(コントロールシート旧!A1))) -> 電気 | C22: =IF(ROW(コントロールシート旧!A1)>MAX(コントロールシート旧!AM$210:'コントロールシート旧'!AM$212),"",INDEX(コントロールシート旧!$H210:'コントロールシート旧'!$L212,MATCH(ROW(コントロールシート旧!A1),コントロールシート旧!$AM210:'コントロールシート旧'!$AM212,0),COLUMN(コントロールシート旧!A1))) -> 保育士 | D22: =IF(ROW(コントロールシート旧!A1)>MAX(コントロールシート旧!AM$214:'コントロールシート旧'!AM$216),"",INDEX(コントロールシート旧!$H214:'コントロールシート旧'!$L216,MATCH(ROW(コントロールシート旧!A1),コントロールシート旧!$AM214:'コントロールシート旧'!$AM216,0),COLUMN(コントロールシート旧!A1))) -> 事務室 | E22: =IF(ROW(コントロールシート旧!A1)>MAX(コントロールシート旧!AM$217:'コントロールシート旧'!AM$220),"",INDEX(コントロールシート旧!$H217:'コントロールシート旧'!$L220,MATCH(ROW(コントロールシート旧!A1),コントロールシート旧!$AM217:'コントロールシート旧'!$AM220,0),COLUMN(コントロールシート旧!A1))) -> 調理場 | F22: =IF(ROW(コントロールシート旧!A1)>MAX(コントロールシート旧!AM$221:'コントロールシート旧'!AM$224),"",INDEX(コントロールシート旧!$H221:'コントロールシート旧'!$L224,MATCH(ROW(コントロールシート旧!A1),コントロールシート旧!$AM221:'コントロールシート旧'!$AM224,0),COLUMN(コントロールシート旧!A1))) -> 備品 | G22: =IF(ROW(コントロールシート旧!A1)>MAX(コントロールシート旧!AM$226:'コントロールシート旧'!AM$227),"",INDEX(コントロールシート旧!$H226:'コントロールシート旧'!$L227,MATCH(ROW(コントロールシート旧!A1),コントロールシート旧!$AM226:'コントロールシート旧'!$AM227,0),COLUMN(コントロールシート旧!A1))) -> 事務処理用PC | H22: =IF(ROW(コントロールシート旧!A1)>MAX(コントロールシート旧!AM$228:'コントロールシート旧'!AM$229),"",INDEX(コントロールシート旧!$H228:'コントロールシート旧'!$L229,MATCH(ROW(コントロールシート旧!A1),コントロールシート旧!$AM228:'コントロールシート旧'!$AM229,0),COLUMN(コントロールシート旧!A1))) -> 顧客情報
B23: =IF(ROW(コントロールシート旧!A2)>MAX(コントロールシート旧!AM$201:'コントロールシート旧'!AM$206),"",INDEX(コントロールシート旧!$H202:'コントロールシート旧'!$L207,MATCH(ROW(コントロールシート旧!A2),コントロールシート旧!$AM202:'コントロールシート旧'!$AM207,0),COLUMN(コントロールシート旧!A2))) -> 水道 | C23: =IF(ROW(コントロールシート旧!A2)>MAX(コントロールシート旧!AM$210:'コントロールシート旧'!AM$212),"",INDEX(コントロールシート旧!$H211:'コントロールシート旧'!$L213,MATCH(ROW(コントロールシート旧!A2),コントロールシート旧!$AM211:'コントロールシート旧'!$AM213,0),COLUMN(コントロールシート旧!A2))) -> 調理員 | D23: =IF(ROW(コントロールシート旧!A2)>MAX(コントロールシート旧!AM$214:'コントロールシート旧'!AM$216),"",INDEX(コントロールシート旧!$H215:'コントロールシート旧'!$L217,MATCH(ROW(コントロールシート旧!A2),コントロールシート旧!$AM215:'コントロールシート旧'!$AM217,0),COLUMN(コントロールシート旧!A2))) | E23: =IF(ROW(コントロールシート旧!A2)>MAX(コントロールシート旧!AM$217:'コントロールシート旧'!AM$220),"",INDEX(コントロールシート旧!$H218:'コントロールシート旧'!$L221,MATCH(ROW(コントロールシート旧!A2),コントロールシート旧!$AM218:'コントロールシート旧'!$AM221,0),COLUMN(コントロールシート旧!A2))) | F23: =IF(ROW(コントロールシート旧!A2)>MAX(コントロールシート旧!AM$221:'コントロールシート旧'!AM$224),"",INDEX(コントロールシート旧!$H222:'コントロールシート旧'!$L225,MATCH(ROW(コントロールシート旧!A2),コントロールシート旧!$AM222:'コントロールシート旧'!$AM225,0),COLUMN(コントロールシート旧!A2))) -> 原材料（給食） | G23: =IF(ROW(コントロールシート旧!A2)>MAX(コントロールシート旧!AM$226:'コントロールシート旧'!AM$227),"",INDEX(コントロールシート旧!$H227:'コントロールシート旧'!$L228,MATCH(ROW(コントロールシート旧!A2),コントロールシート旧!$AM227:'コントロールシート旧'!$AM228,0),COLUMN(コントロールシート旧!A2))) -> その他 | H23: =IF(ROW(コントロールシート旧!A2)>MAX(コントロールシート旧!AM$228:'コントロールシート旧'!AM$229),"",INDEX(コントロールシート旧!$H229:'コントロールシート旧'!$L230,MATCH(ROW(コントロールシート旧!A2),コントロールシート旧!$AM229:'コントロールシート旧'!$AM230,0),COLUMN(コントロールシート旧!A2)))
B24: =IF(ROW(コントロールシート旧!A3)>MAX(コントロールシート旧!AM$201:'コントロールシート旧'!AM$206),"",INDEX(コントロールシート旧!$H203:'コントロールシート旧'!$L208,MATCH(ROW(コントロールシート旧!A3),コントロールシート旧!$AM203:'コントロールシート旧'!$AM208,0),COLUMN(コントロールシート旧!A3))) -> 道路 | C24: =IF(ROW(コントロールシート旧!A3)>MAX(コントロールシート旧!AM$210:'コントロールシート旧'!AM$212),"",INDEX(コントロールシート旧!$H212:'コントロールシート旧'!$L214,MATCH(ROW(コントロールシート旧!A3),コントロールシート旧!$AM212:'コントロールシート旧'!$AM214,0),COLUMN(コントロールシート旧!A3))) | D24: =IF(ROW(コントロールシート旧!A3)>MAX(コントロールシート旧!AM$214:'コントロールシート旧'!AM$216),"",INDEX(コントロールシート旧!$H216:'コントロールシート旧'!$L218,MATCH(ROW(コントロールシート旧!A3),コントロールシート旧!$AM216:'コントロールシート旧'!$AM218,0),COLUMN(コントロールシート旧!A3))) | E24: =IF(ROW(コントロールシート旧!A3)>MAX(コントロールシート旧!AM$217:'コントロールシート旧'!AM$220),"",INDEX(コントロールシート旧!$H219:'コントロールシート旧'!$L222,MATCH(ROW(コントロールシート旧!A3),コントロールシート旧!$AM219:'コントロールシート旧'!$AM222,0),COLUMN(コントロールシート旧!A3))) | F24: =IF(ROW(コントロールシート旧!A3)>MAX(コントロールシート旧!AM$221:'コントロールシート旧'!AM$224),"",INDEX(コントロールシート旧!$H223:'コントロールシート旧'!$L226,MATCH(ROW(コントロールシート旧!A3),コントロールシート旧!$AM223:'コントロールシート旧'!$AM226,0),COLUMN(コントロールシート旧!A3))) | G24: =IF(ROW(コントロールシート旧!A3)>MAX(コントロールシート旧!AM$226:'コントロールシート旧'!AM$227),"",INDEX(コントロールシート旧!$H228:'コントロールシート旧'!$L229,MATCH(ROW(コントロールシート旧!A3),コントロールシート旧!$AM228:'コントロールシート旧'!$AM229,0),COLUMN(コントロールシート旧!A3))) | H24: =IF(ROW(コントロールシート旧!A3)>MAX(コントロールシート旧!AM$228:'コントロールシート旧'!AM$229),"",INDEX(コントロールシート旧!$H230:'コントロールシート旧'!$L231,MATCH(ROW(コントロールシート旧!A3),コントロールシート旧!$AM230:'コントロールシート旧'!$AM231,0),COLUMN(コントロールシート旧!A3)))
B25: =IF(ROW(コントロールシート旧!A4)>MAX(コントロールシート旧!AM$201:'コントロールシート旧'!AM$206),"",INDEX(コントロールシート旧!$H204:'コントロールシート旧'!$L209,MATCH(ROW(コントロールシート旧!A4),コントロールシート旧!$AM204:'コントロールシート旧'!$AM209,0),COLUMN(コントロールシート旧!A4))) | C25: =IF(ROW(コントロールシート旧!A4)>MAX(コントロールシート旧!AM$210:'コントロールシート旧'!AM$212),"",INDEX(コントロールシート旧!$H213:'コントロールシート旧'!$L215,MATCH(ROW(コントロールシート旧!A4),コントロールシート旧!$AM213:'コントロールシート旧'!$AM215,0),COLUMN(コントロールシート旧!A4))) | D25: =IF(ROW(コントロールシート旧!A4)>MAX(コントロールシート旧!AM$214:'コントロールシート旧'!AM$216),"",INDEX(コントロールシート旧!$H217:'コントロールシート旧'!$L219,MATCH(ROW(コントロールシート旧!A4),コントロールシート旧!$AM217:'コントロールシート旧'!$AM219,0),COLUMN(コントロールシート旧!A4))) | E25: =IF(ROW(コントロールシート旧!A4)>MAX(コントロールシート旧!AM$217:'コントロールシート旧'!AM$220),"",INDEX(コントロールシート旧!$H220:'コントロールシート旧'!$L223,MATCH(ROW(コントロールシート旧!A4),コントロールシート旧!$AM220:'コントロールシート旧'!$AM223,0),COLUMN(コントロールシート旧!A4))) | F25: =IF(ROW(コントロールシート旧!A4)>MAX(コントロールシート旧!AM$221:'コントロールシート旧'!AM$224),"",INDEX(コントロールシート旧!$H224:'コントロールシート旧'!$L227,MATCH(ROW(コントロールシート旧!A4),コントロールシート旧!$AM224:'コントロールシート旧'!$AM227,0),COLUMN(コントロールシート旧!A4))) | G25: =IF(ROW(コントロールシート旧!A4)>MAX(コントロールシート旧!AM$226:'コントロールシート旧'!AM$227),"",INDEX(コントロールシート旧!$H229:'コントロールシート旧'!$L230,MATCH(ROW(コントロールシート旧!A4),コントロールシート旧!$AM229:'コントロールシート旧'!$AM230,0),COLUMN(コントロールシート旧!A4))) | H25: =IF(ROW(コントロールシート旧!A4)>MAX(コントロールシート旧!AM$228:'コントロールシート旧'!AM$229),"",INDEX(コントロールシート旧!$H231:'コントロールシート旧'!$L232,MATCH(ROW(コントロールシート旧!A4),コントロールシート旧!$AM231:'コントロールシート旧'!$AM232,0),COLUMN(コントロールシート旧!A4)))
B26: =IF(ROW(コントロールシート旧!A5)>MAX(コントロールシート旧!AM$201:'コントロールシート旧'!AM$206),"",INDEX(コントロールシート旧!$H205:'コントロールシート旧'!$L210,MATCH(ROW(コントロールシート旧!A5),コントロールシート旧!$AM205:'コントロールシート旧'!$AM210,0),COLUMN(コントロールシート旧!A5))) | C26: =IF(ROW(コントロールシート旧!A5)>MAX(コントロールシート旧!AM$210:'コントロールシート旧'!AM$212),"",INDEX(コントロールシート旧!$H214:'コントロールシート旧'!$L216,MATCH(ROW(コントロールシート旧!A5),コントロールシート旧!$AM214:'コントロールシート旧'!$AM216,0),COLUMN(コントロールシート旧!A5))) | D26: =IF(ROW(コントロールシート旧!A5)>MAX(コントロールシート旧!AM$214:'コントロールシート旧'!AM$216),"",INDEX(コントロールシート旧!$H218:'コントロールシート旧'!$L220,MATCH(ROW(コントロールシート旧!A5),コントロールシート旧!$AM218:'コントロールシート旧'!$AM220,0),COLUMN(コントロールシート旧!A5))) | E26: =IF(ROW(コントロールシート旧!A5)>MAX(コントロールシート旧!AM$217:'コントロールシート旧'!AM$220),"",INDEX(コントロールシート旧!$H221:'コントロールシート旧'!$L224,MATCH(ROW(コントロールシート旧!A5),コントロールシート旧!$AM221:'コントロールシート旧'!$AM224,0),COLUMN(コントロールシート旧!A5))) | F26: =IF(ROW(コントロールシート旧!A5)>MAX(コントロールシート旧!AM$221:'コントロールシート旧'!AM$224),"",INDEX(コントロールシート旧!$H225:'コントロールシート旧'!$L228,MATCH(ROW(コントロールシート旧!A5),コントロールシート旧!$AM225:'コントロールシート旧'!$AM228,0),COLUMN(コントロールシート旧!A5))) | G26: =IF(ROW(コントロールシート旧!A5)>MAX(コントロールシート旧!AM$226:'コントロールシート旧'!AM$227),"",INDEX(コントロールシート旧!$H230:'コントロールシート旧'!$L231,MATCH(ROW(コントロールシート旧!A5),コントロールシート旧!$AM230:'コントロールシート旧'!$AM231,0),COLUMN(コントロールシート旧!A5))) | H26: =IF(ROW(コントロールシート旧!A5)>MAX(コントロールシート旧!AM$228:'コントロールシート旧'!AM$229),"",INDEX(コントロールシート旧!$H232:'コントロールシート旧'!$L233,MATCH(ROW(コントロールシート旧!A5),コントロールシート旧!$AM232:'コントロールシート旧'!$AM233,0),COLUMN(コントロールシート旧!A5)))
B27: =IF(ROW(コントロールシート旧!A6)>MAX(コントロールシート旧!AM$201:'コントロールシート旧'!AM$206),"",INDEX(コントロールシート旧!$H206:'コントロールシート旧'!$L211,MATCH(ROW(コントロールシート旧!A6),コントロールシート旧!$AM206:'コントロールシート旧'!$AM211,0),COLUMN(コントロールシート旧!A6))) | C27: =IF(ROW(コントロールシート旧!A6)>MAX(コントロールシート旧!AM$210:'コントロールシート旧'!AM$212),"",INDEX(コントロールシート旧!$H215:'コントロールシート旧'!$L217,MATCH(ROW(コントロールシート旧!A6),コントロールシート旧!$AM215:'コントロールシート旧'!$AM217,0),COLUMN(コントロールシート旧!A6))) | D27: =IF(ROW(コントロールシート旧!A6)>MAX(コントロールシート旧!AM$214:'コントロールシート旧'!AM$216),"",INDEX(コントロールシート旧!$H219:'コントロールシート旧'!$L221,MATCH(ROW(コントロールシート旧!A6),コントロールシート旧!$AM219:'コントロールシート旧'!$AM221,0),COLUMN(コントロールシート旧!A6))) | E27: =IF(ROW(コントロールシート旧!A6)>MAX(コントロールシート旧!AM$217:'コントロールシート旧'!AM$220),"",INDEX(コントロールシート旧!$H222:'コントロールシート旧'!$L225,MATCH(ROW(コントロールシート旧!A6),コントロールシート旧!$AM222:'コントロールシート旧'!$AM225,0),COLUMN(コントロールシート旧!A6))) | F27: =IF(ROW(コントロールシート旧!A6)>MAX(コントロールシート旧!AM$221:'コントロールシート旧'!AM$224),"",INDEX(コントロールシート旧!$H226:'コントロールシート旧'!$L229,MATCH(ROW(コントロールシート旧!A6),コントロールシート旧!$AM226:'コントロールシート旧'!$AM229,0),COLUMN(コントロールシート旧!A6))) | G27: =IF(ROW(コントロールシート旧!A6)>MAX(コントロールシート旧!AM$226:'コントロールシート旧'!AM$227),"",INDEX(コントロールシート旧!$H231:'コントロールシート旧'!$L232,MATCH(ROW(コントロールシート旧!A6),コントロールシート旧!$AM231:'コントロールシート旧'!$AM232,0),COLUMN(コントロールシート旧!A6))) | H27: =IF(ROW(コントロールシート旧!A6)>MAX(コントロールシート旧!AM$228:'コントロールシート旧'!AM$229),"",INDEX(コントロールシート旧!$H233:'コントロールシート旧'!$L234,MATCH(ROW(コントロールシート旧!A6),コントロールシート旧!$AM233:'コントロールシート旧'!$AM234,0),COLUMN(コントロールシート旧!A6)))
B28: =IF(ROW(コントロールシート旧!A7)>MAX(コントロールシート旧!AM$201:'コントロールシート旧'!AM$206),"",INDEX(コントロールシート旧!$H207:'コントロールシート旧'!$L212,MATCH(ROW(コントロールシート旧!A7),コントロールシート旧!$AM207:'コントロールシート旧'!$AM212,0),COLUMN(コントロールシート旧!A7))) | C28: =IF(ROW(コントロールシート旧!A7)>MAX(コントロールシート旧!AM$210:'コントロールシート旧'!AM$212),"",INDEX(コントロールシート旧!$H216:'コントロールシート旧'!$L218,MATCH(ROW(コントロールシート旧!A7),コントロールシート旧!$AM216:'コントロールシート旧'!$AM218,0),COLUMN(コントロールシート旧!A7))) | D28: =IF(ROW(コントロールシート旧!A7)>MAX(コントロールシート旧!AM$214:'コントロールシート旧'!AM$216),"",INDEX(コントロールシート旧!$H220:'コントロールシート旧'!$L222,MATCH(ROW(コントロールシート旧!A7),コントロールシート旧!$AM220:'コントロールシート旧'!$AM222,0),COLUMN(コントロールシート旧!A7))) | E28: =IF(ROW(コントロールシート旧!A7)>MAX(コントロールシート旧!AM$217:'コントロールシート旧'!AM$220),"",INDEX(コントロールシート旧!$H223:'コントロールシート旧'!$L226,MATCH(ROW(コントロールシート旧!A7),コントロールシート旧!$AM223:'コントロールシート旧'!$AM226,0),COLUMN(コントロールシート旧!A7))) | F28: =IF(ROW(コントロールシート旧!A7)>MAX(コントロールシート旧!AM$221:'コントロールシート旧'!AM$224),"",INDEX(コントロールシート旧!$H227:'コントロールシート旧'!$L230,MATCH(ROW(コントロールシート旧!A7),コントロールシート旧!$AM227:'コントロールシート旧'!$AM230,0),COLUMN(コントロールシート旧!A7))) | G28: =IF(ROW(コントロールシート旧!A7)>MAX(コントロールシート旧!AM$226:'コントロールシート旧'!AM$227),"",INDEX(コントロールシート旧!$H232:'コントロールシート旧'!$L233,MATCH(ROW(コントロールシート旧!A7),コントロールシート旧!$AM232:'コントロールシート旧'!$AM233,0),COLUMN(コントロールシート旧!A7))) | H28: =IF(ROW(コントロールシート旧!A7)>MAX(コントロールシート旧!AM$228:'コントロールシート旧'!AM$229),"",INDEX(コントロールシート旧!$H234:'コントロールシート旧'!$L235,MATCH(ROW(コントロールシート旧!A7),コントロールシート旧!$AM234:'コントロールシート旧'!$AM235,0),COLUMN(コントロールシート旧!A7)))
B29: =IF(ROW(コントロールシート旧!A8)>MAX(コントロールシート旧!AM$201:'コントロールシート旧'!AM$206),"",INDEX(コントロールシート旧!$H208:'コントロールシート旧'!$L213,MATCH(ROW(コントロールシート旧!A8),コントロールシート旧!$AM208:'コントロールシート旧'!$AM213,0),COLUMN(コントロールシート旧!A8))) | C29: =IF(ROW(コントロールシート旧!A8)>MAX(コントロールシート旧!AM$210:'コントロールシート旧'!AM$212),"",INDEX(コントロールシート旧!$H217:'コントロールシート旧'!$L219,MATCH(ROW(コントロールシート旧!A8),コントロールシート旧!$AM217:'コントロールシート旧'!$AM219,0),COLUMN(コントロールシート旧!A8))) | D29: =IF(ROW(コントロールシート旧!A8)>MAX(コントロールシート旧!AM$214:'コントロールシート旧'!AM$216),"",INDEX(コントロールシート旧!$H221:'コントロールシート旧'!$L223,MATCH(ROW(コントロールシート旧!A8),コントロールシート旧!$AM221:'コントロールシート旧'!$AM223,0),COLUMN(コントロールシート旧!A8))) | E29: =IF(ROW(コントロールシート旧!A8)>MAX(コントロールシート旧!AM$217:'コントロールシート旧'!AM$220),"",INDEX(コントロールシート旧!$H224:'コントロールシート旧'!$L227,MATCH(ROW(コントロールシート旧!A8),コントロールシート旧!$AM224:'コントロールシート旧'!$AM227,0),COLUMN(コントロールシート旧!A8))) | F29: =IF(ROW(コントロールシート旧!A8)>MAX(コントロールシート旧!AM$221:'コントロールシート旧'!AM$224),"",INDEX(コントロールシート旧!$H228:'コントロールシート旧'!$L231,MATCH(ROW(コントロールシート旧!A8),コントロールシート旧!$AM228:'コントロールシート旧'!$AM231,0),COLUMN(コントロールシート旧!A8))) | G29: =IF(ROW(コントロールシート旧!A8)>MAX(コントロールシート旧!AM$226:'コントロールシート旧'!AM$227),"",INDEX(コントロールシート旧!$H233:'コントロールシート旧'!$L234,MATCH(ROW(コントロールシート旧!A8),コントロールシート旧!$AM233:'コントロールシート旧'!$AM234,0),COLUMN(コントロールシート旧!A8))) | H29: =IF(ROW(コントロールシート旧!A8)>MAX(コントロールシート旧!AM$228:'コントロールシート旧'!AM$229),"",INDEX(コントロールシート旧!$H235:'コントロールシート旧'!$L236,MATCH(ROW(コントロールシート旧!A8),コントロールシート旧!$AM235:'コントロールシート旧'!$AM236,0),COLUMN(コントロールシート旧!A8)))
B30: =IF(ROW(コントロールシート旧!A9)>MAX(コントロールシート旧!AM$201:'コントロールシート旧'!AM$206),"",INDEX(コントロールシート旧!$H209:'コントロールシート旧'!$L214,MATCH(ROW(コントロールシート旧!A9),コントロールシート旧!$AM209:'コントロールシート旧'!$AM214,0),COLUMN(コントロールシート旧!A9))) | C30: =IF(ROW(コントロールシート旧!A9)>MAX(コントロールシート旧!AM$210:'コントロールシート旧'!AM$212),"",INDEX(コントロールシート旧!$H218:'コントロールシート旧'!$L220,MATCH(ROW(コントロールシート旧!A9),コントロールシート旧!$AM218:'コントロールシート旧'!$AM220,0),COLUMN(コントロールシート旧!A9))) | D30: =IF(ROW(コントロールシート旧!A9)>MAX(コントロールシート旧!AM$214:'コントロールシート旧'!AM$216),"",INDEX(コントロールシート旧!$H222:'コントロールシート旧'!$L224,MATCH(ROW(コントロールシート旧!A9),コントロールシート旧!$AM222:'コントロールシート旧'!$AM224,0),COLUMN(コントロールシート旧!A9))) | E30: =IF(ROW(コントロールシート旧!A9)>MAX(コントロールシート旧!AM$217:'コントロールシート旧'!AM$220),"",INDEX(コントロールシート旧!$H225:'コントロールシート旧'!$L228,MATCH(ROW(コントロールシート旧!A9),コントロールシート旧!$AM225:'コントロールシート旧'!$AM228,0),COLUMN(コントロールシート旧!A9))) | F30: =IF(ROW(コントロールシート旧!A9)>MAX(コントロールシート旧!AM$221:'コントロールシート旧'!AM$224),"",INDEX(コントロールシート旧!$H229:'コントロールシート旧'!$L232,MATCH(ROW(コントロールシート旧!A9),コントロールシート旧!$AM229:'コントロールシート旧'!$AM232,0),COLUMN(コントロールシート旧!A9))) | G30: =IF(ROW(コントロールシート旧!A9)>MAX(コントロールシート旧!AM$226:'コントロールシート旧'!AM$227),"",INDEX(コントロールシート旧!$H234:'コントロールシート旧'!$L235,MATCH(ROW(コントロールシート旧!A9),コントロールシート旧!$AM234:'コントロールシート旧'!$AM235,0),COLUMN(コントロールシート旧!A9))) | H30: =IF(ROW(コントロールシート旧!A9)>MAX(コントロールシート旧!AM$228:'コントロールシート旧'!AM$229),"",INDEX(コントロールシート旧!$H236:'コントロールシート旧'!$L237,MATCH(ROW(コントロールシート旧!A9),コントロールシート旧!$AM236:'コントロールシート旧'!$AM237,0),COLUMN(コントロールシート旧!A9)))
B31: =IF(ROW(コントロールシート旧!A21)>MAX(コントロールシート旧!AM$201:'コントロールシート旧'!AM$206),"",INDEX(コントロールシート旧!$H210:'コントロールシート旧'!$L215,MATCH(ROW(コントロールシート旧!A21),コントロールシート旧!$AM210:'コントロールシート旧'!$AM215,0),COLUMN(コントロールシート旧!A21))) | C31: =IF(ROW(コントロールシート旧!A21)>MAX(コントロールシート旧!AM$210:'コントロールシート旧'!AM$212),"",INDEX(コントロールシート旧!$H219:'コントロールシート旧'!$L221,MATCH(ROW(コントロールシート旧!A21),コントロールシート旧!$AM219:'コントロールシート旧'!$AM221,0),COLUMN(コントロールシート旧!A21))) | D31: =IF(ROW(コントロールシート旧!A21)>MAX(コントロールシート旧!AM$214:'コントロールシート旧'!AM$216),"",INDEX(コントロールシート旧!$H223:'コントロールシート旧'!$L225,MATCH(ROW(コントロールシート旧!A21),コントロールシート旧!$AM223:'コントロールシート旧'!$AM225,0),COLUMN(コントロールシート旧!A21))) | E31: =IF(ROW(コントロールシート旧!A21)>MAX(コントロールシート旧!AM$217:'コントロールシート旧'!AM$220),"",INDEX(コントロールシート旧!$H226:'コントロールシート旧'!$L229,MATCH(ROW(コントロールシート旧!A21),コントロールシート旧!$AM226:'コントロールシート旧'!$AM229,0),COLUMN(コントロールシート旧!A21))) | F31: =IF(ROW(コントロールシート旧!A21)>MAX(コントロールシート旧!AM$221:'コントロールシート旧'!AM$224),"",INDEX(コントロールシート旧!$H230:'コントロールシート旧'!$L233,MATCH(ROW(コントロールシート旧!A21),コントロールシート旧!$AM230:'コントロールシート旧'!$AM233,0),COLUMN(コントロールシート旧!A21))) | G31: =IF(ROW(コントロールシート旧!A21)>MAX(コントロールシート旧!AM$226:'コントロールシート旧'!AM$227),"",INDEX(コントロールシート旧!$H235:'コントロールシート旧'!$L236,MATCH(ROW(コントロールシート旧!A21),コントロールシート旧!$AM235:'コントロールシート旧'!$AM236,0),COLUMN(コントロールシート旧!A21))) | H31: =IF(ROW(コントロールシート旧!A21)>MAX(コントロールシート旧!AM$228:'コントロールシート旧'!AM$229),"",INDEX(コントロールシート旧!$H237:'コントロールシート旧'!$L238,MATCH(ROW(コントロールシート旧!A21),コントロールシート旧!$AM237:'コントロールシート旧'!$AM238,0),COLUMN(コントロールシート旧!A21)))
B32: =IF(ROW(コントロールシート旧!A22)>MAX(コントロールシート旧!AM$201:'コントロールシート旧'!AM$206),"",INDEX(コントロールシート旧!$H211:'コントロールシート旧'!$L216,MATCH(ROW(コントロールシート旧!A22),コントロールシート旧!$AM211:'コントロールシート旧'!$AM216,0),COLUMN(コントロールシート旧!A22))) | C32: =IF(ROW(コントロールシート旧!A22)>MAX(コントロールシート旧!AM$210:'コントロールシート旧'!AM$212),"",INDEX(コントロールシート旧!$H220:'コントロールシート旧'!$L222,MATCH(ROW(コントロールシート旧!A22),コントロールシート旧!$AM220:'コントロールシート旧'!$AM222,0),COLUMN(コントロールシート旧!A22))) | D32: =IF(ROW(コントロールシート旧!A22)>MAX(コントロールシート旧!AM$214:'コントロールシート旧'!AM$216),"",INDEX(コントロールシート旧!$H224:'コントロールシート旧'!$L226,MATCH(ROW(コントロールシート旧!A22),コントロールシート旧!$AM224:'コントロールシート旧'!$AM226,0),COLUMN(コントロールシート旧!A22))) | E32: =IF(ROW(コントロールシート旧!A22)>MAX(コントロールシート旧!AM$217:'コントロールシート旧'!AM$220),"",INDEX(コントロールシート旧!$H227:'コントロールシート旧'!$L230,MATCH(ROW(コントロールシート旧!A22),コントロールシート旧!$AM227:'コントロールシート旧'!$AM230,0),COLUMN(コントロールシート旧!A22))) | F32: =IF(ROW(コントロールシート旧!A22)>MAX(コントロールシート旧!AM$221:'コントロールシート旧'!AM$224),"",INDEX(コントロールシート旧!$H231:'コントロールシート旧'!$L234,MATCH(ROW(コントロールシート旧!A22),コントロールシート旧!$AM231:'コントロールシート旧'!$AM234,0),COLUMN(コントロールシート旧!A22))) | G32: =IF(ROW(コントロールシート旧!A22)>MAX(コントロールシート旧!AM$226:'コントロールシート旧'!AM$227),"",INDEX(コントロールシート旧!$H236:'コントロールシート旧'!$L237,MATCH(ROW(コントロールシート旧!A22),コントロールシート旧!$AM236:'コントロールシート旧'!$AM237,0),COLUMN(コントロールシート旧!A22))) | H32: =IF(ROW(コントロールシート旧!A22)>MAX(コントロールシート旧!AM$228:'コントロールシート旧'!AM$229),"",INDEX(コントロールシート旧!$H238:'コントロールシート旧'!$L239,MATCH(ROW(コントロールシート旧!A22),コントロールシート旧!$AM238:'コントロールシート旧'!$AM239,0),COLUMN(コントロールシート旧!A22)))
B33: =IF(ROW(コントロールシート旧!A23)>MAX(コントロールシート旧!AM$201:'コントロールシート旧'!AM$206),"",INDEX(コントロールシート旧!$H212:'コントロールシート旧'!$L217,MATCH(ROW(コントロールシート旧!A23),コントロールシート旧!$AM212:'コントロールシート旧'!$AM217,0),COLUMN(コントロールシート旧!A23))) | C33: =IF(ROW(コントロールシート旧!A23)>MAX(コントロールシート旧!AM$210:'コントロールシート旧'!AM$212),"",INDEX(コントロールシート旧!$H221:'コントロールシート旧'!$L223,MATCH(ROW(コントロールシート旧!A23),コントロールシート旧!$AM221:'コントロールシート旧'!$AM223,0),COLUMN(コントロールシート旧!A23))) | D33: =IF(ROW(コントロールシート旧!A23)>MAX(コントロールシート旧!AM$214:'コントロールシート旧'!AM$216),"",INDEX(コントロールシート旧!$H225:'コントロールシート旧'!$L227,MATCH(ROW(コントロールシート旧!A23),コントロールシート旧!$AM225:'コントロールシート旧'!$AM227,0),COLUMN(コントロールシート旧!A23))) | E33: =IF(ROW(コントロールシート旧!A23)>MAX(コントロールシート旧!AM$217:'コントロールシート旧'!AM$220),"",INDEX(コントロールシート旧!$H228:'コントロールシート旧'!$L231,MATCH(ROW(コントロールシート旧!A23),コントロールシート旧!$AM228:'コントロールシート旧'!$AM231,0),COLUMN(コントロールシート旧!A23))) | F33: =IF(ROW(コントロールシート旧!A23)>MAX(コントロールシート旧!AM$221:'コントロールシート旧'!AM$224),"",INDEX(コントロールシート旧!$H232:'コントロールシート旧'!$L235,MATCH(ROW(コントロールシート旧!A23),コントロールシート旧!$AM232:'コントロールシート旧'!$AM235,0),COLUMN(コントロールシート旧!A23))) | G33: =IF(ROW(コントロールシート旧!A23)>MAX(コントロールシート旧!AM$226:'コントロールシート旧'!AM$227),"",INDEX(コントロールシート旧!$H237:'コントロールシート旧'!$L238,MATCH(ROW(コントロールシート旧!A23),コントロールシート旧!$AM237:'コントロールシート旧'!$AM238,0),COLUMN(コントロールシート旧!A23))) | H33: =IF(ROW(コントロールシート旧!A23)>MAX(コントロールシート旧!AM$228:'コントロールシート旧'!AM$229),"",INDEX(コントロールシート旧!$H239:'コントロールシート旧'!$L240,MATCH(ROW(コントロールシート旧!A23),コントロールシート旧!$AM239:'コントロールシート旧'!$AM240,0),COLUMN(コントロールシート旧!A23)))
B34: =IF(ROW(コントロールシート旧!A24)>MAX(コントロールシート旧!AM$201:'コントロールシート旧'!AM$206),"",INDEX(コントロールシート旧!$H213:'コントロールシート旧'!$L218,MATCH(ROW(コントロールシート旧!A24),コントロールシート旧!$AM213:'コントロールシート旧'!$AM218,0),COLUMN(コントロールシート旧!A24))) | C34: =IF(ROW(コントロールシート旧!A24)>MAX(コントロールシート旧!AM$210:'コントロールシート旧'!AM$212),"",INDEX(コントロールシート旧!$H222:'コントロールシート旧'!$L224,MATCH(ROW(コントロールシート旧!A24),コントロールシート旧!$AM222:'コントロールシート旧'!$AM224,0),COLUMN(コントロールシート旧!A24))) | D34: =IF(ROW(コントロールシート旧!A24)>MAX(コントロールシート旧!AM$214:'コントロールシート旧'!AM$216),"",INDEX(コントロールシート旧!$H226:'コントロールシート旧'!$L228,MATCH(ROW(コントロールシート旧!A24),コントロールシート旧!$AM226:'コントロールシート旧'!$AM228,0),COLUMN(コントロールシート旧!A24))) | E34: =IF(ROW(コントロールシート旧!A24)>MAX(コントロールシート旧!AM$217:'コントロールシート旧'!AM$220),"",INDEX(コントロールシート旧!$H229:'コントロールシート旧'!$L232,MATCH(ROW(コントロールシート旧!A24),コントロールシート旧!$AM229:'コントロールシート旧'!$AM232,0),COLUMN(コントロールシート旧!A24))) | F34: =IF(ROW(コントロールシート旧!A24)>MAX(コントロールシート旧!AM$221:'コントロールシート旧'!AM$224),"",INDEX(コントロールシート旧!$H233:'コントロールシート旧'!$L236,MATCH(ROW(コントロールシート旧!A24),コントロールシート旧!$AM233:'コントロールシート旧'!$AM236,0),COLUMN(コントロールシート旧!A24))) | G34: =IF(ROW(コントロールシート旧!A24)>MAX(コントロールシート旧!AM$226:'コントロールシート旧'!AM$227),"",INDEX(コントロールシート旧!$H238:'コントロールシート旧'!$L239,MATCH(ROW(コントロールシート旧!A24),コントロールシート旧!$AM238:'コントロールシート旧'!$AM239,0),COLUMN(コントロールシート旧!A24))) | H34: =IF(ROW(コントロールシート旧!A24)>MAX(コントロールシート旧!AM$228:'コントロールシート旧'!AM$229),"",INDEX(コントロールシート旧!$H240:'コントロールシート旧'!$L241,MATCH(ROW(コントロールシート旧!A24),コントロールシート旧!$AM240:'コントロールシート旧'!$AM241,0),COLUMN(コントロールシート旧!A24)))
B35: =IF(ROW(コントロールシート旧!A25)>MAX(コントロールシート旧!AM$201:'コントロールシート旧'!AM$206),"",INDEX(コントロールシート旧!$H214:'コントロールシート旧'!$L219,MATCH(ROW(コントロールシート旧!A25),コントロールシート旧!$AM214:'コントロールシート旧'!$AM219,0),COLUMN(コントロールシート旧!A25))) | C35: =IF(ROW(コントロールシート旧!A25)>MAX(コントロールシート旧!AM$210:'コントロールシート旧'!AM$212),"",INDEX(コントロールシート旧!$H223:'コントロールシート旧'!$L225,MATCH(ROW(コントロールシート旧!A25),コントロールシート旧!$AM223:'コントロールシート旧'!$AM225,0),COLUMN(コントロールシート旧!A25))) | D35: =IF(ROW(コントロールシート旧!A25)>MAX(コントロールシート旧!AM$214:'コントロールシート旧'!AM$216),"",INDEX(コントロールシート旧!$H227:'コントロールシート旧'!$L229,MATCH(ROW(コントロールシート旧!A25),コントロールシート旧!$AM227:'コントロールシート旧'!$AM229,0),COLUMN(コントロールシート旧!A25))) | E35: =IF(ROW(コントロールシート旧!A25)>MAX(コントロールシート旧!AM$217:'コントロールシート旧'!AM$220),"",INDEX(コントロールシート旧!$H230:'コントロールシート旧'!$L233,MATCH(ROW(コントロールシート旧!A25),コントロールシート旧!$AM230:'コントロールシート旧'!$AM233,0),COLUMN(コントロールシート旧!A25))) | F35: =IF(ROW(コントロールシート旧!A25)>MAX(コントロールシート旧!AM$221:'コントロールシート旧'!AM$224),"",INDEX(コントロールシート旧!$H234:'コントロールシート旧'!$L237,MATCH(ROW(コントロールシート旧!A25),コントロールシート旧!$AM234:'コントロールシート旧'!$AM237,0),COLUMN(コントロールシート旧!A25))) | G35: =IF(ROW(コントロールシート旧!A25)>MAX(コントロールシート旧!AM$226:'コントロールシート旧'!AM$227),"",INDEX(コントロールシート旧!$H239:'コントロールシート旧'!$L240,MATCH(ROW(コントロールシート旧!A25),コントロールシート旧!$AM239:'コントロールシート旧'!$AM240,0),COLUMN(コントロールシート旧!A25))) | H35: =IF(ROW(コントロールシート旧!A25)>MAX(コントロールシート旧!AM$228:'コントロールシート旧'!AM$229),"",INDEX(コントロールシート旧!$H241:'コントロールシート旧'!$L242,MATCH(ROW(コントロールシート旧!A25),コントロールシート旧!$AM241:'コントロールシート旧'!$AM242,0),COLUMN(コントロールシート旧!A25)))
B36: =IF(ROW(コントロールシート旧!A26)>MAX(コントロールシート旧!AM$201:'コントロールシート旧'!AM$206),"",INDEX(コントロールシート旧!$H215:'コントロールシート旧'!$L220,MATCH(ROW(コントロールシート旧!A26),コントロールシート旧!$AM215:'コントロールシート旧'!$AM220,0),COLUMN(コントロールシート旧!A26))) | C36: =IF(ROW(コントロールシート旧!A26)>MAX(コントロールシート旧!AM$210:'コントロールシート旧'!AM$212),"",INDEX(コントロールシート旧!$H224:'コントロールシート旧'!$L226,MATCH(ROW(コントロールシート旧!A26),コントロールシート旧!$AM224:'コントロールシート旧'!$AM226,0),COLUMN(コントロールシート旧!A26))) | D36: =IF(ROW(コントロールシート旧!A26)>MAX(コントロールシート旧!AM$214:'コントロールシート旧'!AM$216),"",INDEX(コントロールシート旧!$H228:'コントロールシート旧'!$L230,MATCH(ROW(コントロールシート旧!A26),コントロールシート旧!$AM228:'コントロールシート旧'!$AM230,0),COLUMN(コントロールシート旧!A26))) | E36: =IF(ROW(コントロールシート旧!A26)>MAX(コントロールシート旧!AM$217:'コントロールシート旧'!AM$220),"",INDEX(コントロールシート旧!$H231:'コントロールシート旧'!$L234,MATCH(ROW(コントロールシート旧!A26),コントロールシート旧!$AM231:'コントロールシート旧'!$AM234,0),COLUMN(コントロールシート旧!A26))) | F36: =IF(ROW(コントロールシート旧!A26)>MAX(コントロールシート旧!AM$221:'コントロールシート旧'!AM$224),"",INDEX(コントロールシート旧!$H235:'コントロールシート旧'!$L238,MATCH(ROW(コントロールシート旧!A26),コントロールシート旧!$AM235:'コントロールシート旧'!$AM238,0),COLUMN(コントロールシート旧!A26))) | G36: =IF(ROW(コントロールシート旧!A26)>MAX(コントロールシート旧!AM$226:'コントロールシート旧'!AM$227),"",INDEX(コントロールシート旧!$H240:'コントロールシート旧'!$L241,MATCH(ROW(コントロールシート旧!A26),コントロールシート旧!$AM240:'コントロールシート旧'!$AM241,0),COLUMN(コントロールシート旧!A26))) | H36: =IF(ROW(コントロールシート旧!A26)>MAX(コントロールシート旧!AM$228:'コントロールシート旧'!AM$229),"",INDEX(コントロールシート旧!$H242:'コントロールシート旧'!$L243,MATCH(ROW(コントロールシート旧!A26),コントロールシート旧!$AM242:'コントロールシート旧'!$AM243,0),COLUMN(コントロールシート旧!A26)))
A41: 8-1 | B41: インフラ | C41: 人 | D41: 物 | E41: 情報 | F41: その他
A42: 対策の内容 | B42: =IF(ROW(コントロールシート旧!A1)>MAX(コントロールシート旧!AN$239:'コントロールシート旧'!AN$244),"",INDEX(コントロールシート旧!$H239:'コントロールシート旧'!$L244,MATCH(ROW(コントロールシート旧!A1),コントロールシート旧!$AN239:'コントロールシート旧'!$AN244,0),COLUMN(コントロールシート旧!A1))) -> 電気 | C42: =IF(ROW(コントロールシート旧!A1)>MAX(コントロールシート旧!AN$248:'コントロールシート旧'!AN$250),"",INDEX(コントロールシート旧!$H248:'コントロールシート旧'!$L250,MATCH(ROW(コントロールシート旧!A1),コントロールシート旧!$AN248:'コントロールシート旧'!$AN250,0),COLUMN(コントロールシート旧!A1))) | D42: =IF(ROW(コントロールシート旧!A1)>MAX(コントロールシート旧!AN$252:'コントロールシート旧'!AN$262),"",INDEX(コントロールシート旧!$H252:'コントロールシート旧'!$L262,MATCH(ROW(コントロールシート旧!A1),コントロールシート旧!$AN252:$AN262,0),COLUMN(コントロールシート旧!A1))) -> 事務室 | E42: =IF(ROW(コントロールシート旧!A1)>MAX(コントロールシート旧!AN$264:'コントロールシート旧'!AN$267),"",INDEX(コントロールシート旧!$H264:'コントロールシート旧'!$L267,MATCH(ROW(コントロールシート旧!A1),コントロールシート旧!$AN264:$AN267,0),COLUMN(コントロールシート旧!A1))) -> その他 | F42: =IF(ROW(コントロールシート旧!A1)>MAX(コントロールシート旧!AN$270:'コントロールシート旧'!AN$271),"",INDEX(コントロールシート旧!$H270:'コントロールシート旧'!$L271,MATCH(ROW(コントロールシート旧!A1),コントロールシート旧!$AN270:$AN271,0),COLUMN(コントロールシート旧!A1)))
B43: =IF(ROW(コントロールシート旧!A2)>MAX(コントロールシート旧!AN$239:'コントロールシート旧'!AN$244),"",INDEX(コントロールシート旧!$H240:'コントロールシート旧'!$L245,MATCH(ROW(コントロールシート旧!A2),コントロールシート旧!$AN240:'コントロールシート旧'!$AN245,0),COLUMN(コントロールシート旧!A2))) -> 水道 | C43: =IF(ROW(コントロールシート旧!A2)>MAX(コントロールシート旧!AN$248:'コントロールシート旧'!AN$250),"",INDEX(コントロールシート旧!$H249:'コントロールシート旧'!$L251,MATCH(ROW(コントロールシート旧!A2),コントロールシート旧!$AN249:'コントロールシート旧'!$AN251,0),COLUMN(コントロールシート旧!A2))) | D43: =IF(ROW(コントロールシート旧!A2)>MAX(コントロールシート旧!AN$252:'コントロールシート旧'!AN$262),"",INDEX(コントロールシート旧!$H253:'コントロールシート旧'!$L263,MATCH(ROW(コントロールシート旧!A2),コントロールシート旧!$AN253:$AN263,0),COLUMN(コントロールシート旧!A2))) -> 調理場 | E43: =IF(ROW(コントロールシート旧!A2)>MAX(コントロールシート旧!AN$264:'コントロールシート旧'!AN$267),"",INDEX(コントロールシート旧!$H265:'コントロールシート旧'!$L268,MATCH(ROW(コントロールシート旧!A2),コントロールシート旧!$AN265:$AN268,0),COLUMN(コントロールシート旧!A2))) -> 顧客情報 | F43: =IF(ROW(コントロールシート旧!A2)>MAX(コントロールシート旧!AN$270:'コントロールシート旧'!AN$271),"",INDEX(コントロールシート旧!$H271:'コントロールシート旧'!$L272,MATCH(ROW(コントロールシート旧!A2),コントロールシート旧!$AN271:$AN272,0),COLUMN(コントロールシート旧!A2)))
B44: =IF(ROW(コントロールシート旧!A3)>MAX(コントロールシート旧!AN$239:'コントロールシート旧'!AN$244),"",INDEX(コントロールシート旧!$H241:'コントロールシート旧'!$L246,MATCH(ROW(コントロールシート旧!A3),コントロールシート旧!$AN241:'コントロールシート旧'!$AN246,0),COLUMN(コントロールシート旧!A3))) | C44: =IF(ROW(コントロールシート旧!A3)>MAX(コントロールシート旧!AN$248:'コントロールシート旧'!AN$250),"",INDEX(コントロールシート旧!$H250:'コントロールシート旧'!$L252,MATCH(ROW(コントロールシート旧!A3),コントロールシート旧!$AN250:'コントロールシート旧'!$AN252,0),COLUMN(コントロールシート旧!A3))) | D44: =IF(ROW(コントロールシート旧!A3)>MAX(コントロールシート旧!AN$252:'コントロールシート旧'!AN$262),"",INDEX(コントロールシート旧!$H254:'コントロールシート旧'!$L264,MATCH(ROW(コントロールシート旧!A3),コントロールシート旧!$AN254:$AN264,0),COLUMN(コントロールシート旧!A3))) -> 備品 | E44: =IF(ROW(コントロールシート旧!A3)>MAX(コントロールシート旧!AN$264:'コントロールシート旧'!AN$267),"",INDEX(コントロールシート旧!$H266:'コントロールシート旧'!$L269,MATCH(ROW(コントロールシート旧!A3),コントロールシート旧!$AN266:$AN269,0),COLUMN(コントロールシート旧!A3))) | F44: =IF(ROW(コントロールシート旧!A3)>MAX(コントロールシート旧!AN$270:'コントロールシート旧'!AN$271),"",INDEX(コントロールシート旧!$H272:'コントロールシート旧'!$L273,MATCH(ROW(コントロールシート旧!A3),コントロールシート旧!$AN272:$AN273,0),COLUMN(コントロールシート旧!A3)))
B45: =IF(ROW(コントロールシート旧!A4)>MAX(コントロールシート旧!AN$239:'コントロールシート旧'!AN$244),"",INDEX(コントロールシート旧!$H242:'コントロールシート旧'!$M247,MATCH(ROW(コントロールシート旧!A4),コントロールシート旧!$AN242:'コントロールシート旧'!$AN247,0),COLUMN(コントロールシート旧!A4))) | C45: =IF(ROW(コントロールシート旧!A4)>MAX(コントロールシート旧!AN$248:'コントロールシート旧'!AN$250),"",INDEX(コントロールシート旧!$H251:'コントロールシート旧'!$L253,MATCH(ROW(コントロールシート旧!A4),コントロールシート旧!$AN251:'コントロールシート旧'!$AN253,0),COLUMN(コントロールシート旧!A4))) | D45: =IF(ROW(コントロールシート旧!A4)>MAX(コントロールシート旧!AN$252:'コントロールシート旧'!AN$262),"",INDEX(コントロールシート旧!$H255:'コントロールシート旧'!$L265,MATCH(ROW(コントロールシート旧!A4),コントロールシート旧!$AN255:$AN265,0),COLUMN(コントロールシート旧!A4))) -> 原材料（給食） | E45: =IF(ROW(コントロールシート旧!A4)>MAX(コントロールシート旧!AN$264:'コントロールシート旧'!AN$267),"",INDEX(コントロールシート旧!$H267:'コントロールシート旧'!$L270,MATCH(ROW(コントロールシート旧!A4),コントロールシート旧!$AN267:$AN270,0),COLUMN(コントロールシート旧!A4))) | F45: =IF(ROW(コントロールシート旧!A4)>MAX(コントロールシート旧!AN$270:'コントロールシート旧'!AN$271),"",INDEX(コントロールシート旧!$H273:'コントロールシート旧'!$L274,MATCH(ROW(コントロールシート旧!A4),コントロールシート旧!$AN273:$AN274,0),COLUMN(コントロールシート旧!A4)))
B46: =IF(ROW(コントロールシート旧!A5)>MAX(コントロールシート旧!AN$239:'コントロールシート旧'!AN$244),"",INDEX(コントロールシート旧!$H243:'コントロールシート旧'!$L248,MATCH(ROW(コントロールシート旧!A5),コントロールシート旧!$AN243:'コントロールシート旧'!$AN248,0),COLUMN(コントロールシート旧!A5))) | C46: =IF(ROW(コントロールシート旧!A5)>MAX(コントロールシート旧!AN$248:'コントロールシート旧'!AN$250),"",INDEX(コントロールシート旧!$H252:'コントロールシート旧'!$L254,MATCH(ROW(コントロールシート旧!A5),コントロールシート旧!$AN252:'コントロールシート旧'!$AN254,0),COLUMN(コントロールシート旧!A5))) | D46: =IF(ROW(コントロールシート旧!A5)>MAX(コントロールシート旧!AN$252:'コントロールシート旧'!AN$262),"",INDEX(コントロールシート旧!$H256:'コントロールシート旧'!$L266,MATCH(ROW(コントロールシート旧!A5),コントロールシート旧!$AN256:$AN266,0),COLUMN(コントロールシート旧!A5))) | E46: =IF(ROW(コントロールシート旧!A5)>MAX(コントロールシート旧!AN$264:'コントロールシート旧'!AN$267),"",INDEX(コントロールシート旧!$H268:'コントロールシート旧'!$L271,MATCH(ROW(コントロールシート旧!A5),コントロールシート旧!$AN268:$AN271,0),COLUMN(コントロールシート旧!A5))) | F46: =IF(ROW(コントロールシート旧!A5)>MAX(コントロールシート旧!AN$270:'コントロールシート旧'!AN$271),"",INDEX(コントロールシート旧!$H274:'コントロールシート旧'!$L275,MATCH(ROW(コントロールシート旧!A5),コントロールシート旧!$AN274:$AN275,0),COLUMN(コントロールシート旧!A5)))
B47: =IF(ROW(コントロールシート旧!A6)>MAX(コントロールシート旧!AN$239:'コントロールシート旧'!AN$244),"",INDEX(コントロールシート旧!$H244:'コントロールシート旧'!$L249,MATCH(ROW(コントロールシート旧!A6),コントロールシート旧!$AN244:'コントロールシート旧'!$AN249,0),COLUMN(コントロールシート旧!A6))) | C47: =IF(ROW(コントロールシート旧!A6)>MAX(コントロールシート旧!AN$248:'コントロールシート旧'!AN$250),"",INDEX(コントロールシート旧!$H253:'コントロールシート旧'!$L255,MATCH(ROW(コントロールシート旧!A6),コントロールシート旧!$AN253:'コントロールシート旧'!$AN255,0),COLUMN(コントロールシート旧!A6))) | D47: =IF(ROW(コントロールシート旧!A6)>MAX(コントロールシート旧!AN$252:'コントロールシート旧'!AN$262),"",INDEX(コントロールシート旧!$H257:'コントロールシート旧'!$L267,MATCH(ROW(コントロールシート旧!A6),コントロールシート旧!$AN257:$AN267,0),COLUMN(コントロールシート旧!A6))) | E47: =IF(ROW(コントロールシート旧!A6)>MAX(コントロールシート旧!AN$264:'コントロールシート旧'!AN$267),"",INDEX(コントロールシート旧!$H269:'コントロールシート旧'!$L272,MATCH(ROW(コントロールシート旧!A6),コントロールシート旧!$AN269:$AN272,0),COLUMN(コントロールシート旧!A6))) | F47: =IF(ROW(コントロールシート旧!A6)>MAX(コントロールシート旧!AN$270:'コントロールシート旧'!AN$271),"",INDEX(コントロールシート旧!$H275:'コントロールシート旧'!$L276,MATCH(ROW(コントロールシート旧!A6),コントロールシート旧!$AN275:$AN276,0),COLUMN(コントロールシート旧!A6)))
B48: =IF(ROW(コントロールシート旧!A7)>MAX(コントロールシート旧!AN$239:'コントロールシート旧'!AN$244),"",INDEX(コントロールシート旧!$H245:'コントロールシート旧'!$L250,MATCH(ROW(コントロールシート旧!A7),コントロールシート旧!$AN245:'コントロールシート旧'!$AN250,0),COLUMN(コントロールシート旧!A7))) | C48: =IF(ROW(コントロールシート旧!A7)>MAX(コントロールシート旧!AN$248:'コントロールシート旧'!AN$250),"",INDEX(コントロールシート旧!$H254:'コントロールシート旧'!$L256,MATCH(ROW(コントロールシート旧!A7),コントロールシート旧!$AN254:'コントロールシート旧'!$AN256,0),COLUMN(コントロールシート旧!A7))) | D48: =IF(ROW(コントロールシート旧!A7)>MAX(コントロールシート旧!AN$252:'コントロールシート旧'!AN$262),"",INDEX(コントロールシート旧!$H259:'コントロールシート旧'!$L268,MATCH(ROW(コントロールシート旧!A7),コントロールシート旧!$AN259:$AN268,0),COLUMN(コントロールシート旧!A7))) | E48: =IF(ROW(コントロールシート旧!A7)>MAX(コントロールシート旧!AN$264:'コントロールシート旧'!AN$267),"",INDEX(コントロールシート旧!$H270:'コントロールシート旧'!$L273,MATCH(ROW(コントロールシート旧!A7),コントロールシート旧!$AN270:$AN273,0),COLUMN(コントロールシート旧!A7))) | F48: =IF(ROW(コントロールシート旧!A7)>MAX(コントロールシート旧!AN$270:'コントロールシート旧'!AN$271),"",INDEX(コントロールシート旧!$H276:'コントロールシート旧'!$L277,MATCH(ROW(コントロールシート旧!A7),コントロールシート旧!$AN276:$AN277,0),COLUMN(コントロールシート旧!A7)))
B49: =IF(ROW(コントロールシート旧!A8)>MAX(コントロールシート旧!AN$239:'コントロールシート旧'!AN$244),"",INDEX(コントロールシート旧!$H246:'コントロールシート旧'!$L251,MATCH(ROW(コントロールシート旧!A8),コントロールシート旧!$AN246:'コントロールシート旧'!$AN251,0),COLUMN(コントロールシート旧!A8))) | C49: =IF(ROW(コントロールシート旧!A8)>MAX(コントロールシート旧!AN$248:'コントロールシート旧'!AN$250),"",INDEX(コントロールシート旧!$H255:'コントロールシート旧'!$L257,MATCH(ROW(コントロールシート旧!A8),コントロールシート旧!$AN255:'コントロールシート旧'!$AN257,0),COLUMN(コントロールシート旧!A8))) | D49: =IF(ROW(コントロールシート旧!A8)>MAX(コントロールシート旧!AN$252:'コントロールシート旧'!AN$262),"",INDEX(コントロールシート旧!$H260:'コントロールシート旧'!$L269,MATCH(ROW(コントロールシート旧!A8),コントロールシート旧!$AN260:$AN269,0),COLUMN(コントロールシート旧!A8))) | E49: =IF(ROW(コントロールシート旧!A8)>MAX(コントロールシート旧!AN$264:'コントロールシート旧'!AN$267),"",INDEX(コントロールシート旧!$H271:'コントロールシート旧'!$L274,MATCH(ROW(コントロールシート旧!A8),コントロールシート旧!$AN271:$AN274,0),COLUMN(コントロールシート旧!A8))) | F49: =IF(ROW(コントロールシート旧!A8)>MAX(コントロールシート旧!AN$270:'コントロールシート旧'!AN$271),"",INDEX(コントロールシート旧!$H277:'コントロールシート旧'!$L278,MATCH(ROW(コントロールシート旧!A8),コントロールシート旧!$AN277:$AN278,0),COLUMN(コントロールシート旧!A8)))
B50: =IF(ROW(コントロールシート旧!A9)>MAX(コントロールシート旧!AN$239:'コントロールシート旧'!AN$244),"",INDEX(コントロールシート旧!$H247:'コントロールシート旧'!$L252,MATCH(ROW(コントロールシート旧!A9),コントロールシート旧!$AN247:'コントロールシート旧'!$AN252,0),COLUMN(コントロールシート旧!A9))) | C50: =IF(ROW(コントロールシート旧!A9)>MAX(コントロールシート旧!AN$248:'コントロールシート旧'!AN$250),"",INDEX(コントロールシート旧!$H256:'コントロールシート旧'!$L259,MATCH(ROW(コントロールシート旧!A9),コントロールシート旧!$AN256:'コントロールシート旧'!$AN259,0),COLUMN(コントロールシート旧!A9))) | D50: =IF(ROW(コントロールシート旧!A9)>MAX(コントロールシート旧!AN$252:'コントロールシート旧'!AN$262),"",INDEX(コントロールシート旧!$H261:'コントロールシート旧'!$L270,MATCH(ROW(コントロールシート旧!A9),コントロールシート旧!$AN261:$AN270,0),COLUMN(コントロールシート旧!A9))) | E50: =IF(ROW(コントロールシート旧!A9)>MAX(コントロールシート旧!AN$264:'コントロールシート旧'!AN$267),"",INDEX(コントロールシート旧!$H272:'コントロールシート旧'!$L275,MATCH(ROW(コントロールシート旧!A9),コントロールシート旧!$AN272:$AN275,0),COLUMN(コントロールシート旧!A9))) | F50: =IF(ROW(コントロールシート旧!A9)>MAX(コントロールシート旧!AN$270:'コントロールシート旧'!AN$271),"",INDEX(コントロールシート旧!$H278:'コントロールシート旧'!$L279,MATCH(ROW(コントロールシート旧!A9),コントロールシート旧!$AN278:$AN279,0),COLUMN(コントロールシート旧!A9)))
B51: =IF(ROW(コントロールシート旧!A21)>MAX(コントロールシート旧!AN$239:'コントロールシート旧'!AN$244),"",INDEX(コントロールシート旧!$H248:'コントロールシート旧'!$L253,MATCH(ROW(コントロールシート旧!A21),コントロールシート旧!$AN248:'コントロールシート旧'!$AN253,0),COLUMN(コントロールシート旧!A21))) | C51: =IF(ROW(コントロールシート旧!A21)>MAX(コントロールシート旧!AN$248:'コントロールシート旧'!AN$250),"",INDEX(コントロールシート旧!$H257:'コントロールシート旧'!$L260,MATCH(ROW(コントロールシート旧!A21),コントロールシート旧!$AN257:'コントロールシート旧'!$AN260,0),COLUMN(コントロールシート旧!A21))) | D51: =IF(ROW(コントロールシート旧!A21)>MAX(コントロールシート旧!AN$252:'コントロールシート旧'!AN$262),"",INDEX(コントロールシート旧!$H262:'コントロールシート旧'!$L271,MATCH(ROW(コントロールシート旧!A21),コントロールシート旧!$AN262:$AN271,0),COLUMN(コントロールシート旧!A21))) | E51: =IF(ROW(コントロールシート旧!A21)>MAX(コントロールシート旧!AN$264:'コントロールシート旧'!AN$267),"",INDEX(コントロールシート旧!$H273:'コントロールシート旧'!$L276,MATCH(ROW(コントロールシート旧!A21),コントロールシート旧!$AN273:$AN276,0),COLUMN(コントロールシート旧!A21))) | F51: =IF(ROW(コントロールシート旧!A21)>MAX(コントロールシート旧!AN$270:'コントロールシート旧'!AN$271),"",INDEX(コントロールシート旧!$H279:'コントロールシート旧'!$L280,MATCH(ROW(コントロールシート旧!A21),コントロールシート旧!$AO279:$AO280,0),COLUMN(コントロールシート旧!A21)))
B52: =IF(ROW(コントロールシート旧!A22)>MAX(コントロールシート旧!AN$239:'コントロールシート旧'!AN$244),"",INDEX(コントロールシート旧!$H249:'コントロールシート旧'!$L254,MATCH(ROW(コントロールシート旧!A22),コントロールシート旧!$AN249:'コントロールシート旧'!$AN254,0),COLUMN(コントロールシート旧!A22))) | C52: =IF(ROW(コントロールシート旧!A22)>MAX(コントロールシート旧!AN$248:'コントロールシート旧'!AN$250),"",INDEX(コントロールシート旧!$H258:'コントロールシート旧'!$L261,MATCH(ROW(コントロールシート旧!A22),コントロールシート旧!$AN258:'コントロールシート旧'!$AN261,0),COLUMN(コントロールシート旧!A22))) | D52: =IF(ROW(コントロールシート旧!A22)>MAX(コントロールシート旧!AN$252:'コントロールシート旧'!AN$262),"",INDEX(コントロールシート旧!$H263:'コントロールシート旧'!$L272,MATCH(ROW(コントロールシート旧!A22),コントロールシート旧!$AN263:$AN272,0),COLUMN(コントロールシート旧!A22))) | E52: =IF(ROW(コントロールシート旧!A22)>MAX(コントロールシート旧!AN$264:'コントロールシート旧'!AN$267),"",INDEX(コントロールシート旧!$H274:'コントロールシート旧'!$L277,MATCH(ROW(コントロールシート旧!A22),コントロールシート旧!$AN274:$AN277,0),COLUMN(コントロールシート旧!A22))) | F52: =IF(ROW(コントロールシート旧!A22)>MAX(コントロールシート旧!AN$270:'コントロールシート旧'!AN$271),"",INDEX(コントロールシート旧!$H280:'コントロールシート旧'!$L281,MATCH(ROW(コントロールシート旧!A22),コントロールシート旧!$AO280:$AO281,0),COLUMN(コントロールシート旧!A22)))
B53: =IF(ROW(コントロールシート旧!A23)>MAX(コントロールシート旧!AN$239:'コントロールシート旧'!AN$244),"",INDEX(コントロールシート旧!$H250:'コントロールシート旧'!$L255,MATCH(ROW(コントロールシート旧!A23),コントロールシート旧!$AN250:'コントロールシート旧'!$AN255,0),COLUMN(コントロールシート旧!A23))) | C53: =IF(ROW(コントロールシート旧!A23)>MAX(コントロールシート旧!AN$248:'コントロールシート旧'!AN$250),"",INDEX(コントロールシート旧!$H259:'コントロールシート旧'!$L262,MATCH(ROW(コントロールシート旧!A23),コントロールシート旧!$AN259:'コントロールシート旧'!$AN262,0),COLUMN(コントロールシート旧!A23))) | D53: =IF(ROW(コントロールシート旧!A23)>MAX(コントロールシート旧!AN$252:'コントロールシート旧'!AN$262),"",INDEX(コントロールシート旧!$H264:'コントロールシート旧'!$L273,MATCH(ROW(コントロールシート旧!A23),コントロールシート旧!$AN264:$AN273,0),COLUMN(コントロールシート旧!A23))) | E53: =IF(ROW(コントロールシート旧!A23)>MAX(コントロールシート旧!AN$264:'コントロールシート旧'!AN$267),"",INDEX(コントロールシート旧!$H275:'コントロールシート旧'!$L278,MATCH(ROW(コントロールシート旧!A23),コントロールシート旧!$AN275:$AN278,0),COLUMN(コントロールシート旧!A23))) | F53: =IF(ROW(コントロールシート旧!A23)>MAX(コントロールシート旧!AN$270:'コントロールシート旧'!AN$271),"",INDEX(コントロールシート旧!$H281:'コントロールシート旧'!$L282,MATCH(ROW(コントロールシート旧!A23),コントロールシート旧!$AO281:$AO282,0),COLUMN(コントロールシート旧!A23)))
B54: =IF(ROW(コントロールシート旧!A24)>MAX(コントロールシート旧!AN$239:'コントロールシート旧'!AN$244),"",INDEX(コントロールシート旧!$H251:'コントロールシート旧'!$L256,MATCH(ROW(コントロールシート旧!A24),コントロールシート旧!$AN251:'コントロールシート旧'!$AN256,0),COLUMN(コントロールシート旧!A24))) | C54: =IF(ROW(コントロールシート旧!A24)>MAX(コントロールシート旧!AN$248:'コントロールシート旧'!AN$250),"",INDEX(コントロールシート旧!$H260:'コントロールシート旧'!$L263,MATCH(ROW(コントロールシート旧!A24),コントロールシート旧!$AN260:'コントロールシート旧'!$AN263,0),COLUMN(コントロールシート旧!A24))) | D54: =IF(ROW(コントロールシート旧!A24)>MAX(コントロールシート旧!AN$252:'コントロールシート旧'!AN$262),"",INDEX(コントロールシート旧!$H265:'コントロールシート旧'!$L274,MATCH(ROW(コントロールシート旧!A24),コントロールシート旧!$AN265:$AN274,0),COLUMN(コントロールシート旧!A24))) | E54: =IF(ROW(コントロールシート旧!A24)>MAX(コントロールシート旧!AN$264:'コントロールシート旧'!AN$267),"",INDEX(コントロールシート旧!$H276:'コントロールシート旧'!$L279,MATCH(ROW(コントロールシート旧!A24),コントロールシート旧!$AN276:$AN279,0),COLUMN(コントロールシート旧!A24))) | F54: =IF(ROW(コントロールシート旧!A24)>MAX(コントロールシート旧!AN$270:'コントロールシート旧'!AN$271),"",INDEX(コントロールシート旧!$H282:'コントロールシート旧'!$L283,MATCH(ROW(コントロールシート旧!A24),コントロールシート旧!$AO282:$AO283,0),COLUMN(コントロールシート旧!A24)))
B55: =IF(ROW(コントロールシート旧!A25)>MAX(コントロールシート旧!AN$239:'コントロールシート旧'!AN$244),"",INDEX(コントロールシート旧!$H252:'コントロールシート旧'!$L257,MATCH(ROW(コントロールシート旧!A25),コントロールシート旧!$AN252:'コントロールシート旧'!$AN257,0),COLUMN(コントロールシート旧!A25))) | C55: =IF(ROW(コントロールシート旧!A25)>MAX(コントロールシート旧!AN$248:'コントロールシート旧'!AN$250),"",INDEX(コントロールシート旧!$H261:'コントロールシート旧'!$L264,MATCH(ROW(コントロールシート旧!A25),コントロールシート旧!$AN261:'コントロールシート旧'!$AN264,0),COLUMN(コントロールシート旧!A25))) | D55: =IF(ROW(コントロールシート旧!A25)>MAX(コントロールシート旧!AN$252:'コントロールシート旧'!AN$262),"",INDEX(コントロールシート旧!$H266:'コントロールシート旧'!$L275,MATCH(ROW(コントロールシート旧!A25),コントロールシート旧!$AN266:$AN275,0),COLUMN(コントロールシート旧!A25))) | E55: =IF(ROW(コントロールシート旧!A25)>MAX(コントロールシート旧!AN$264:'コントロールシート旧'!AN$267),"",INDEX(コントロールシート旧!$H277:'コントロールシート旧'!$L280,MATCH(ROW(コントロールシート旧!A25),コントロールシート旧!$AN277:$AN280,0),COLUMN(コントロールシート旧!A25))) | F55: =IF(ROW(コントロールシート旧!A25)>MAX(コントロールシート旧!AN$270:'コントロールシート旧'!AN$271),"",INDEX(コントロールシート旧!$H283:'コントロールシート旧'!$L284,MATCH(ROW(コントロールシート旧!A25),コントロールシート旧!$AO283:$AO284,0),COLUMN(コントロールシート旧!A25)))

Sheet リスト
A2: 計画策定の意義・目的 (A-1-1) | C2: 自社の地域で懸念されている災害の一覧整理 (B-1-1) | E2: 役割 (A-1-2) | G2: 周知媒体 (A-2-1)(G-2-1) | I2: 役割班（グループ） (B-3-1補足) (C-2-2) | K2: 災害時の役割 (B-3-1補足) (C-2-1) | M2: 代理役割 | O2: BCP発動時の連絡手段（C-2-1） | Q2: 保有人員・資機材(F-1-1) | S2: データ・文書のバックアップ (C-3-3) | U2: 訓練名称 (G-1-1) (H-1-1) (H-1-2)
A4: 大規模な地震が発生した場合、会社の施設や従業員及びその家族が被害を受け、当社の事業活動に大きな影響が及ぶことが予想される。 災害時には、重要業務の継続および万一中断した場合の早期復旧のために、平常時より事業継続に関する準備が必要となる。 当社では、重要業務を継続し、公共インフラおよび民間施主の復旧工事を通じて、経済･社会活動の早期復旧に協力するとともに、国および地方公共団体、民間施主の事業継続に貢献することを目指す。 | C4: 風水害 | E4: 総括 | G4: 紙 | I4: 災害対策本部 | K4: 災害対策本部長 | M4: 災害対策本部長代理 | O4: 固定電話 | Q4: 人員 | S4: 紙 | U4: 避難・誘導訓練
A5: 社員、その家族の生命・身体の安全確保に全力をつくす | C5: 地震 | E5: Ａ 重要業務の選定と目標時間の把握 | G5: ホームページ | I5: 対外班 | K5: 災害対策副本部長 | M5: 事務局長代理 | O5: FAX | Q5: 資機材 | S5: 紙・データ | U5: 安否確認訓練
A6: 会社施設等の被害の最小化に努める | C6: 津波 | E6: Ｂ 災害時の対応体制 | G6: 電子データ | I6: 安否確認班 | K6: 安否確認 | M6: 班長代理 | O6: 電子メール | Q6: その他 | S6: データ | U6: 実施参集訓練
A7: 救援活動・復旧活動に全面的に協力する | C7: 火災 | E7: Ｃ 対応拠点の確保 | G7: 社内サイト | I7: 設備班 | K7: 重要取引先との連絡と調整 | O7: 携帯番号 | U7: その他訓練
A8: 施工中の建物の倒壊などによる近隣地域への二次災害の発生を防止し地域の方々の安全確保を図る | C8: 土砂災害 | E8: Ｄ 情報発信・情報共有 | I8: 救護班 | K8: 災害協定業務 その他の応急・復旧業務 | O8: 携帯メール
A9: 当社施工物件の被害状況を迅速に把握し、お客様の事業継続に向けた応急措置および適切な復旧活動に協力する | C9: 雪害 | E9: Ｅ 人員と資機材の調達 | K9: 事務局 | O9: SMS（ショートメッセージ）
A10: 災害などのリスクに強い企業となることを目指し、事業継続計画を定期的に見直し、改善する | C10: 感染症 | E10: Ｆ 訓練計画と定期点検計画 | O10: SNS（X（旧Twitter）など）
C11: サイバー攻撃

Sheet C-1-2、E-1-2、B-3-1作成用
A1: ※B列以降に計算式が入っているので注意！ | B1: =IF(名簿!C6<>"",名簿!C6,"") | C1: =IF(名簿!F6<>"",名簿!F6,"") | D1: =IF(名簿!G6<>"",名簿!G6,"") | E1: =IF(名簿!J6<>"",名簿!J6,"") | F1: =IF(名簿!L6<>"",名簿!L6,"") | G1: =IF(名簿!I6<>"",名簿!I6,"") | H1: =IF(名簿!K6<>"",名簿!K6,"") | I1: =IF(名簿!H6<>"",名簿!H6,"") | J1: =IF(名簿!S6<>"",名簿!S6,"") | L1: =IF(現場!C5<>"",現場!C5,"") | M1: =IF(現場!D5<>"",現場!D5,"") | N1: =IF(現場!E5<>"",現場!E5,"") | O1: =IF(現場!F5<>"",現場!F5,"") | P1: =IF(現場!G5<>"",現場!G5,"") | Q1: =IF(現場!H5<>"",現場!H5,"") | R1: =IF(現場!I5<>"",現場!I5,"") | S1: =IF(現場!J5<>"",現場!J5,"") | ... V1: =IF(現場!M5<>"",現場!M5,"") | X1: =IF(名簿!E6<>"",名簿!E6,"") | Y1: =IF(名簿!C6<>"",名簿!C6,"") | Z1: =IF(名簿!H6<>"",名簿!H6,"") | AA1: =IF(名簿!S6<>"",名簿!S6,"") | AB1: 自宅 | AC1: =IF(名簿!M6<>"",名簿!M6,"") | AD1: =IF(名簿!N6<>"",名簿!N6,"") | AE1: =IF(名簿!O6<>"",名簿!O6,"") | AF1: =IF(名簿!P6<>"",名簿!P6,"") | AI1: 安否確認班 | AJ1: 対外班 | AK1: 設備班 | AL1: 救護班
B2: =IF(名簿!C7<>"",名簿!C7,"") | C2: =IF(名簿!F7<>"",名簿!F7,"") | D2: =IF(名簿!G7<>"",名簿!G7,"") | E2: =IF(名簿!J7<>"",名簿!J7,"") | F2: =IF(名簿!L7<>"",名簿!L7,"") | G2: =IF(名簿!I7<>"",名簿!I7,"") | H2: =IF(名簿!K7<>"",名簿!K7,"") | I2: =IF(名簿!H7<>"",名簿!H7,"") | J2: =IF(名簿!S7<>"",名簿!S7,"") | L2: =IF(現場!C6<>"",現場!C6,"") | M2: =IF(現場!D6<>"",現場!D6,"") | N2: =IF(現場!E6<>"",現場!E6,"") | O2: =IF(現場!F6<>"",現場!F6,"") | P2: =IF(現場!G6<>"",現場!G6,"") | Q2: =IF(現場!H6<>"",現場!H6,"") | R2: =IF(現場!I6<>"",現場!I6,"") | S2: =IF(現場!J6<>"",現場!J6,"") | ... V2: =IF(現場!M6<>"",現場!M6,"") | X2: =IF(名簿!E7<>"",名簿!E7,"") | Y2: =IF(名簿!C7<>"",名簿!C7,"") | Z2: =IF(名簿!H7<>"",名簿!H7,"") | AA2: =IF(名簿!S7<>"",名簿!S7,"") | AB2: 自宅 | AC2: =IF(名簿!M7<>"",名簿!M7,"") | AD2: =IF(名簿!N7<>"",名簿!N7,"") | AE2: =IF(名簿!O7<>"",名簿!O7,"") | AF2: =IF(名簿!P7<>"",名簿!P7,"") | AI2: =IF(COUNTIF('C-1-2、E-1-2、B-3-1作成用'!$AQ:$AQ,AI1&"○")=0,"班長：のこり１","班長：のこり0") -> 班長：のこり１ | AJ2: =IF(COUNTIF('C-1-2、E-1-2、B-3-1作成用'!$AQ:$AQ,AJ1&"○")=0,"班長：のこり１","班長：のこり0") -> 班長：のこり１ | AK2: =IF(COUNTIF('C-1-2、E-1-2、B-3-1作成用'!$AQ:$AQ,AK1&"○")=0,"班長：のこり１","班長：のこり0") -> 班長：のこり１ | AL2: =IF(COUNTIF('C-1-2、E-1-2、B-3-1作成用'!$AQ:$AQ,AL1&"○")=0,"班長：のこり１","班長：のこり0") -> 班長：のこり１ | AQ2: 列23 | AR2: 列34
A3: 列B～J：from名簿(C-1-2) | B3: =IF(名簿!C8<>"",名簿!C8,"") | C3: =IF(名簿!F8<>"",名簿!F8,"") | D3: =IF(名簿!G8<>"",名簿!G8,"") | E3: =IF(名簿!J8<>"",名簿!J8,"") | F3: =IF(名簿!L8<>"",名簿!L8,"") | G3: =IF(名簿!I8<>"",名簿!I8,"") | H3: =IF(名簿!K8<>"",名簿!K8,"") | I3: =IF(名簿!H8<>"",名簿!H8,"") | J3: =IF(名簿!S8<>"",名簿!S8,"") | L3: =IF(現場!C7<>"",現場!C7,"") | M3: =IF(現場!D7<>"",現場!D7,"") | N3: =IF(現場!E7<>"",現場!E7,"") | O3: =IF(現場!F7<>"",現場!F7,"") | P3: =IF(現場!G7<>"",現場!G7,"") | Q3: =IF(現場!H7<>"",現場!H7,"") | R3: =IF(現場!I7<>"",現場!I7,"") | S3: =IF(現場!J7<>"",現場!J7,"") | ... V3: =IF(現場!M7<>"",現場!M7,"") | X3: =IF(名簿!E8<>"",名簿!E8,"") | Y3: =IF(名簿!C8<>"",名簿!C8,"") | Z3: =IF(名簿!H8<>"",名簿!H8,"") | AA3: =IF(名簿!S8<>"",名簿!S8,"") | AB3: 自宅 | AC3: =IF(名簿!M8<>"",名簿!M8,"") | AD3: =IF(名簿!N8<>"",名簿!N8,"") | AE3: =IF(名簿!O8<>"",名簿!O8,"") | AF3: =IF(名簿!P8<>"",名簿!P8,"") | AI3: =IF(3-(COUNTIF($AN:$AN,AI1&"①")+COUNTIF($AN:$AN,AI1&"②")+COUNTIF($AN:$AN,AI1&"③"))=0,"代理：のこり0","代理：のこり"&3-(COUNTIF($AN:$AN,AI1&"①")+COUNTIF($AN:$AN,AI1&"②")+COUNTIF($AN:$AN,AI1&"③"))) -> 代理：のこり3 | AJ3: =IF(3-(COUNTIF($AN:$AN,AJ1&"①")+COUNTIF($AN:$AN,AJ1&"②")+COUNTIF($AN:$AN,AJ1&"③"))=0,"代理：のこり0","代理：のこり"&3-(COUNTIF($AN:$AN,AJ1&"①")+COUNTIF($AN:$AN,AJ1&"②")+COUNTIF($AN:$AN,AJ1&"③"))) -> 代理：のこり3 | AK3: =IF(3-(COUNTIF($AN:$AN,AK1&"①")+COUNTIF($AN:$AN,AK1&"②")+COUNTIF($AN:$AN,AK1&"③"))=0,"代理：のこり0","代理：のこり"&3-(COUNTIF($AN:$AN,AK1&"①")+COUNTIF($AN:$AN,AK1&"②")+COUNTIF($AN:$AN,AK1&"③"))) -> 代理：のこり3 | AL3: =IF(3-(COUNTIF($AN:$AN,AL1&"①")+COUNTIF($AN:$AN,AL1&"②")+COUNTIF($AN:$AN,AL1&"③"))=0,"代理：のこり0","代理：のこり"&3-(COUNTIF($AN:$AN,AL1&"①")+COUNTIF($AN:$AN,AL1&"②")+COUNTIF($AN:$AN,AL1&"③"))) -> 代理：のこり3 | AN3: =テーブル2[[#This Row],[災害発生時の 体制]]&テーブル2[[#This Row],[班長代理①②③を選択]] -> 災害発生時に担当する班を設定してください。 （各班の説明は「記入シート C-2-1に記載しています。）各班で班長の代理を3人決定してください。 候補が高い順で①②③を選択ください。 | AO3: =IF(テーブル2[[#This Row],[班長代理①②③を選択]]<>"",COUNTIF(AN:AN,AN3),0) -> 1 | AQ3: =テーブル2[[#This Row],[災害発生時の 体制]]&テーブル2[[#This Row],[班長]] -> 災害発生時に担当する班を設定してください。 （各班の説明は「記入シート C-2-1に記載しています。）班長は「○」を付けてください。 （班長は1人のみ設定してください。） | AR3: =IF(テーブル2[[#This Row],[班長]]="○",COUNTIF(AQ:AQ,AQ3),0) -> 0
B4: =IF(名簿!C9<>"",名簿!C9,"") | C4: =IF(名簿!F9<>"",名簿!F9,"") | D4: =IF(名簿!G9<>"",名簿!G9,"") | E4: =IF(名簿!J9<>"",名簿!J9,"") | F4: =IF(名簿!L9<>"",名簿!L9,"") | G4: =IF(名簿!I9<>"",名簿!I9,"") | H4: =IF(名簿!K9<>"",名簿!K9,"") | I4: =IF(名簿!H9<>"",名簿!H9,"") | J4: =IF(名簿!S9<>"",名簿!S9,"") | L4: =IF(現場!C8<>"",現場!C8,"") | M4: =IF(現場!D8<>"",現場!D8,"") | N4: =IF(現場!E8<>"",現場!E8,"") | O4: =IF(現場!F8<>"",現場!F8,"") | P4: =IF(現場!G8<>"",現場!G8,"") | Q4: =IF(現場!H8<>"",現場!H8,"") | R4: =IF(現場!I8<>"",現場!I8,"") | S4: =IF(現場!J8<>"",現場!J8,"") | ... V4: =IF(現場!M8<>"",現場!M8,"") | X4: =IF(名簿!E9<>"",名簿!E9,"") | Y4: =IF(名簿!C9<>"",名簿!C9,"") | Z4: =IF(名簿!H9<>"",名簿!H9,"") | AA4: =IF(名簿!S9<>"",名簿!S9,"") | AB4: 自宅 | AC4: =IF(名簿!M9<>"",名簿!M9,"") | AD4: =IF(名簿!N9<>"",名簿!N9,"") | AE4: =IF(名簿!O9<>"",名簿!O9,"") | AF4: =IF(名簿!P9<>"",名簿!P9,"") | AN4: =テーブル2[[#This Row],[災害発生時の 体制]]&テーブル2[[#This Row],[班長代理①②③を選択]] -> （例）災害対策本部 | AO4: =IF(テーブル2[[#This Row],[班長代理①②③を選択]]<>"",COUNTIF(AN:AN,AN4),0) -> 0 | AQ4: =テーブル2[[#This Row],[災害発生時の 体制]]&テーブル2[[#This Row],[班長]] -> （例）災害対策本部 | AR4: =IF(テーブル2[[#This Row],[班長]]="○",COUNTIF(AQ:AQ,AQ4),0) -> 0
A5: 列L～V：from現場(E-1-2) | B5: =IF(名簿!C10<>"",名簿!C10,"") | C5: =IF(名簿!F10<>"",名簿!F10,"") | D5: =IF(名簿!G10<>"",名簿!G10,"") | E5: =IF(名簿!J10<>"",名簿!J10,"") | F5: =IF(名簿!L10<>"",名簿!L10,"") | G5: =IF(名簿!I10<>"",名簿!I10,"") | H5: =IF(名簿!K10<>"",名簿!K10,"") | I5: =IF(名簿!H10<>"",名簿!H10,"") | J5: =IF(名簿!S10<>"",名簿!S10,"") | L5: =IF(現場!C9<>"",現場!C9,"") | M5: =IF(現場!D9<>"",現場!D9,"") | N5: =IF(現場!E9<>"",現場!E9,"") | O5: =IF(現場!F9<>"",現場!F9,"") | P5: =IF(現場!G9<>"",現場!G9,"") | Q5: =IF(現場!H9<>"",現場!H9,"") | R5: =IF(現場!I9<>"",現場!I9,"") | S5: =IF(現場!J9<>"",現場!J9,"") | ... V5: =IF(現場!M9<>"",現場!M9,"") | X5: =IF(名簿!E10<>"",名簿!E10,"") | Y5: =IF(名簿!C10<>"",名簿!C10,"") | Z5: =IF(名簿!H10<>"",名簿!H10,"") | AA5: =IF(名簿!S10<>"",名簿!S10,"") | AB5: 自宅 | AC5: =IF(名簿!M10<>"",名簿!M10,"") | AD5: =IF(名簿!N10<>"",名簿!N10,"") | AE5: =IF(名簿!O10<>"",名簿!O10,"") | AF5: =IF(名簿!P10<>"",名簿!P10,"") | AN5: =テーブル2[[#This Row],[災害発生時の 体制]]&テーブル2[[#This Row],[班長代理①②③を選択]] | AO5: =IF(テーブル2[[#This Row],[班長代理①②③を選択]]<>"",COUNTIF(AN:AN,AN5),0) -> 0 | AQ5: =テーブル2[[#This Row],[災害発生時の 体制]]&テーブル2[[#This Row],[班長]] | AR5: =IF(テーブル2[[#This Row],[班長]]="○",COUNTIF(AQ:AQ,AQ5),0) -> 0
B6: =IF(名簿!C11<>"",名簿!C11,"") | C6: =IF(名簿!F11<>"",名簿!F11,"") | D6: =IF(名簿!G11<>"",名簿!G11,"") | E6: =IF(名簿!J11<>"",名簿!J11,"") | F6: =IF(名簿!L11<>"",名簿!L11,"") | G6: =IF(名簿!I11<>"",名簿!I11,"") | H6: =IF(名簿!K11<>"",名簿!K11,"") | I6: =IF(名簿!H11<>"",名簿!H11,"") | J6: =IF(名簿!S11<>"",名簿!S11,"") | L6: =IF(現場!C10<>"",現場!C10,"") | M6: =IF(現場!D10<>"",現場!D10,"") | N6: =IF(現場!E10<>"",現場!E10,"") | O6: =IF(現場!F10<>"",現場!F10,"") | P6: =IF(現場!G10<>"",現場!G10,"") | Q6: =IF(現場!H10<>"",現場!H10,"") | R6: =IF(現場!I10<>"",現場!I10,"") | S6: =IF(現場!J10<>"",現場!J10,"") | ... V6: =IF(現場!M10<>"",現場!M10,"") | X6: =IF(名簿!E11<>"",名簿!E11,"") | Y6: =IF(名簿!C11<>"",名簿!C11,"") | Z6: =IF(名簿!H11<>"",名簿!H11,"") | AA6: =IF(名簿!S11<>"",名簿!S11,"") | AB6: 自宅 | AC6: =IF(名簿!M11<>"",名簿!M11,"") | AD6: =IF(名簿!N11<>"",名簿!N11,"") | AE6: =IF(名簿!O11<>"",名簿!O11,"") | AF6: =IF(名簿!P11<>"",名簿!P11,"") | AN6: =テーブル2[[#This Row],[災害発生時の 体制]]&テーブル2[[#This Row],[班長代理①②③を選択]] | AO6: =IF(テーブル2[[#This Row],[班長代理①②③を選択]]<>"",COUNTIF(AN:AN,AN6),0) -> 0 | AQ6: =テーブル2[[#This Row],[災害発生時の 体制]]&テーブル2[[#This Row],[班長]] | AR6: =IF(テーブル2[[#This Row],[班長]]="○",COUNTIF(AQ:AQ,AQ6),0) -> 0
A7: 列X～AF:from名簿(B-3-1 補足（必須）) | B7: =IF(名簿!C12<>"",名簿!C12,"") | C7: =IF(名簿!F12<>"",名簿!F12,"") | D7: =IF(名簿!G12<>"",名簿!G12,"") | E7: =IF(名簿!J12<>"",名簿!J12,"") | F7: =IF(名簿!L12<>"",名簿!L12,"") | G7: =IF(名簿!I12<>"",名簿!I12,"") | H7: =IF(名簿!K12<>"",名簿!K12,"") | I7: =IF(名簿!H12<>"",名簿!H12,"") | J7: =IF(名簿!S12<>"",名簿!S12,"") | L7: =IF(現場!C11<>"",現場!C11,"") | M7: =IF(現場!D11<>"",現場!D11,"") | N7: =IF(現場!E11<>"",現場!E11,"") | O7: =IF(現場!F11<>"",現場!F11,"") | P7: =IF(現場!G11<>"",現場!G11,"") | Q7: =IF(現場!H11<>"",現場!H11,"") | R7: =IF(現場!I11<>"",現場!I11,"") | S7: =IF(現場!J11<>"",現場!J11,"") | ... V7: =IF(現場!M11<>"",現場!M11,"") | X7: =IF(名簿!E12<>"",名簿!E12,"") | Y7: =IF(名簿!C12<>"",名簿!C12,"") | Z7: =IF(名簿!H12<>"",名簿!H12,"") | AA7: =IF(名簿!S12<>"",名簿!S12,"") | AB7: 自宅 | AC7: =IF(名簿!M12<>"",名簿!M12,"") | AD7: =IF(名簿!N12<>"",名簿!N12,"") | AE7: =IF(名簿!O12<>"",名簿!O12,"") | AF7: =IF(名簿!P12<>"",名簿!P12,"") | AN7: =テーブル2[[#This Row],[災害発生時の 体制]]&テーブル2[[#This Row],[班長代理①②③を選択]] | AO7: =IF(テーブル2[[#This Row],[班長代理①②③を選択]]<>"",COUNTIF(AN:AN,AN7),0) -> 0 | AQ7: =テーブル2[[#This Row],[災害発生時の 体制]]&テーブル2[[#This Row],[班長]] | AR7: =IF(テーブル2[[#This Row],[班長]]="○",COUNTIF(AQ:AQ,AQ7),0) -> 0
B8: =IF(名簿!C13<>"",名簿!C13,"") | C8: =IF(名簿!F13<>"",名簿!F13,"") | D8: =IF(名簿!G13<>"",名簿!G13,"") | E8: =IF(名簿!J13<>"",名簿!J13,"") | F8: =IF(名簿!L13<>"",名簿!L13,"") | G8: =IF(名簿!I13<>"",名簿!I13,"") | H8: =IF(名簿!K13<>"",名簿!K13,"") | I8: =IF(名簿!H13<>"",名簿!H13,"") | J8: =IF(名簿!S13<>"",名簿!S13,"") | L8: =IF(現場!C12<>"",現場!C12,"") | M8: =IF(現場!D12<>"",現場!D12,"") | N8: =IF(現場!E12<>"",現場!E12,"") | O8: =IF(現場!F12<>"",現場!F12,"") | P8: =IF(現場!G12<>"",現場!G12,"") | Q8: =IF(現場!H12<>"",現場!H12,"") | R8: =IF(現場!I12<>"",現場!I12,"") | S8: =IF(現場!J12<>"",現場!J12,"") | ... V8: =IF(現場!M12<>"",現場!M12,"") | X8: =IF(名簿!E13<>"",名簿!E13,"") | Y8: =IF(名簿!C13<>"",名簿!C13,"") | Z8: =IF(名簿!H13<>"",名簿!H13,"") | AA8: =IF(名簿!S13<>"",名簿!S13,"") | AB8: 自宅 | AC8: =IF(名簿!M13<>"",名簿!M13,"") | AD8: =IF(名簿!N13<>"",名簿!N13,"") | AE8: =IF(名簿!O13<>"",名簿!O13,"") | AF8: =IF(名簿!P13<>"",名簿!P13,"") | AN8: =テーブル2[[#This Row],[災害発生時の 体制]]&テーブル2[[#This Row],[班長代理①②③を選択]] | AO8: =IF(テーブル2[[#This Row],[班長代理①②③を選択]]<>"",COUNTIF(AN:AN,AN8),0) -> 0 | AQ8: =テーブル2[[#This Row],[災害発生時の 体制]]&テーブル2[[#This Row],[班長]] | AR8: =IF(テーブル2[[#This Row],[班長]]="○",COUNTIF(AQ:AQ,AQ8),0) -> 0
B9: =IF(名簿!C14<>"",名簿!C14,"") | C9: =IF(名簿!F14<>"",名簿!F14,"") | D9: =IF(名簿!G14<>"",名簿!G14,"") | E9: =IF(名簿!J14<>"",名簿!J14,"") | F9: =IF(名簿!L14<>"",名簿!L14,"") | G9: =IF(名簿!I14<>"",名簿!I14,"") | H9: =IF(名簿!K14<>"",名簿!K14,"") | I9: =IF(名簿!H14<>"",名簿!H14,"") | J9: =IF(名簿!S14<>"",名簿!S14,"") | L9: =IF(現場!C13<>"",現場!C13,"") | M9: =IF(現場!D13<>"",現場!D13,"") | N9: =IF(現場!E13<>"",現場!E13,"") | O9: =IF(現場!F13<>"",現場!F13,"") | P9: =IF(現場!G13<>"",現場!G13,"") | Q9: =IF(現場!H13<>"",現場!H13,"") | R9: =IF(現場!I13<>"",現場!I13,"") | S9: =IF(現場!J13<>"",現場!J13,"") | ... V9: =IF(現場!M13<>"",現場!M13,"") | X9: =IF(名簿!E14<>"",名簿!E14,"") | Y9: =IF(名簿!C14<>"",名簿!C14,"") | Z9: =IF(名簿!H14<>"",名簿!H14,"") | AA9: =IF(名簿!S14<>"",名簿!S14,"") | AB9: 自宅 | AC9: =IF(名簿!M14<>"",名簿!M14,"") | AD9: =IF(名簿!N14<>"",名簿!N14,"") | AE9: =IF(名簿!O14<>"",名簿!O14,"") | AF9: =IF(名簿!P14<>"",名簿!P14,"") | AN9: =テーブル2[[#This Row],[災害発生時の 体制]]&テーブル2[[#This Row],[班長代理①②③を選択]] | AO9: =IF(テーブル2[[#This Row],[班長代理①②③を選択]]<>"",COUNTIF(AN:AN,AN9),0) -> 0 | AQ9: =テーブル2[[#This Row],[災害発生時の 体制]]&テーブル2[[#This Row],[班長]] | AR9: =IF(テーブル2[[#This Row],[班長]]="○",COUNTIF(AQ:AQ,AQ9),0) -> 0
B10: =IF(名簿!C15<>"",名簿!C15,"") | C10: =IF(名簿!F15<>"",名簿!F15,"") | D10: =IF(名簿!G15<>"",名簿!G15,"") | E10: =IF(名簿!J15<>"",名簿!J15,"") | F10: =IF(名簿!L15<>"",名簿!L15,"") | G10: =IF(名簿!I15<>"",名簿!I15,"") | H10: =IF(名簿!K15<>"",名簿!K15,"") | I10: =IF(名簿!H15<>"",名簿!H15,"") | J10: =IF(名簿!S15<>"",名簿!S15,"") | L10: =IF(現場!C14<>"",現場!C14,"") | M10: =IF(現場!D14<>"",現場!D14,"") | N10: =IF(現場!E14<>"",現場!E14,"") | O10: =IF(現場!F14<>"",現場!F14,"") | P10: =IF(現場!G14<>"",現場!G14,"") | Q10: =IF(現場!H14<>"",現場!H14,"") | R10: =IF(現場!I14<>"",現場!I14,"") | S10: =IF(現場!J14<>"",現場!J14,"") | ... V10: =IF(現場!M14<>"",現場!M14,"") | X10: =IF(名簿!E15<>"",名簿!E15,"") | Y10: =IF(名簿!C15<>"",名簿!C15,"") | Z10: =IF(名簿!H15<>"",名簿!H15,"") | AA10: =IF(名簿!S15<>"",名簿!S15,"") | AB10: 自宅 | AC10: =IF(名簿!M15<>"",名簿!M15,"") | AD10: =IF(名簿!N15<>"",名簿!N15,"") | AE10: =IF(名簿!O15<>"",名簿!O15,"") | AF10: =IF(名簿!P15<>"",名簿!P15,"") | AN10: =テーブル2[[#This Row],[災害発生時の 体制]]&テーブル2[[#This Row],[班長代理①②③を選択]] | AO10: =IF(テーブル2[[#This Row],[班長代理①②③を選択]]<>"",COUNTIF(AN:AN,AN10),0) -> 0 | AQ10: =テーブル2[[#This Row],[災害発生時の 体制]]&テーブル2[[#This Row],[班長]] | AR10: =IF(テーブル2[[#This Row],[班長]]="○",COUNTIF(AQ:AQ,AQ10),0) -> 0
B11: =IF(名簿!C16<>"",名簿!C16,"") | C11: =IF(名簿!F16<>"",名簿!F16,"") | D11: =IF(名簿!G16<>"",名簿!G16,"") | E11: =IF(名簿!J16<>"",名簿!J16,"") | F11: =IF(名簿!L16<>"",名簿!L16,"") | G11: =IF(名簿!I16<>"",名簿!I16,"") | H11: =IF(名簿!K16<>"",名簿!K16,"") | I11: =IF(名簿!H16<>"",名簿!H16,"") | J11: =IF(名簿!S16<>"",名簿!S16,"") | L11: =IF(現場!C15<>"",現場!C15,"") | M11: =IF(現場!D15<>"",現場!D15,"") | N11: =IF(現場!E15<>"",現場!E15,"") | O11: =IF(現場!F15<>"",現場!F15,"") | P11: =IF(現場!G15<>"",現場!G15,"") | Q11: =IF(現場!H15<>"",現場!H15,"") | R11: =IF(現場!I15<>"",現場!I15,"") | S11: =IF(現場!J15<>"",現場!J15,"") | ... V11: =IF(現場!M15<>"",現場!M15,"") | X11: =IF(名簿!E16<>"",名簿!E16,"") | Y11: =IF(名簿!C16<>"",名簿!C16,"") | Z11: =IF(名簿!H16<>"",名簿!H16,"") | AA11: =IF(名簿!S16<>"",名簿!S16,"") | AB11: 自宅 | AC11: =IF(名簿!M16<>"",名簿!M16,"") | AD11: =IF(名簿!N16<>"",名簿!N16,"") | AE11: =IF(名簿!O16<>"",名簿!O16,"") | AF11: =IF(名簿!P16<>"",名簿!P16,"") | AN11: =テーブル2[[#This Row],[災害発生時の 体制]]&テーブル2[[#This Row],[班長代理①②③を選択]] | AO11: =IF(テーブル2[[#This Row],[班長代理①②③を選択]]<>"",COUNTIF(AN:AN,AN11),0) -> 0 | AQ11: =テーブル2[[#This Row],[災害発生時の 体制]]&テーブル2[[#This Row],[班長]] | AR11: =IF(テーブル2[[#This Row],[班長]]="○",COUNTIF(AQ:AQ,AQ11),0) -> 0
B12: =IF(名簿!C17<>"",名簿!C17,"") | C12: =IF(名簿!F17<>"",名簿!F17,"") | D12: =IF(名簿!G17<>"",名簿!G17,"") | E12: =IF(名簿!J17<>"",名簿!J17,"") | F12: =IF(名簿!L17<>"",名簿!L17,"") | G12: =IF(名簿!I17<>"",名簿!I17,"") | H12: =IF(名簿!K17<>"",名簿!K17,"") | I12: =IF(名簿!H17<>"",名簿!H17,"") | J12: =IF(名簿!S17<>"",名簿!S17,"") | L12: =IF(現場!C16<>"",現場!C16,"") | M12: =IF(現場!D16<>"",現場!D16,"") | N12: =IF(現場!E16<>"",現場!E16,"") | O12: =IF(現場!F16<>"",現場!F16,"") | P12: =IF(現場!G16<>"",現場!G16,"") | Q12: =IF(現場!H16<>"",現場!H16,"") | R12: =IF(現場!I16<>"",現場!I16,"") | S12: =IF(現場!J16<>"",現場!J16,"") | ... V12: =IF(現場!M16<>"",現場!M16,"") | X12: =IF(名簿!E17<>"",名簿!E17,"") | Y12: =IF(名簿!C17<>"",名簿!C17,"") | Z12: =IF(名簿!H17<>"",名簿!H17,"") | AA12: =IF(名簿!S17<>"",名簿!S17,"") | AB12: 自宅 | AC12: =IF(名簿!M17<>"",名簿!M17,"") | AD12: =IF(名簿!N17<>"",名簿!N17,"") | AE12: =IF(名簿!O17<>"",名簿!O17,"") | AF12: =IF(名簿!P17<>"",名簿!P17,"") | AN12: =テーブル2[[#This Row],[災害発生時の 体制]]&テーブル2[[#This Row],[班長代理①②③を選択]] | AO12: =IF(テーブル2[[#This Row],[班長代理①②③を選択]]<>"",COUNTIF(AN:AN,AN12),0) -> 0 | AQ12: =テーブル2[[#This Row],[災害発生時の 体制]]&テーブル2[[#This Row],[班長]] | AR12: =IF(テーブル2[[#This Row],[班長]]="○",COUNTIF(AQ:AQ,AQ12),0) -> 0
B13: =IF(名簿!C18<>"",名簿!C18,"") | C13: =IF(名簿!F18<>"",名簿!F18,"") | D13: =IF(名簿!G18<>"",名簿!G18,"") | E13: =IF(名簿!J18<>"",名簿!J18,"") | F13: =IF(名簿!L18<>"",名簿!L18,"") | G13: =IF(名簿!I18<>"",名簿!I18,"") | H13: =IF(名簿!K18<>"",名簿!K18,"") | I13: =IF(名簿!H18<>"",名簿!H18,"") | J13: =IF(名簿!S18<>"",名簿!S18,"") | L13: =IF(現場!C17<>"",現場!C17,"") | M13: =IF(現場!D17<>"",現場!D17,"") | N13: =IF(現場!E17<>"",現場!E17,"") | O13: =IF(現場!F17<>"",現場!F17,"") | P13: =IF(現場!G17<>"",現場!G17,"") | Q13: =IF(現場!H17<>"",現場!H17,"") | R13: =IF(現場!I17<>"",現場!I17,"") | S13: =IF(現場!J17<>"",現場!J17,"") | ... V13: =IF(現場!M17<>"",現場!M17,"") | X13: =IF(名簿!E18<>"",名簿!E18,"") | Y13: =IF(名簿!C18<>"",名簿!C18,"") | Z13: =IF(名簿!H18<>"",名簿!H18,"") | AA13: =IF(名簿!S18<>"",名簿!S18,"") | AB13: 自宅 | AC13: =IF(名簿!M18<>"",名簿!M18,"") | AD13: =IF(名簿!N18<>"",名簿!N18,"") | AE13: =IF(名簿!O18<>"",名簿!O18,"") | AF13: =IF(名簿!P18<>"",名簿!P18,"") | AN13: =テーブル2[[#This Row],[災害発生時の 体制]]&テーブル2[[#This Row],[班長代理①②③を選択]] | AO13: =IF(テーブル2[[#This Row],[班長代理①②③を選択]]<>"",COUNTIF(AN:AN,AN13),0) -> 0 | AQ13: =テーブル2[[#This Row],[災害発生時の 体制]]&テーブル2[[#This Row],[班長]] | AR13: =IF(テーブル2[[#This Row],[班長]]="○",COUNTIF(AQ:AQ,AQ13),0) -> 0
B14: =IF(名簿!C19<>"",名簿!C19,"") | C14: =IF(名簿!F19<>"",名簿!F19,"") | D14: =IF(名簿!G19<>"",名簿!G19,"") | E14: =IF(名簿!J19<>"",名簿!J19,"") | F14: =IF(名簿!L19<>"",名簿!L19,"") | G14: =IF(名簿!I19<>"",名簿!I19,"") | H14: =IF(名簿!K19<>"",名簿!K19,"") | I14: =IF(名簿!H19<>"",名簿!H19,"") | J14: =IF(名簿!S19<>"",名簿!S19,"") | L14: =IF(現場!C18<>"",現場!C18,"") | M14: =IF(現場!D18<>"",現場!D18,"") | N14: =IF(現場!E18<>"",現場!E18,"") | O14: =IF(現場!F18<>"",現場!F18,"") | P14: =IF(現場!G18<>"",現場!G18,"") | Q14: =IF(現場!H18<>"",現場!H18,"") | R14: =IF(現場!I18<>"",現場!I18,"") | S14: =IF(現場!J18<>"",現場!J18,"") | ... V14: =IF(現場!M18<>"",現場!M18,"") | X14: =IF(名簿!E19<>"",名簿!E19,"") | Y14: =IF(名簿!C19<>"",名簿!C19,"") | Z14: =IF(名簿!H19<>"",名簿!H19,"") | AA14: =IF(名簿!S19<>"",名簿!S19,"") | AB14: 自宅 | AC14: =IF(名簿!M19<>"",名簿!M19,"") | AD14: =IF(名簿!N19<>"",名簿!N19,"") | AE14: =IF(名簿!O19<>"",名簿!O19,"") | AF14: =IF(名簿!P19<>"",名簿!P19,"") | AN14: =テーブル2[[#This Row],[災害発生時の 体制]]&テーブル2[[#This Row],[班長代理①②③を選択]] | AO14: =IF(テーブル2[[#This Row],[班長代理①②③を選択]]<>"",COUNTIF(AN:AN,AN14),0) -> 0 | AQ14: =テーブル2[[#This Row],[災害発生時の 体制]]&テーブル2[[#This Row],[班長]] | AR14: =IF(テーブル2[[#This Row],[班長]]="○",COUNTIF(AQ:AQ,AQ14),0) -> 0
B15: =IF(名簿!C20<>"",名簿!C20,"") | C15: =IF(名簿!F20<>"",名簿!F20,"") | D15: =IF(名簿!G20<>"",名簿!G20,"") | E15: =IF(名簿!J20<>"",名簿!J20,"") | F15: =IF(名簿!L20<>"",名簿!L20,"") | G15: =IF(名簿!I20<>"",名簿!I20,"") | H15: =IF(名簿!K20<>"",名簿!K20,"") | I15: =IF(名簿!H20<>"",名簿!H20,"") | J15: =IF(名簿!S20<>"",名簿!S20,"") | L15: =IF(現場!C19<>"",現場!C19,"") | M15: =IF(現場!D19<>"",現場!D19,"") | N15: =IF(現場!E19<>"",現場!E19,"") | O15: =IF(現場!F19<>"",現場!F19,"") | P15: =IF(現場!G19<>"",現場!G19,"") | Q15: =IF(現場!H19<>"",現場!H19,"") | R15: =IF(現場!I19<>"",現場!I19,"") | S15: =IF(現場!J19<>"",現場!J19,"") | ... V15: =IF(現場!M19<>"",現場!M19,"") | X15: =IF(名簿!E20<>"",名簿!E20,"") | Y15: =IF(名簿!C20<>"",名簿!C20,"") | Z15: =IF(名簿!H20<>"",名簿!H20,"") | AA15: =IF(名簿!S20<>"",名簿!S20,"") | AB15: 自宅 | AC15: =IF(名簿!M20<>"",名簿!M20,"") | AD15: =IF(名簿!N20<>"",名簿!N20,"") | AE15: =IF(名簿!O20<>"",名簿!O20,"") | AF15: =IF(名簿!P20<>"",名簿!P20,"") | AN15: =テーブル2[[#This Row],[災害発生時の 体制]]&テーブル2[[#This Row],[班長代理①②③を選択]] | AO15: =IF(テーブル2[[#This Row],[班長代理①②③を選択]]<>"",COUNTIF(AN:AN,AN15),0) -> 0 | AQ15: =テーブル2[[#This Row],[災害発生時の 体制]]&テーブル2[[#This Row],[班長]] | AR15: =IF(テーブル2[[#This Row],[班長]]="○",COUNTIF(AQ:AQ,AQ15),0) -> 0
B16: =IF(名簿!C21<>"",名簿!C21,"") | C16: =IF(名簿!F21<>"",名簿!F21,"") | D16: =IF(名簿!G21<>"",名簿!G21,"") | E16: =IF(名簿!J21<>"",名簿!J21,"") | F16: =IF(名簿!L21<>"",名簿!L21,"") | G16: =IF(名簿!I21<>"",名簿!I21,"") | H16: =IF(名簿!K21<>"",名簿!K21,"") | I16: =IF(名簿!H21<>"",名簿!H21,"") | J16: =IF(名簿!S21<>"",名簿!S21,"") | L16: =IF(現場!C20<>"",現場!C20,"") | M16: =IF(現場!D20<>"",現場!D20,"") | N16: =IF(現場!E20<>"",現場!E20,"") | O16: =IF(現場!F20<>"",現場!F20,"") | P16: =IF(現場!G20<>"",現場!G20,"") | Q16: =IF(現場!H20<>"",現場!H20,"") | R16: =IF(現場!I20<>"",現場!I20,"") | S16: =IF(現場!J20<>"",現場!J20,"") | ... V16: =IF(現場!M20<>"",現場!M20,"") | X16: =IF(名簿!E21<>"",名簿!E21,"") | Y16: =IF(名簿!C21<>"",名簿!C21,"") | Z16: =IF(名簿!H21<>"",名簿!H21,"") | AA16: =IF(名簿!S21<>"",名簿!S21,"") | AB16: 自宅 | AC16: =IF(名簿!M21<>"",名簿!M21,"") | AD16: =IF(名簿!N21<>"",名簿!N21,"") | AE16: =IF(名簿!O21<>"",名簿!O21,"") | AF16: =IF(名簿!P21<>"",名簿!P21,"") | AN16: =テーブル2[[#This Row],[災害発生時の 体制]]&テーブル2[[#This Row],[班長代理①②③を選択]] | AO16: =IF(テーブル2[[#This Row],[班長代理①②③を選択]]<>"",COUNTIF(AN:AN,AN16),0) -> 0 | AQ16: =テーブル2[[#This Row],[災害発生時の 体制]]&テーブル2[[#This Row],[班長]] | AR16: =IF(テーブル2[[#This Row],[班長]]="○",COUNTIF(AQ:AQ,AQ16),0) -> 0
B17: =IF(名簿!C22<>"",名簿!C22,"") | C17: =IF(名簿!F22<>"",名簿!F22,"") | D17: =IF(名簿!G22<>"",名簿!G22,"") | E17: =IF(名簿!J22<>"",名簿!J22,"") | F17: =IF(名簿!L22<>"",名簿!L22,"") | G17: =IF(名簿!I22<>"",名簿!I22,"") | H17: =IF(名簿!K22<>"",名簿!K22,"") | I17: =IF(名簿!H22<>"",名簿!H22,"") | J17: =IF(名簿!S22<>"",名簿!S22,"") | L17: =IF(現場!C21<>"",現場!C21,"") | M17: =IF(現場!D21<>"",現場!D21,"") | N17: =IF(現場!E21<>"",現場!E21,"") | O17: =IF(現場!F21<>"",現場!F21,"") | P17: =IF(現場!G21<>"",現場!G21,"") | Q17: =IF(現場!H21<>"",現場!H21,"") | R17: =IF(現場!I21<>"",現場!I21,"") | S17: =IF(現場!J21<>"",現場!J21,"") | ... V17: =IF(現場!M21<>"",現場!M21,"") | X17: =IF(名簿!E22<>"",名簿!E22,"") | Y17: =IF(名簿!C22<>"",名簿!C22,"") | Z17: =IF(名簿!H22<>"",名簿!H22,"") | AA17: =IF(名簿!S22<>"",名簿!S22,"") | AB17: 自宅 | AC17: =IF(名簿!M22<>"",名簿!M22,"") | AD17: =IF(名簿!N22<>"",名簿!N22,"") | AE17: =IF(名簿!O22<>"",名簿!O22,"") | AF17: =IF(名簿!P22<>"",名簿!P22,"") | AN17: =テーブル2[[#This Row],[災害発生時の 体制]]&テーブル2[[#This Row],[班長代理①②③を選択]] | AO17: =IF(テーブル2[[#This Row],[班長代理①②③を選択]]<>"",COUNTIF(AN:AN,AN17),0) -> 0 | AQ17: =テーブル2[[#This Row],[災害発生時の 体制]]&テーブル2[[#This Row],[班長]] | AR17: =IF(テーブル2[[#This Row],[班長]]="○",COUNTIF(AQ:AQ,AQ17),0) -> 0
B18: =IF(名簿!C23<>"",名簿!C23,"") | C18: =IF(名簿!F23<>"",名簿!F23,"") | D18: =IF(名簿!G23<>"",名簿!G23,"") | E18: =IF(名簿!J23<>"",名簿!J23,"") | F18: =IF(名簿!L23<>"",名簿!L23,"") | G18: =IF(名簿!I23<>"",名簿!I23,"") | H18: =IF(名簿!K23<>"",名簿!K23,"") | I18: =IF(名簿!H23<>"",名簿!H23,"") | J18: =IF(名簿!S23<>"",名簿!S23,"") | L18: =IF(現場!C22<>"",現場!C22,"") | M18: =IF(現場!D22<>"",現場!D22,"") | N18: =IF(現場!E22<>"",現場!E22,"") | O18: =IF(現場!F22<>"",現場!F22,"") | P18: =IF(現場!G22<>"",現場!G22,"") | Q18: =IF(現場!H22<>"",現場!H22,"") | R18: =IF(現場!I22<>"",現場!I22,"") | S18: =IF(現場!J22<>"",現場!J22,"") | ... V18: =IF(現場!M22<>"",現場!M22,"") | X18: =IF(名簿!E23<>"",名簿!E23,"") | Y18: =IF(名簿!C23<>"",名簿!C23,"") | Z18: =IF(名簿!H23<>"",名簿!H23,"") | AA18: =IF(名簿!S23<>"",名簿!S23,"") | AB18: 自宅 | AC18: =IF(名簿!M23<>"",名簿!M23,"") | AD18: =IF(名簿!N23<>"",名簿!N23,"") | AE18: =IF(名簿!O23<>"",名簿!O23,"") | AF18: =IF(名簿!P23<>"",名簿!P23,"") | AN18: =テーブル2[[#This Row],[災害発生時の 体制]]&テーブル2[[#This Row],[班長代理①②③を選択]] | AO18: =IF(テーブル2[[#This Row],[班長代理①②③を選択]]<>"",COUNTIF(AN:AN,AN18),0) -> 0 | AQ18: =テーブル2[[#This Row],[災害発生時の 体制]]&テーブル2[[#This Row],[班長]] | AR18: =IF(テーブル2[[#This Row],[班長]]="○",COUNTIF(AQ:AQ,AQ18),0) -> 0
B19: =IF(名簿!C24<>"",名簿!C24,"") | C19: =IF(名簿!F24<>"",名簿!F24,"") | D19: =IF(名簿!G24<>"",名簿!G24,"") | E19: =IF(名簿!J24<>"",名簿!J24,"") | F19: =IF(名簿!L24<>"",名簿!L24,"") | G19: =IF(名簿!I24<>"",名簿!I24,"") | H19: =IF(名簿!K24<>"",名簿!K24,"") | I19: =IF(名簿!H24<>"",名簿!H24,"") | J19: =IF(名簿!S24<>"",名簿!S24,"") | L19: =IF(現場!C23<>"",現場!C23,"") | M19: =IF(現場!D23<>"",現場!D23,"") | N19: =IF(現場!E23<>"",現場!E23,"") | O19: =IF(現場!F23<>"",現場!F23,"") | P19: =IF(現場!G23<>"",現場!G23,"") | Q19: =IF(現場!H23<>"",現場!H23,"") | R19: =IF(現場!I23<>"",現場!I23,"") | S19: =IF(現場!J23<>"",現場!J23,"") | ... V19: =IF(現場!M23<>"",現場!M23,"") | X19: =IF(名簿!E24<>"",名簿!E24,"") | Y19: =IF(名簿!C24<>"",名簿!C24,"") | Z19: =IF(名簿!H24<>"",名簿!H24,"") | AA19: =IF(名簿!S24<>"",名簿!S24,"") | AB19: 自宅 | AC19: =IF(名簿!M24<>"",名簿!M24,"") | AD19: =IF(名簿!N24<>"",名簿!N24,"") | AE19: =IF(名簿!O24<>"",名簿!O24,"") | AF19: =IF(名簿!P24<>"",名簿!P24,"") | AN19: =テーブル2[[#This Row],[災害発生時の 体制]]&テーブル2[[#This Row],[班長代理①②③を選択]] | AO19: =IF(テーブル2[[#This Row],[班長代理①②③を選択]]<>"",COUNTIF(AN:AN,AN19),0) -> 0 | AQ19: =テーブル2[[#This Row],[災害発生時の 体制]]&テーブル2[[#This Row],[班長]] | AR19: =IF(テーブル2[[#This Row],[班長]]="○",COUNTIF(AQ:AQ,AQ19),0) -> 0
... B1005: =IF(名簿!C1010<>"",名簿!C1010,"") | C1005: =IF(名簿!F1010<>"",名簿!F1010,"") | D1005: =IF(名簿!G1010<>"",名簿!G1010,"") | E1005: =IF(名簿!J1010<>"",名簿!J1010,"") | F1005: =IF(名簿!L1010<>"",名簿!L1010,"") | G1005: =IF(名簿!I1010<>"",名簿!I1010,"") | H1005: =IF(名簿!K1010<>"",名簿!K1010,"") | I1005: =IF(名簿!H1010<>"",名簿!H1010,"") | J1005: =IF(名簿!S1010<>"",名簿!S1010,"") | L1005: =IF(現場!C1009<>"",現場!C1009,"") | M1005: =IF(現場!D1009<>"",現場!D1009,"") | N1005: =IF(現場!E1009<>"",現場!E1009,"") | O1005: =IF(現場!F1009<>"",現場!F1009,"") | P1005: =IF(現場!G1009<>"",現場!G1009,"") | Q1005: =IF(現場!H1009<>"",現場!H1009,"") | R1005: =IF(現場!I1009<>"",現場!I1009,"") | S1005: =IF(現場!J1009<>"",現場!J1009,"") | ... V1005: =IF(現場!M1009<>"",現場!M1009,"") | X1005: =IF(名簿!E1010<>"",名簿!E1010,"") | Y1005: =IF(名簿!C1010<>"",名簿!C1010,"") | Z1005: =IF(名簿!H1010<>"",名簿!H1010,"") | AA1005: =IF(名簿!S1010<>"",名簿!S1010,"") | AB1005: 自宅 | AC1005: =IF(名簿!M1010<>"",名簿!M1010,"") | AD1005: =IF(名簿!N1010<>"",名簿!N1010,"") | AE1005: =IF(名簿!O1010<>"",名簿!O1010,"") | AF1005: =IF(名簿!P1010<>"",名簿!P1010,"") | AN1005: =テーブル2[[#This Row],[災害発生時の 体制]]&テーブル2[[#This Row],[班長代理①②③を選択]] | AO1005: =IF(テーブル2[[#This Row],[班長代理①②③を選択]]<>"",COUNTIF(AN:AN,AN1005),0) -> 0 | AQ1005: =テーブル2[[#This Row],[災害発生時の 体制]]&テーブル2[[#This Row],[班長]] | AR1005: =IF(テーブル2[[#This Row],[班長]]="○",COUNTIF(AQ:AQ,AQ1005),0) -> 0
B1006: =IF(名簿!C1011<>"",名簿!C1011,"") | C1006: =IF(名簿!F1011<>"",名簿!F1011,"") | D1006: =IF(名簿!G1011<>"",名簿!G1011,"") | E1006: =IF(名簿!J1011<>"",名簿!J1011,"") | F1006: =IF(名簿!L1011<>"",名簿!L1011,"") | G1006: =IF(名簿!I1011<>"",名簿!I1011,"") | H1006: =IF(名簿!K1011<>"",名簿!K1011,"") | I1006: =IF(名簿!H1011<>"",名簿!H1011,"") | J1006: =IF(名簿!S1011<>"",名簿!S1011,"") | L1006: =IF(現場!C1010<>"",現場!C1010,"") | M1006: =IF(現場!D1010<>"",現場!D1010,"") | N1006: =IF(現場!E1010<>"",現場!E1010,"") | O1006: =IF(現場!F1010<>"",現場!F1010,"") | P1006: =IF(現場!G1010<>"",現場!G1010,"") | Q1006: =IF(現場!H1010<>"",現場!H1010,"") | R1006: =IF(現場!I1010<>"",現場!I1010,"") | S1006: =IF(現場!J1010<>"",現場!J1010,"") | ... V1006: =IF(現場!M1010<>"",現場!M1010,"") | X1006: =IF(名簿!E1011<>"",名簿!E1011,"") | Y1006: =IF(名簿!C1011<>"",名簿!C1011,"") | Z1006: =IF(名簿!H1011<>"",名簿!H1011,"") | AA1006: =IF(名簿!S1011<>"",名簿!S1011,"") | AB1006: 自宅 | AC1006: =IF(名簿!M1011<>"",名簿!M1011,"") | AD1006: =IF(名簿!N1011<>"",名簿!N1011,"") | AE1006: =IF(名簿!O1011<>"",名簿!O1011,"") | AF1006: =IF(名簿!P1011<>"",名簿!P1011,"")
B1007: =IF(名簿!C1012<>"",名簿!C1012,"") | C1007: =IF(名簿!F1012<>"",名簿!F1012,"") | D1007: =IF(名簿!G1012<>"",名簿!G1012,"") | E1007: =IF(名簿!J1012<>"",名簿!J1012,"") | F1007: =IF(名簿!L1012<>"",名簿!L1012,"") | G1007: =IF(名簿!I1012<>"",名簿!I1012,"") | H1007: =IF(名簿!K1012<>"",名簿!K1012,"") | I1007: =IF(名簿!H1012<>"",名簿!H1012,"") | J1007: =IF(名簿!S1012<>"",名簿!S1012,"") | L1007: =IF(現場!C1011<>"",現場!C1011,"") | M1007: =IF(現場!D1011<>"",現場!D1011,"") | N1007: =IF(現場!E1011<>"",現場!E1011,"") | O1007: =IF(現場!F1011<>"",現場!F1011,"") | P1007: =IF(現場!G1011<>"",現場!G1011,"") | Q1007: =IF(現場!H1011<>"",現場!H1011,"") | R1007: =IF(現場!I1011<>"",現場!I1011,"") | S1007: =IF(現場!J1011<>"",現場!J1011,"") | ... V1007: =IF(現場!M1011<>"",現場!M1011,"") | X1007: =IF(名簿!E1012<>"",名簿!E1012,"") | Y1007: =IF(名簿!C1012<>"",名簿!C1012,"") | Z1007: =IF(名簿!H1012<>"",名簿!H1012,"") | AA1007: =IF(名簿!S1012<>"",名簿!S1012,"") | AB1007: 自宅 | AC1007: =IF(名簿!M1012<>"",名簿!M1012,"") | AD1007: =IF(名簿!N1012<>"",名簿!N1012,"") | AE1007: =IF(名簿!O1012<>"",名簿!O1012,"") | AF1007: =IF(名簿!P1012<>"",名簿!P1012,"")
B1008: =IF(名簿!C1013<>"",名簿!C1013,"") | C1008: =IF(名簿!F1013<>"",名簿!F1013,"") | D1008: =IF(名簿!G1013<>"",名簿!G1013,"") | E1008: =IF(名簿!J1013<>"",名簿!J1013,"") | F1008: =IF(名簿!L1013<>"",名簿!L1013,"") | G1008: =IF(名簿!I1013<>"",名簿!I1013,"") | H1008: =IF(名簿!K1013<>"",名簿!K1013,"") | I1008: =IF(名簿!H1013<>"",名簿!H1013,"") | J1008: =IF(名簿!S1013<>"",名簿!S1013,"") | L1008: =IF(現場!C1012<>"",現場!C1012,"") | M1008: =IF(現場!D1012<>"",現場!D1012,"") | N1008: =IF(現場!E1012<>"",現場!E1012,"") | O1008: =IF(現場!F1012<>"",現場!F1012,"") | P1008: =IF(現場!G1012<>"",現場!G1012,"") | Q1008: =IF(現場!H1012<>"",現場!H1012,"") | R1008: =IF(現場!I1012<>"",現場!I1012,"") | S1008: =IF(現場!J1012<>"",現場!J1012,"") | ... V1008: =IF(現場!M1012<>"",現場!M1012,"") | X1008: =IF(名簿!E1013<>"",名簿!E1013,"") | Y1008: =IF(名簿!C1013<>"",名簿!C1013,"") | Z1008: =IF(名簿!H1013<>"",名簿!H1013,"") | AA1008: =IF(名簿!S1013<>"",名簿!S1013,"") | AB1008: 自宅 | AC1008: =IF(名簿!M1013<>"",名簿!M1013,"") | AD1008: =IF(名簿!N1013<>"",名簿!N1013,"") | AE1008: =IF(名簿!O1013<>"",名簿!O1013,"") | AF1008: =IF(名簿!P1013<>"",名簿!P1013,"")
B1009: =IF(名簿!C1014<>"",名簿!C1014,"") | C1009: =IF(名簿!F1014<>"",名簿!F1014,"") | D1009: =IF(名簿!G1014<>"",名簿!G1014,"") | E1009: =IF(名簿!J1014<>"",名簿!J1014,"") | F1009: =IF(名簿!L1014<>"",名簿!L1014,"") | G1009: =IF(名簿!I1014<>"",名簿!I1014,"") | H1009: =IF(名簿!K1014<>"",名簿!K1014,"") | I1009: =IF(名簿!H1014<>"",名簿!H1014,"") | J1009: =IF(名簿!S1014<>"",名簿!S1014,"") | L1009: =IF(現場!C1013<>"",現場!C1013,"") | M1009: =IF(現場!D1013<>"",現場!D1013,"") | N1009: =IF(現場!E1013<>"",現場!E1013,"") | O1009: =IF(現場!F1013<>"",現場!F1013,"") | P1009: =IF(現場!G1013<>"",現場!G1013,"") | Q1009: =IF(現場!H1013<>"",現場!H1013,"") | R1009: =IF(現場!I1013<>"",現場!I1013,"") | S1009: =IF(現場!J1013<>"",現場!J1013,"") | ... V1009: =IF(現場!M1013<>"",現場!M1013,"") | X1009: =IF(名簿!E1014<>"",名簿!E1014,"") | Y1009: =IF(名簿!C1014<>"",名簿!C1014,"") | Z1009: =IF(名簿!H1014<>"",名簿!H1014,"") | AA1009: =IF(名簿!S1014<>"",名簿!S1014,"") | AB1009: 自宅 | AC1009: =IF(名簿!M1014<>"",名簿!M1014,"") | AD1009: =IF(名簿!N1014<>"",名簿!N1014,"") | AE1009: =IF(名簿!O1014<>"",名簿!O1014,"") | AF1009: =IF(名簿!P1014<>"",名簿!P1014,"")
B1010: =IF(名簿!C1015<>"",名簿!C1015,"") | C1010: =IF(名簿!F1015<>"",名簿!F1015,"") | D1010: =IF(名簿!G1015<>"",名簿!G1015,"") | E1010: =IF(名簿!J1015<>"",名簿!J1015,"") | F1010: =IF(名簿!L1015<>"",名簿!L1015,"") | G1010: =IF(名簿!I1015<>"",名簿!I1015,"") | H1010: =IF(名簿!K1015<>"",名簿!K1015,"") | I1010: =IF(名簿!H1015<>"",名簿!H1015,"") | J1010: =IF(名簿!S1015<>"",名簿!S1015,"") | L1010: =IF(現場!C1014<>"",現場!C1014,"") | M1010: =IF(現場!D1014<>"",現場!D1014,"") | N1010: =IF(現場!E1014<>"",現場!E1014,"") | O1010: =IF(現場!F1014<>"",現場!F1014,"") | P1010: =IF(現場!G1014<>"",現場!G1014,"") | Q1010: =IF(現場!H1014<>"",現場!H1014,"") | R1010: =IF(現場!I1014<>"",現場!I1014,"") | S1010: =IF(現場!J1014<>"",現場!J1014,"") | ... V1010: =IF(現場!M1014<>"",現場!M1014,"") | X1010: =IF(名簿!E1015<>"",名簿!E1015,"") | Y1010: =IF(名簿!C1015<>"",名簿!C1015,"") | Z1010: =IF(名簿!H1015<>"",名簿!H1015,"") | AA1010: =IF(名簿!S1015<>"",名簿!S1015,"") | AB1010: 自宅 | AC1010: =IF(名簿!M1015<>"",名簿!M1015,"") | AD1010: =IF(名簿!N1015<>"",名簿!N1015,"") | AE1010: =IF(名簿!O1015<>"",名簿!O1015,"") | AF1010: =IF(名簿!P1015<>"",名簿!P1015,"")
B1011: =IF(名簿!C1016<>"",名簿!C1016,"") | C1011: =IF(名簿!F1016<>"",名簿!F1016,"") | D1011: =IF(名簿!G1016<>"",名簿!G1016,"") | E1011: =IF(名簿!J1016<>"",名簿!J1016,"") | F1011: =IF(名簿!L1016<>"",名簿!L1016,"") | G1011: =IF(名簿!I1016<>"",名簿!I1016,"") | H1011: =IF(名簿!K1016<>"",名簿!K1016,"") | I1011: =IF(名簿!H1016<>"",名簿!H1016,"") | J1011: =IF(名簿!S1016<>"",名簿!S1016,"") | L1011: =IF(現場!C1015<>"",現場!C1015,"") | M1011: =IF(現場!D1015<>"",現場!D1015,"") | N1011: =IF(現場!E1015<>"",現場!E1015,"") | O1011: =IF(現場!F1015<>"",現場!F1015,"") | P1011: =IF(現場!G1015<>"",現場!G1015,"") | Q1011: =IF(現場!H1015<>"",現場!H1015,"") | R1011: =IF(現場!I1015<>"",現場!I1015,"") | S1011: =IF(現場!J1015<>"",現場!J1015,"") | ... V1011: =IF(現場!M1015<>"",現場!M1015,"") | X1011: =IF(名簿!E1016<>"",名簿!E1016,"") | Y1011: =IF(名簿!C1016<>"",名簿!C1016,"") | Z1011: =IF(名簿!H1016<>"",名簿!H1016,"") | AA1011: =IF(名簿!S1016<>"",名簿!S1016,"") | AB1011: 自宅 | AC1011: =IF(名簿!M1016<>"",名簿!M1016,"") | AD1011: =IF(名簿!N1016<>"",名簿!N1016,"") | AE1011: =IF(名簿!O1016<>"",名簿!O1016,"") | AF1011: =IF(名簿!P1016<>"",名簿!P1016,"")
B1012: =IF(名簿!C1017<>"",名簿!C1017,"") | C1012: =IF(名簿!F1017<>"",名簿!F1017,"") | D1012: =IF(名簿!G1017<>"",名簿!G1017,"") | E1012: =IF(名簿!J1017<>"",名簿!J1017,"") | F1012: =IF(名簿!L1017<>"",名簿!L1017,"") | G1012: =IF(名簿!I1017<>"",名簿!I1017,"") | H1012: =IF(名簿!K1017<>"",名簿!K1017,"") | I1012: =IF(名簿!H1017<>"",名簿!H1017,"") | J1012: =IF(名簿!S1017<>"",名簿!S1017,"") | L1012: =IF(現場!C1016<>"",現場!C1016,"") | M1012: =IF(現場!D1016<>"",現場!D1016,"") | N1012: =IF(現場!E1016<>"",現場!E1016,"") | O1012: =IF(現場!F1016<>"",現場!F1016,"") | P1012: =IF(現場!G1016<>"",現場!G1016,"") | Q1012: =IF(現場!H1016<>"",現場!H1016,"") | R1012: =IF(現場!I1016<>"",現場!I1016,"") | S1012: =IF(現場!J1016<>"",現場!J1016,"") | ... V1012: =IF(現場!M1016<>"",現場!M1016,"") | X1012: =IF(名簿!E1017<>"",名簿!E1017,"") | Y1012: =IF(名簿!C1017<>"",名簿!C1017,"") | Z1012: =IF(名簿!H1017<>"",名簿!H1017,"") | AA1012: =IF(名簿!S1017<>"",名簿!S1017,"") | AB1012: 自宅 | AC1012: =IF(名簿!M1017<>"",名簿!M1017,"") | AD1012: =IF(名簿!N1017<>"",名簿!N1017,"") | AE1012: =IF(名簿!O1017<>"",名簿!O1017,"") | AF1012: =IF(名簿!P1017<>"",名簿!P1017,"")
B1013: =IF(名簿!C1018<>"",名簿!C1018,"") | C1013: =IF(名簿!F1018<>"",名簿!F1018,"") | D1013: =IF(名簿!G1018<>"",名簿!G1018,"") | E1013: =IF(名簿!J1018<>"",名簿!J1018,"") | F1013: =IF(名簿!L1018<>"",名簿!L1018,"") | G1013: =IF(名簿!I1018<>"",名簿!I1018,"") | H1013: =IF(名簿!K1018<>"",名簿!K1018,"") | I1013: =IF(名簿!H1018<>"",名簿!H1018,"") | J1013: =IF(名簿!S1018<>"",名簿!S1018,"") | L1013: =IF(現場!C1017<>"",現場!C1017,"") | M1013: =IF(現場!D1017<>"",現場!D1017,"") | N1013: =IF(現場!E1017<>"",現場!E1017,"") | O1013: =IF(現場!F1017<>"",現場!F1017,"") | P1013: =IF(現場!G1017<>"",現場!G1017,"") | Q1013: =IF(現場!H1017<>"",現場!H1017,"") | R1013: =IF(現場!I1017<>"",現場!I1017,"") | S1013: =IF(現場!J1017<>"",現場!J1017,"") | ... V1013: =IF(現場!M1017<>"",現場!M1017,"") | X1013: =IF(名簿!E1018<>"",名簿!E1018,"") | Y1013: =IF(名簿!C1018<>"",名簿!C1018,"") | Z1013: =IF(名簿!H1018<>"",名簿!H1018,"") | AA1013: =IF(名簿!S1018<>"",名簿!S1018,"") | AB1013: 自宅 | AC1013: =IF(名簿!M1018<>"",名簿!M1018,"") | AD1013: =IF(名簿!N1018<>"",名簿!N1018,"") | AE1013: =IF(名簿!O1018<>"",名簿!O1018,"") | AF1013: =IF(名簿!P1018<>"",名簿!P1018,"")
B1014: =IF(名簿!C1019<>"",名簿!C1019,"") | C1014: =IF(名簿!F1019<>"",名簿!F1019,"") | D1014: =IF(名簿!G1019<>"",名簿!G1019,"") | E1014: =IF(名簿!J1019<>"",名簿!J1019,"") | F1014: =IF(名簿!L1019<>"",名簿!L1019,"") | G1014: =IF(名簿!I1019<>"",名簿!I1019,"") | H1014: =IF(名簿!K1019<>"",名簿!K1019,"") | I1014: =IF(名簿!H1019<>"",名簿!H1019,"") | J1014: =IF(名簿!S1019<>"",名簿!S1019,"") | L1014: =IF(現場!C1018<>"",現場!C1018,"") | M1014: =IF(現場!D1018<>"",現場!D1018,"") | N1014: =IF(現場!E1018<>"",現場!E1018,"") | O1014: =IF(現場!F1018<>"",現場!F1018,"") | P1014: =IF(現場!G1018<>"",現場!G1018,"") | Q1014: =IF(現場!H1018<>"",現場!H1018,"") | R1014: =IF(現場!I1018<>"",現場!I1018,"") | S1014: =IF(現場!J1018<>"",現場!J1018,"") | ... V1014: =IF(現場!M1018<>"",現場!M1018,"") | X1014: =IF(名簿!E1019<>"",名簿!E1019,"") | Y1014: =IF(名簿!C1019<>"",名簿!C1019,"") | Z1014: =IF(名簿!H1019<>"",名簿!H1019,"") | AA1014: =IF(名簿!S1019<>"",名簿!S1019,"") | AB1014: 自宅 | AC1014: =IF(名簿!M1019<>"",名簿!M1019,"") | AD1014: =IF(名簿!N1019<>"",名簿!N1019,"") | AE1014: =IF(名簿!O1019<>"",名簿!O1019,"") | AF1014: =IF(名簿!P1019<>"",名簿!P1019,"")
B1015: =IF(名簿!C1020<>"",名簿!C1020,"") | C1015: =IF(名簿!F1020<>"",名簿!F1020,"") | D1015: =IF(名簿!G1020<>"",名簿!G1020,"") | E1015: =IF(名簿!J1020<>"",名簿!J1020,"") | F1015: =IF(名簿!L1020<>"",名簿!L1020,"") | G1015: =IF(名簿!I1020<>"",名簿!I1020,"") | H1015: =IF(名簿!K1020<>"",名簿!K1020,"") | I1015: =IF(名簿!H1020<>"",名簿!H1020,"") | J1015: =IF(名簿!S1020<>"",名簿!S1020,"") | L1015: =IF(現場!C1019<>"",現場!C1019,"") | M1015: =IF(現場!D1019<>"",現場!D1019,"") | N1015: =IF(現場!E1019<>"",現場!E1019,"") | O1015: =IF(現場!F1019<>"",現場!F1019,"") | P1015: =IF(現場!G1019<>"",現場!G1019,"") | Q1015: =IF(現場!H1019<>"",現場!H1019,"") | R1015: =IF(現場!I1019<>"",現場!I1019,"") | S1015: =IF(現場!J1019<>"",現場!J1019,"") | ... V1015: =IF(現場!M1019<>"",現場!M1019,"") | X1015: =IF(名簿!E1020<>"",名簿!E1020,"") | Y1015: =IF(名簿!C1020<>"",名簿!C1020,"") | Z1015: =IF(名簿!H1020<>"",名簿!H1020,"") | AA1015: =IF(名簿!S1020<>"",名簿!S1020,"") | AB1015: 自宅 | AC1015: =IF(名簿!M1020<>"",名簿!M1020,"") | AD1015: =IF(名簿!N1020<>"",名簿!N1020,"") | AE1015: =IF(名簿!O1020<>"",名簿!O1020,"") | AF1015: =IF(名簿!P1020<>"",名簿!P1020,"")
B1016: =IF(名簿!C1021<>"",名簿!C1021,"") | C1016: =IF(名簿!F1021<>"",名簿!F1021,"") | D1016: =IF(名簿!G1021<>"",名簿!G1021,"") | E1016: =IF(名簿!J1021<>"",名簿!J1021,"") | F1016: =IF(名簿!L1021<>"",名簿!L1021,"") | G1016: =IF(名簿!I1021<>"",名簿!I1021,"") | H1016: =IF(名簿!K1021<>"",名簿!K1021,"") | I1016: =IF(名簿!H1021<>"",名簿!H1021,"") | J1016: =IF(名簿!S1021<>"",名簿!S1021,"") | L1016: =IF(現場!C1020<>"",現場!C1020,"") | M1016: =IF(現場!D1020<>"",現場!D1020,"") | N1016: =IF(現場!E1020<>"",現場!E1020,"") | O1016: =IF(現場!F1020<>"",現場!F1020,"") | P1016: =IF(現場!G1020<>"",現場!G1020,"") | Q1016: =IF(現場!H1020<>"",現場!H1020,"") | R1016: =IF(現場!I1020<>"",現場!I1020,"") | S1016: =IF(現場!J1020<>"",現場!J1020,"") | ... V1016: =IF(現場!M1020<>"",現場!M1020,"") | X1016: =IF(名簿!E1021<>"",名簿!E1021,"") | Y1016: =IF(名簿!C1021<>"",名簿!C1021,"") | Z1016: =IF(名簿!H1021<>"",名簿!H1021,"") | AA1016: =IF(名簿!S1021<>"",名簿!S1021,"") | AB1016: 自宅 | AC1016: =IF(名簿!M1021<>"",名簿!M1021,"") | AD1016: =IF(名簿!N1021<>"",名簿!N1021,"") | AE1016: =IF(名簿!O1021<>"",名簿!O1021,"") | AF1016: =IF(名簿!P1021<>"",名簿!P1021,"")
B1017: =IF(名簿!C1022<>"",名簿!C1022,"") | C1017: =IF(名簿!F1022<>"",名簿!F1022,"") | D1017: =IF(名簿!G1022<>"",名簿!G1022,"") | E1017: =IF(名簿!J1022<>"",名簿!J1022,"") | F1017: =IF(名簿!L1022<>"",名簿!L1022,"") | G1017: =IF(名簿!I1022<>"",名簿!I1022,"") | H1017: =IF(名簿!K1022<>"",名簿!K1022,"") | I1017: =IF(名簿!H1022<>"",名簿!H1022,"") | J1017: =IF(名簿!S1022<>"",名簿!S1022,"") | L1017: =IF(現場!C1021<>"",現場!C1021,"") | M1017: =IF(現場!D1021<>"",現場!D1021,"") | N1017: =IF(現場!E1021<>"",現場!E1021,"") | O1017: =IF(現場!F1021<>"",現場!F1021,"") | P1017: =IF(現場!G1021<>"",現場!G1021,"") | Q1017: =IF(現場!H1021<>"",現場!H1021,"") | R1017: =IF(現場!I1021<>"",現場!I1021,"") | S1017: =IF(現場!J1021<>"",現場!J1021,"") | ... V1017: =IF(現場!M1021<>"",現場!M1021,"") | X1017: =IF(名簿!E1022<>"",名簿!E1022,"") | Y1017: =IF(名簿!C1022<>"",名簿!C1022,"") | Z1017: =IF(名簿!H1022<>"",名簿!H1022,"") | AA1017: =IF(名簿!S1022<>"",名簿!S1022,"") | AB1017: 自宅 | AC1017: =IF(名簿!M1022<>"",名簿!M1022,"") | AD1017: =IF(名簿!N1022<>"",名簿!N1022,"") | AE1017: =IF(名簿!O1022<>"",名簿!O1022,"") | AF1017: =IF(名簿!P1022<>"",名簿!P1022,"")
... B1077: =IF(名簿!C1082<>"",名簿!C1082,"") | C1077: =IF(名簿!F1082<>"",名簿!F1082,"") | D1077: =IF(名簿!G1082<>"",名簿!G1082,"") | E1077: =IF(名簿!J1082<>"",名簿!J1082,"") | F1077: =IF(名簿!L1082<>"",名簿!L1082,"") | G1077: =IF(名簿!I1082<>"",名簿!I1082,"") | H1077: =IF(名簿!K1082<>"",名簿!K1082,"") | I1077: =IF(名簿!H1082<>"",名簿!H1082,"") | J1077: =IF(名簿!S1082<>"",名簿!S1082,"") | L1077: =IF(現場!C1081<>"",現場!C1081,"") | M1077: =IF(現場!D1081<>"",現場!D1081,"") | N1077: =IF(現場!E1081<>"",現場!E1081,"") | O1077: =IF(現場!F1081<>"",現場!F1081,"") | P1077: =IF(現場!G1081<>"",現場!G1081,"") | Q1077: =IF(現場!H1081<>"",現場!H1081,"") | R1077: =IF(現場!I1081<>"",現場!I1081,"") | S1077: =IF(現場!J1081<>"",現場!J1081,"") | ... V1077: =IF(現場!M1081<>"",現場!M1081,"") | X1077: =IF(名簿!E1082<>"",名簿!E1082,"") | Y1077: =IF(名簿!C1082<>"",名簿!C1082,"") | Z1077: =IF(名簿!H1082<>"",名簿!H1082,"") | AA1077: =IF(名簿!S1082<>"",名簿!S1082,"") | AB1077: 自宅 | AC1077: =IF(名簿!M1082<>"",名簿!M1082,"") | AD1077: =IF(名簿!N1082<>"",名簿!N1082,"") | AE1077: =IF(名簿!O1082<>"",名簿!O1082,"") | AF1077: =IF(名簿!P1082<>"",名簿!P1082,"")

Sheet 記入シートから削除したフォーム
C1: 様式Ａ―２―１（必須） 社員への周知方法 | AJ1: P.3-9
D2: 事業継続計画を個々の社員に周知させるための方法や媒体を記載してください | AF2: 様式G-2-1へ（ここをクリック）
E4: 社員への周知方法 | M4: 媒体 | U4: 実施年月日
D5: 1 | E5: =IF(記入シート!$AC569<>"",記入シート!$AC569,"") | M5: =IF(記入シート!$AI569<>"",記入シート!$AI569,"") | U5: =IF(記入シート!$AK569<>"",記入シート!$AK569,"")
D6: 2 | E6: =IF(記入シート!$AC570<>"",記入シート!$AC570,"") | M6: =IF(記入シート!$AI570<>"",記入シート!$AI570,"") | U6: =IF(記入シート!$AK570<>"",記入シート!$AK570,"")
D7: 3 | E7: =IF(記入シート!$AC571<>"",記入シート!$AC571,"") | M7: =IF(記入シート!$AI571<>"",記入シート!$AI571,"") | U7: =IF(記入シート!$AK571<>"",記入シート!$AK571,"")
D8: 4 | E8: =IF(記入シート!$AC572<>"",記入シート!$AC572,"") | M8: =IF(記入シート!$AI572<>"",記入シート!$AI572,"") | U8: =IF(記入シート!$AK572<>"",記入シート!$AK572,"")
D9: 5 | E9: =IF(記入シート!$AC573<>"",記入シート!$AC573,"") | M9: =IF(記入シート!$AI573<>"",記入シート!$AI573,"") | U9: =IF(記入シート!$AK573<>"",記入シート!$AK573,"")
D10: 6 | E10: =IF(記入シート!$AC574<>"",記入シート!$AC574,"") | M10: =IF(記入シート!$AI574<>"",記入シート!$AI574,"") | U10: =IF(記入シート!$AK574<>"",記入シート!$AK574,"")
D11: 7 | E11: =IF(記入シート!#REF!<>"",記入シート!#REF!,"") -> #REF! | M11: =IF(記入シート!#REF!<>"",記入シート!#REF!,"") -> #REF! | U11: =IF(記入シート!#REF!<>"",記入シート!#REF!,"") -> #REF!
E16: 様式Ｂ－１－１補足資料２（重要）自社の地域で懸念されている被害
E17: リスクの種類 | G17: 対象施設 | L17: 外力（震度、水深等） | Q17: 被害想定 | V17: 懸念される被害の種類 | AA17: 備考
D18: 1 | E18: =IF(記入シート!H60<>"",記入シート!H60,"") | G18: taaaaa | L18: a | Q18: z | V18: p | AA18: l
D19: 2 | E19: =IF(記入シート!H61<>"",記入シート!H61,"") | G19: w | L19: s | Q19: x | V19: o | AA19: k
D20: 3 | E20: =IF(記入シート!H62<>"",記入シート!H62,"") | G20: e | L20: d | Q20: c | V20: i | AA20: j
D21: 4 | E21: =IF(記入シート!H63<>"",記入シート!H63,"") | G21: r | L21: f | Q21: v | V21: u | AA21: h
D22: 5 | E22: =IF(記入シート!H64<>"",記入シート!H64,"") | G22: t | L22: g | Q22: b | V22: y | AA22: g
E26: 様式Ｂ－３－２（重要） 全体手順初期：就業時間内の場合
E27: 時間 | G27: 対 応 手 順 | Z27: 備考
E28: 1 | G28: q | Z28: z
E29: 2 | G29: w | Z29: x
E30: 3 | G30: e | Z30: c
E31: 4 | G31: r | Z31: v
E32: 5 | G32: t | Z32: b
E33: 6 | G33: y | Z33: n
E34: 7 | G34: u | Z34: m
E39: 様式Ｃ－１－３（重要） 各社員への周知
J41: 【表面】 | X41: 【裏面】
E42: 会社名： | G42: kaisya
E43: 携行カード
E44: ※このカードを拾得された方は下記までご連絡ください。 | R44: 連絡先（電話番号、携帯電話、携帯メール）
E45: 所在地： | G45: 〒111-2222 juusyo | R45: 自宅電話番号 | V45: tel
E46: 電話： | G46: dennwa | R46: 家族① | V46: kazoku
E47: FAX： | G47: fax | R47: 家族② | V47: family
E48: メール： | G48: mail | R48: 家族③ | V48: kazoku
R49: 地域外に住む親戚 | V49: sinnseki
E51: 緊急時の行動
R53: 社長 | V53: syatyo
E54: 地震 | I54: jisinn
I57: jisinn
R58: 上司 | V58: jousi
I60: jisinn
E63: 風水害 | I63: fuusuigai | R63: 社内緊急連絡網の連絡相手 | V63: rennraku
I66: fuusuigai
I69: fuusuigai | R69: 社内緊急連絡網の上記不在時の相手 | V69: fuzai
E72: 火災 | I72: kasai
I75: kasai | R75: 重要取引先① | V75: torihiki
I78: kasai
R81: 重要取引先② | V81: torihiki
E83: 本人情報
E84: 氏名 | I84: simei | R84: 重要取引先③ | V84: torihiki
E85: 血液型 | I85: ketueki | R85: 災害時伝言ダイヤル | V85: dial
E86: 持病・アレルギー | I86: aregy | R86: 1 | V86: 5
E87: かかりつけ医師 | I87: doctor | R87: 2 | V87: 6
E88: 終業時の退避場所 | I88: hinan | R88: 3 | V88: 7
E89: 自宅近くの退避場所 | I89: taihi | R89: 4 | V89: 8
E94: 様式Ｃ－３－２（重要）費用のさほどかからない建物対策、設備等の対策の実施計画
F95: ①建物や設備に対する費用のさほどかからない耐震対策（例：転倒防止や簡易な補強による生存空間の確保）や他の対策について、必要に応じて実施計画を策定することが推奨されます。
E96: 場所 | G96: 想定される事態 | L96: 対応策 | T96: 対応時期
E97: 1 | G97: q | L97: d | T97: b
E98: 2 | G98: a | L98: c | T98: y
E99: 3 | G99: z | L99: r | T99: h
E100: 4 | G100: w | L100: f | T100: n
E101: 5 | G101: s | L101: v | T101: u
E102: 6 | G102: x | L102: t | T102: j
E103: 7 | G103: e | L103: g | T103: m
F105: 作成・更新日： | G105: 令和 | H105: 7 | I105: 年 | J105: 5 | K105: 月 | L105: 18 | M105: 日
E111: 様式Ｆ－１－２（重要） 災害時の対応にあたる要員のための備蓄
F112: ①備蓄量は、社員全体用を目指すことが推奨されます。
F113: ②備蓄量が不足している場合は、今後の購入を計画してください。
F114: ③飲料水は１人 1 日 3L、食料は1人1日3食が目安になります。
E115: 品名 | H115: 個数 | K115: 保存期間 | N115: 保管場所 | Q115: 管理責任者 | T115: 確認時期 | W115: 備考
E116: 1 | H116: q | K116: y | N116: a | Q116: h | T116: x | W116: m
E117: 2 | H117: w | K117: u | N117: s | Q117: j | T117: c | W117: q
E118: 3 | H118: e | K118: i | N118: d | Q118: k | T118: v | W118: w
E119: 4 | H119: r | K119: o | N119: f | Q119: l | T119: b | W119: e
E120: 5 | H120: t | K120: p | N120: g | Q120: z | T120: n | W120: r
C126: 様式Ｆ－２－１（必須） 災害発生直後に調達するリスト | AJ126: P.3-47
D127: 自社外から調達する「人員や資機材」について記載して下さい.
F129: ①これらの相手先に対応拠点・代替対応拠点への連絡方法を事前に通知しておきます。それにより先方から連絡がつく 可能性が高まります。
F130: ②この情報の常備場所及び常時携帯すべき社員を決めておく必要があります。
F131: ③連絡先の部署のみ記載するのではなく、個人を特定できる氏名や役職まで記載してください。
F132: ④連絡手段は必ず複数確保して記載してください。
E133: 組織名称 | H133: 連絡先担当者及び 代理者所属・氏名 | M133: 住所・連絡手段 | T133: 連絡内容 | W133: 連絡 順位 | X133: 自社担当者 及び代理者
E134: 株式会社７７７ | M134: 住所： | P134: =IF($E$134<>"",VLOOKUP($E$134,自社拠点!#REF!,2,FALSE),"") -> #REF! | T134: 人員の確保 受注業務 遂行協力 | W134: a
M135: 電話： | P135: =IF($E$134<>"",VLOOKUP($E$134,自社拠点!#REF!,6,FALSE),"") -> #REF!
H136: 所属： | J136: =IF($E$134<>"",VLOOKUP($E$134,自社拠点!#REF!,3,FALSE),"") -> #REF! | M136: FAX： | P136: =IF($E$134<>"",VLOOKUP($E$134,自社拠点!#REF!,7,FALSE),"") -> #REF! | X136: 担当者： | Z136: =IF($E$134<>"",VLOOKUP($E$134,自社拠点!#REF!,12,FALSE),"") -> #REF!
H137: 担当者： | J137: =IF($E$134<>"",VLOOKUP($E$134,自社拠点!#REF!,4,FALSE),"") -> #REF! | M137: 電子メール： | P137: =IF($E$134<>"",VLOOKUP($E$134,自社拠点!#REF!,8,FALSE),"") -> #REF! | X137: 代理者： | Z137: =IF($E$134<>"",VLOOKUP($E$134,自社拠点!#REF!,13,FALSE),"") -> #REF! | AA137: =IF($E$134<>"",VLOOKUP($E$134,自社拠点!#REF!,12,FALSE),"") -> #REF! | AB137: =IF($E$134<>"",VLOOKUP($E$134,自社拠点!#REF!,12,FALSE),"") -> #REF!
H138: 代理者： | J138: =IF($E$134<>"",VLOOKUP($E$134,自社拠点!#REF!,5,FALSE),"") -> #REF! | M138: 携帯電話： | P138: =IF($E$134<>"",VLOOKUP($E$134,自社拠点!#REF!,9,FALSE),"") -> #REF!
M139: 携帯メール： | P139: =IF($E$134<>"",VLOOKUP($E$134,自社拠点!#REF!,10,FALSE),"") -> #REF!
M140: 衛星電話： | P140: =IF($E$134<>"",VLOOKUP($E$134,自社拠点!#REF!,11,FALSE),"") -> #REF!
E141: Aリース | M141: 住所： | P141: =IF($E$141<>"",VLOOKUP($E$141,自社拠点!#REF!,2,FALSE),"") -> #REF! | T141: 人員の確保 受注業務 遂行協力 | W141: b
M142: 電話： | P142: =IF($E$141<>"",VLOOKUP($E$141,自社拠点!#REF!,6,FALSE),"") -> #REF!
H143: 所属： | J143: =IF($E$141<>"",VLOOKUP($E$141,自社拠点!#REF!,3,FALSE),"") -> #REF! | M143: FAX： | P143: =IF($E$141<>"",VLOOKUP($E$141,自社拠点!#REF!,7,FALSE),"") -> #REF! | X143: 担当者： | Z143: =IF($E$141<>"",VLOOKUP($E$141,自社拠点!#REF!,12,FALSE),"") -> #REF!
H144: 担当者： | J144: =IF($E$141<>"",VLOOKUP($E$141,自社拠点!#REF!,4,FALSE),"") -> #REF! | M144: 電子メール： | P144: =IF($E$141<>"",VLOOKUP($E$141,自社拠点!#REF!,8,FALSE),"") -> #REF! | X144: 代理者： | Z144: =IF($E$141<>"",VLOOKUP($E$141,自社拠点!#REF!,13,FALSE),"") -> #REF!
H145: 代理者： | J145: =IF($E$141<>"",VLOOKUP($E$141,自社拠点!#REF!,5,FALSE),"") -> #REF! | M145: 携帯電話： | P145: =IF($E$141<>"",VLOOKUP($E$141,自社拠点!#REF!,9,FALSE),"") -> #REF!
M146: 携帯メール： | P146: =IF($E$141<>"",VLOOKUP($E$141,自社拠点!#REF!,10,FALSE),"") -> #REF!
M147: 衛星電話： | P147: =IF($E$141<>"",VLOOKUP($E$141,自社拠点!#REF!,11,FALSE),"") -> #REF!
E148: B商社 | M148: 住所： | P148: =IF($E$148<>"",VLOOKUP($E$148,自社拠点!#REF!,2,FALSE),"") -> #REF! | T148: 人員の確保 受注業務 遂行協力 | W148: c
M149: 電話： | P149: =IF($E$148<>"",VLOOKUP($E$148,自社拠点!#REF!,6,FALSE),"") -> #REF!
...

Sheet 印刷対象から削除したフォーム
B2: 様式Ａ―２―１（必須） 社員への周知方法
B3: 社員への周知方法 | I3: 媒体 | L3: 実施年月日
B4: =IF(記入シートから削除したフォーム!E5<>0,記入シートから削除したフォーム!E5,"") | I4: =IF(記入シートから削除したフォーム!M5<>0,記入シートから削除したフォーム!M5,"") | L4: =IF(記入シートから削除したフォーム!U5<>0,記入シートから削除したフォーム!U5,"")
B5: =IF(記入シートから削除したフォーム!E6<>0,記入シートから削除したフォーム!E6,"") | I5: =IF(記入シートから削除したフォーム!M6<>0,記入シートから削除したフォーム!M6,"") | L5: =IF(記入シートから削除したフォーム!U6<>0,記入シートから削除したフォーム!U6,"")
B6: =IF(記入シートから削除したフォーム!E7<>0,記入シートから削除したフォーム!E7,"") | I6: =IF(記入シートから削除したフォーム!M7<>0,記入シートから削除したフォーム!M7,"") | L6: =IF(記入シートから削除したフォーム!U7<>0,記入シートから削除したフォーム!U7,"")
B7: =IF(記入シートから削除したフォーム!E8<>0,記入シートから削除したフォーム!E8,"") | I7: =IF(記入シートから削除したフォーム!M8<>0,記入シートから削除したフォーム!M8,"") | L7: =IF(記入シートから削除したフォーム!U8<>0,記入シートから削除したフォーム!U8,"")
B8: =IF(記入シートから削除したフォーム!E9<>0,記入シートから削除したフォーム!E9,"") | I8: =IF(記入シートから削除したフォーム!M9<>0,記入シートから削除したフォーム!M9,"") | L8: =IF(記入シートから削除したフォーム!U9<>0,記入シートから削除したフォーム!U9,"")
B9: =IF(記入シートから削除したフォーム!E10<>0,記入シートから削除したフォーム!E10,"") | I9: =IF(記入シートから削除したフォーム!M10<>0,記入シートから削除したフォーム!M10,"") | L9: =IF(記入シートから削除したフォーム!U10<>0,記入シートから削除したフォーム!U10,"")
B10: =IF(記入シートから削除したフォーム!E11<>0,記入シートから削除したフォーム!E11,"") -> #REF! | I10: =IF(記入シートから削除したフォーム!M11<>0,記入シートから削除したフォーム!M11,"") -> #REF! | L10: =IF(記入シートから削除したフォーム!U11<>0,記入シートから削除したフォーム!U11,"") -> #REF!
B13: 様式Ｂ－１－１補足資料２（重要）自社の地域で懸念されている被害
B14: リスクの種類 | D14: 対象施設 | I14: 外力（震度、水深等） | N14: 被害想定 | S14: 懸念される被害の種類 | X14: 備考
B15: =IF(記入シート!J60<>"",記入シート!H60,"") | D15: =IF(記入シートから削除したフォーム!G18<>"",記入シートから削除したフォーム!G18,"") -> taaaaa | I15: =IF(記入シートから削除したフォーム!L18<>"",記入シートから削除したフォーム!L18,"") -> a | N15: =IF(記入シートから削除したフォーム!Q18<>"",記入シートから削除したフォーム!Q18,"") -> z | S15: =IF(記入シートから削除したフォーム!V18<>"",記入シートから削除したフォーム!V18,"") -> p | X15: =IF(記入シートから削除したフォーム!AA18<>"",記入シートから削除したフォーム!AA18,"") -> l
B16: =IF(記入シート!J61<>"",記入シート!H61,"") | D16: =IF(記入シートから削除したフォーム!G19<>"",記入シートから削除したフォーム!G19,"") -> w | I16: =IF(記入シートから削除したフォーム!L19<>"",記入シートから削除したフォーム!L19,"") -> s | N16: =IF(記入シートから削除したフォーム!Q19<>"",記入シートから削除したフォーム!Q19,"") -> x | S16: =IF(記入シートから削除したフォーム!V19<>"",記入シートから削除したフォーム!V19,"") -> o | X16: =IF(記入シートから削除したフォーム!AA19<>"",記入シートから削除したフォーム!AA19,"") -> k
B17: =IF(記入シート!J62<>"",記入シート!H62,"") | D17: =IF(記入シートから削除したフォーム!G20<>"",記入シートから削除したフォーム!G20,"") -> e | I17: =IF(記入シートから削除したフォーム!L20<>"",記入シートから削除したフォーム!L20,"") -> d | N17: =IF(記入シートから削除したフォーム!Q20<>"",記入シートから削除したフォーム!Q20,"") -> c | S17: =IF(記入シートから削除したフォーム!V20<>"",記入シートから削除したフォーム!V20,"") -> i | X17: =IF(記入シートから削除したフォーム!AA20<>"",記入シートから削除したフォーム!AA20,"") -> j
B18: =IF(記入シート!J63<>"",記入シート!H63,"") | D18: =IF(記入シートから削除したフォーム!G21<>"",記入シートから削除したフォーム!G21,"") -> r | I18: =IF(記入シートから削除したフォーム!L21<>"",記入シートから削除したフォーム!L21,"") -> f | N18: =IF(記入シートから削除したフォーム!Q21<>"",記入シートから削除したフォーム!Q21,"") -> v | S18: =IF(記入シートから削除したフォーム!V21<>"",記入シートから削除したフォーム!V21,"") -> u | X18: =IF(記入シートから削除したフォーム!AA21<>"",記入シートから削除したフォーム!AA21,"") -> h
B19: =IF(記入シート!J64<>"",記入シート!H64,"") | D19: =IF(記入シートから削除したフォーム!G22<>"",記入シートから削除したフォーム!G22,"") -> t | I19: =IF(記入シートから削除したフォーム!L22<>"",記入シートから削除したフォーム!L22,"") -> g | N19: =IF(記入シートから削除したフォーム!Q22<>"",記入シートから削除したフォーム!Q22,"") -> b | S19: =IF(記入シートから削除したフォーム!V22<>"",記入シートから削除したフォーム!V22,"") -> y | X19: =IF(記入シートから削除したフォーム!AA22<>"",記入シートから削除したフォーム!AA22,"") -> g
B20: =IF(記入シート!#REF!<>"",記入シート!#REF!,"") -> #REF! | D20: =IF(記入シート!#REF!<>"",記入シート!#REF!,"") -> #REF! | I20: =IF(記入シート!#REF!<>"",記入シート!#REF!,"") -> #REF! | N20: =IF(記入シート!#REF!<>"",記入シート!#REF!,"") -> #REF! | S20: =IF(記入シート!#REF!<>"",記入シート!#REF!,"") -> #REF! | X20: =IF(記入シート!#REF!<>"",記入シート!#REF!,"") -> #REF!
B23: ＜自宅から直接現場に向かう人員＞自転車で参集する場合(6 ㎞/ｈ) | V23: 表中の数値の単位は人数
B24: 現場名 | D24: 現場住所(概略) | H24: 担当 | K24: 氏名 | N24: 参集距離 (㎞) | Q24: 移動速度 (㎞/hr) | T24: 参集時間 (hr) | W24: 目標時間※ 12時間を満足するか
B25: =IF(記入シート!H221<>"",記入シート!H221,"") | D25: =IF(記入シート!M221<>"",記入シート!M221,"") | H25: 担当者 | K25: =IF(記入シート!T221<>"",記入シート!T221,"") | N25: =IF(記入シート!W221<>"",記入シート!W221,"") | Q25: =IF(記入シート!#REF!<>"",記入シート!#REF!,"") -> #REF! | T25: =IF(記入シート!AC221<>"",記入シート!AC221,"") | W25: =IF(記入シート!#REF!<>"",記入シート!#REF!,"") -> #REF!
H26: 担当者(代理) | K26: =IF(記入シート!T222<>"",記入シート!T222,"") | N26: =IF(記入シート!W222<>"",記入シート!W222,"") | Q26: =IF(記入シート!#REF!<>"",記入シート!#REF!,"") -> #REF! | T26: =IF(記入シート!AC222<>"",記入シート!AC222,"") | W26: =IF(記入シート!#REF!<>"",記入シート!#REF!,"") -> #REF!
B27: =IF(記入シート!H223<>"",記入シート!H223,"") | D27: =IF(記入シート!M223<>"",記入シート!M223,"") | H27: 担当者 | K27: =IF(記入シート!T223<>"",記入シート!T223,"") | N27: =IF(記入シート!W223<>"",記入シート!W223,"") | Q27: =IF(記入シート!#REF!<>"",記入シート!#REF!,"") -> #REF! | T27: =IF(記入シート!AC223<>"",記入シート!AC223,"") | W27: =IF(記入シート!#REF!<>"",記入シート!#REF!,"") -> #REF!
H28: 担当者(代理) | K28: =IF(記入シート!T224<>"",記入シート!T224,"") | N28: =IF(記入シート!W224<>"",記入シート!W224,"") | Q28: =IF(記入シート!#REF!<>"",記入シート!#REF!,"") -> #REF! | T28: =IF(記入シート!AC224<>"",記入シート!AC224,"") | W28: =IF(記入シート!#REF!<>"",記入シート!#REF!,"") -> #REF!
B29: =IF(記入シート!H225<>"",記入シート!H225,"") | D29: =IF(記入シート!M225<>"",記入シート!M225,"") | H29: 担当者 | K29: =IF(記入シート!T225<>"",記入シート!T225,"") | N29: =IF(記入シート!W225<>"",記入シート!W225,"") | Q29: =IF(記入シート!#REF!<>"",記入シート!#REF!,"") -> #REF! | T29: =IF(記入シート!AC225<>"",記入シート!AC225,"") | W29: =IF(記入シート!#REF!<>"",記入シート!#REF!,"") -> #REF!
H30: 担当者(代理) | K30: =IF(記入シート!T226<>"",記入シート!T226,"") | N30: =IF(記入シート!W226<>"",記入シート!W226,"") | Q30: =IF(記入シート!#REF!<>"",記入シート!#REF!,"") -> #REF! | T30: =IF(記入シート!AC226<>"",記入シート!AC226,"") | W30: =IF(記入シート!#REF!<>"",記入シート!#REF!,"") -> #REF!
B31: =IF(記入シート!H227<>"",記入シート!H227,"") | D31: =IF(記入シート!M227<>"",記入シート!M227,"") | H31: 担当者 | K31: =IF(記入シート!T227<>"",記入シート!T227,"") | N31: =IF(記入シート!W227<>"",記入シート!W227,"") | Q31: =IF(記入シート!#REF!<>"",記入シート!#REF!,"") -> #REF! | T31: =IF(記入シート!AC227<>"",記入シート!AC227,"") | W31: =IF(記入シート!#REF!<>"",記入シート!#REF!,"") -> #REF!
H32: 担当者(代理) | K32: =IF(記入シート!T228<>"",記入シート!T228,"") | N32: =IF(記入シート!W228<>"",記入シート!W228,"") | Q32: =IF(記入シート!#REF!<>"",記入シート!#REF!,"") -> #REF! | T32: =IF(記入シート!AC228<>"",記入シート!AC228,"") | W32: =IF(記入シート!#REF!<>"",記入シート!#REF!,"") -> #REF!
B33: =IF(記入シート!H229<>"",記入シート!H229,"") | D33: =IF(記入シート!M229<>"",記入シート!M229,"") | H33: 担当者 | K33: =IF(記入シート!T229<>"",記入シート!T229,"") | N33: =IF(記入シート!W229<>"",記入シート!W229,"") | Q33: =IF(記入シート!#REF!<>"",記入シート!#REF!,"") -> #REF! | T33: =IF(記入シート!AC229<>"",記入シート!AC229,"") | W33: =IF(記入シート!#REF!<>"",記入シート!#REF!,"") -> #REF!
H34: 担当者(代理) | K34: =IF(記入シート!T230<>"",記入シート!T230,"") | N34: =IF(記入シート!W230<>"",記入シート!W230,"") | Q34: =IF(記入シート!#REF!<>"",記入シート!#REF!,"") -> #REF! | T34: =IF(記入シート!AC230<>"",記入シート!AC230,"") | W34: =IF(記入シート!#REF!<>"",記入シート!#REF!,"") -> #REF!
B35: =IF(記入シート!H231<>"",記入シート!H231,"") | D35: =IF(記入シート!M231<>"",記入シート!M231,"") | H35: 担当者 | K35: =IF(記入シート!T231<>"",記入シート!T231,"") | N35: =IF(記入シート!W231<>"",記入シート!W231,"") | Q35: =IF(記入シート!#REF!<>"",記入シート!#REF!,"") -> #REF! | T35: =IF(記入シート!AC231<>"",記入シート!AC231,"") | W35: =IF(記入シート!#REF!<>"",記入シート!#REF!,"") -> #REF!
H36: 担当者(代理) | K36: =IF(記入シート!T232<>"",記入シート!T232,"") | N36: =IF(記入シート!W232<>"",記入シート!W232,"") | Q36: =IF(記入シート!#REF!<>"",記入シート!#REF!,"") -> #REF! | T36: =IF(記入シート!AC232<>"",記入シート!AC232,"") | W36: =IF(記入シート!#REF!<>"",記入シート!#REF!,"") -> #REF!
B39: 様式Ｂ－３－１補足資料（必須） 重要業務の目標時間の検討表
B40: ●参集時間の集計表 徒歩で参集する場合(3 ㎞/ｈ)
B41: 役職 | E41: 氏名 | I41: 住所 | Q41: 所属班 | T41: 自宅⇒本社・支社への参集
T42: 出発地 | V42: 参集場所 | X42: 距離(㎞) | Z42: 移動時間 徒歩（分） | AB42: 移動時間 自転車（分）
B43: =IF(記入シート!H173<>"",記入シート!H173,"") | E43: =IF(記入シート!K173<>"",記入シート!K173,"") | I43: =IF(記入シート!P173<>"",記入シート!P173,"") | Q43: =IF(記入シート!W173<>"",記入シート!W173,"") | T43: =IF(記入シート!Z173<>"",記入シート!Z173,"") | V43: =IF(記入シート!AB173<>"",記入シート!AB173,"") | X43: =IF(記入シート!AD173<>"",記入シート!AD173,"") | Z43: =IF(記入シート!AF173<>"",記入シート!AF173,"") | AB43: =IF(記入シート!AH173<>"",記入シート!AH173,"")
B44: =IF(記入シート!H174<>"",記入シート!H174,"") | E44: =IF(記入シート!K174<>"",記入シート!K174,"") | I44: =IF(記入シート!P174<>"",記入シート!P174,"") | Q44: =IF(記入シート!W174<>"",記入シート!W174,"") | T44: =IF(記入シート!Z174<>"",記入シート!Z174,"") | V44: =IF(記入シート!AB174<>"",記入シート!AB174,"") | X44: =IF(記入シート!AD174<>"",記入シート!AD174,"") | Z44: =IF(記入シート!AF174<>"",記入シート!AF174,"") | AB44: =IF(記入シート!AH174<>"",記入シート!AH174,"")
B45: =IF(記入シート!H175<>"",記入シート!H175,"") | E45: =IF(記入シート!K175<>"",記入シート!K175,"") | I45: =IF(記入シート!P175<>"",記入シート!P175,"") | Q45: =IF(記入シート!W175<>"",記入シート!W175,"") | T45: =IF(記入シート!Z175<>"",記入シート!Z175,"") | V45: =IF(記入シート!AB175<>"",記入シート!AB175,"") | X45: =IF(記入シート!AD175<>"",記入シート!AD175,"") | Z45: =IF(記入シート!AF175<>"",記入シート!AF175,"") | AB45: =IF(記入シート!AH175<>"",記入シート!AH175,"")
B46: =IF(記入シート!H176<>"",記入シート!H176,"") | E46: =IF(記入シート!K176<>"",記入シート!K176,"") | I46: =IF(記入シート!P176<>"",記入シート!P176,"") | Q46: =IF(記入シート!W176<>"",記入シート!W176,"") | T46: =IF(記入シート!Z176<>"",記入シート!Z176,"") | V46: =IF(記入シート!AB176<>"",記入シート!AB176,"") | X46: =IF(記入シート!AD176<>"",記入シート!AD176,"") | Z46: =IF(記入シート!AF176<>"",記入シート!AF176,"") | AB46: =IF(記入シート!AH176<>"",記入シート!AH176,"")
B47: =IF(記入シート!H177<>"",記入シート!H177,"") | E47: =IF(記入シート!K177<>"",記入シート!K177,"") | I47: =IF(記入シート!P177<>"",記入シート!P177,"") | Q47: =IF(記入シート!W177<>"",記入シート!W177,"") | T47: =IF(記入シート!Z177<>"",記入シート!Z177,"") | V47: =IF(記入シート!AB177<>"",記入シート!AB177,"") | X47: =IF(記入シート!AD177<>"",記入シート!AD177,"") | Z47: =IF(記入シート!AF177<>"",記入シート!AF177,"") | AB47: =IF(記入シート!AH177<>"",記入シート!AH177,"")
B48: =IF(記入シート!H178<>"",記入シート!H178,"") | E48: =IF(記入シート!K178<>"",記入シート!K178,"") | I48: =IF(記入シート!P178<>"",記入シート!P178,"") | Q48: =IF(記入シート!W178<>"",記入シート!W178,"") | T48: =IF(記入シート!Z178<>"",記入シート!Z178,"") | V48: =IF(記入シート!AB178<>"",記入シート!AB178,"") | X48: =IF(記入シート!AD178<>"",記入シート!AD178,"") | Z48: =IF(記入シート!AF178<>"",記入シート!AF178,"") | AB48: =IF(記入シート!AH178<>"",記入シート!AH178,"")
B49: =IF(記入シート!H179<>"",記入シート!H179,"") | E49: =IF(記入シート!K179<>"",記入シート!K179,"") | I49: =IF(記入シート!P179<>"",記入シート!P179,"") | Q49: =IF(記入シート!W179<>"",記入シート!W179,"") | T49: =IF(記入シート!Z179<>"",記入シート!Z179,"") | V49: =IF(記入シート!AB179<>"",記入シート!AB179,"") | X49: =IF(記入シート!AD179<>"",記入シート!AD179,"") | Z49: =IF(記入シート!AF179<>"",記入シート!AF179,"") | AB49: =IF(記入シート!AH179<>"",記入シート!AH179,"")
B50: =IF(記入シート!H180<>"",記入シート!H180,"") | E50: =IF(記入シート!K180<>"",記入シート!K180,"") | I50: =IF(記入シート!P180<>"",記入シート!P180,"") | Q50: =IF(記入シート!W180<>"",記入シート!W180,"") | T50: =IF(記入シート!Z180<>"",記入シート!Z180,"") | V50: =IF(記入シート!AB180<>"",記入シート!AB180,"") | X50: =IF(記入シート!AD180<>"",記入シート!AD180,"") | Z50: =IF(記入シート!AF180<>"",記入シート!AF180,"") | AB50: =IF(記入シート!AH180<>"",記入シート!AH180,"")
B51: =IF(記入シート!H181<>"",記入シート!H181,"") | E51: =IF(記入シート!K181<>"",記入シート!K181,"") | I51: =IF(記入シート!P181<>"",記入シート!P181,"") | Q51: =IF(記入シート!W181<>"",記入シート!W181,"") | T51: =IF(記入シート!Z181<>"",記入シート!Z181,"") | V51: =IF(記入シート!AB181<>"",記入シート!AB181,"") | X51: =IF(記入シート!AD181<>"",記入シート!AD181,"") | Z51: =IF(記入シート!AF181<>"",記入シート!AF181,"") | AB51: =IF(記入シート!AH181<>"",記入シート!AH181,"")
B52: =IF(記入シート!H182<>"",記入シート!H182,"") | E52: =IF(記入シート!K182<>"",記入シート!K182,"") | I52: =IF(記入シート!P182<>"",記入シート!P182,"") | Q52: =IF(記入シート!W182<>"",記入シート!W182,"") | T52: =IF(記入シート!Z182<>"",記入シート!Z182,"") | V52: =IF(記入シート!AB182<>"",記入シート!AB182,"") | X52: =IF(記入シート!AD182<>"",記入シート!AD182,"") | Z52: =IF(記入シート!AF182<>"",記入シート!AF182,"") | AB52: =IF(記入シート!AH182<>"",記入シート!AH182,"")
B53: =IF(記入シート!H183<>"",記入シート!H183,"") | E53: =IF(記入シート!K183<>"",記入シート!K183,"") | I53: =IF(記入シート!P183<>"",記入シート!P183,"") | Q53: =IF(記入シート!W183<>"",記入シート!W183,"") | T53: =IF(記入シート!Z183<>"",記入シート!Z183,"") | V53: =IF(記入シート!AB183<>"",記入シート!AB183,"") | X53: =IF(記入シート!AD183<>"",記入シート!AD183,"") | Z53: =IF(記入シート!AF183<>"",記入シート!AF183,"") | AB53: =IF(記入シート!AH183<>"",記入シート!AH183,"")
B54: =IF(記入シート!H184<>"",記入シート!H184,"") | E54: =IF(記入シート!K184<>"",記入シート!K184,"") | I54: =IF(記入シート!P184<>"",記入シート!P184,"") | Q54: =IF(記入シート!W184<>"",記入シート!W184,"") | T54: =IF(記入シート!Z184<>"",記入シート!Z184,"") | V54: =IF(記入シート!AB184<>"",記入シート!AB184,"") | X54: =IF(記入シート!AD184<>"",記入シート!AD184,"") | Z54: =IF(記入シート!AF184<>"",記入シート!AF184,"") | AB54: =IF(記入シート!AH184<>"",記入シート!AH184,"")
... B56: =IF(記入シート!H186<>"",記入シート!H186,"") | E56: =IF(記入シート!K186<>"",記入シート!K186,"") | I56: =IF(記入シート!P186<>"",記入シート!P186,"") | Q56: =IF(記入シート!W186<>"",記入シート!W186,"") | T56: =IF(記入シート!Z186<>"",記入シート!Z186,"") | V56: =IF(記入シート!AB186<>"",記入シート!AB186,"") | X56: =IF(記入シート!AD186<>"",記入シート!AD186,"") | Z56: =IF(記入シート!AF186<>"",記入シート!AF186,"") | AB56: =IF(記入シート!AH186<>"",記入シート!AH186,"")
B60: 様式Ｂ－３－２（重要） 全体手順初期：就業時間内の場合
B61: 時間 | D61: 対 応 手 順 | W61: 備考
B62: =IF(記入シートから削除したフォーム!$E28<>"",記入シートから削除したフォーム!$E28,"") -> 1 | D62: =IF(記入シートから削除したフォーム!$G28<>"",記入シートから削除したフォーム!$G28,"") -> q | W62: =IF(記入シートから削除したフォーム!$Z28<>"",記入シートから削除したフォーム!$Z28,"") -> z
B63: =IF(記入シートから削除したフォーム!$E29<>"",記入シートから削除したフォーム!$E29,"") -> 2 | D63: =IF(記入シートから削除したフォーム!$G29<>"",記入シートから削除したフォーム!$G29,"") -> w | W63: =IF(記入シートから削除したフォーム!$Z29<>"",記入シートから削除したフォーム!$Z29,"") -> x
B64: =IF(記入シートから削除したフォーム!$E30<>"",記入シートから削除したフォーム!$E30,"") -> 3 | D64: =IF(記入シートから削除したフォーム!$G30<>"",記入シートから削除したフォーム!$G30,"") -> e | W64: =IF(記入シートから削除したフォーム!$Z30<>"",記入シートから削除したフォーム!$Z30,"") -> c
B65: =IF(記入シートから削除したフォーム!$E31<>"",記入シートから削除したフォーム!$E31,"") -> 4 | D65: =IF(記入シートから削除したフォーム!$G31<>"",記入シートから削除したフォーム!$G31,"") -> r | W65: =IF(記入シートから削除したフォーム!$Z31<>"",記入シートから削除したフォーム!$Z31,"") -> v
B66: =IF(記入シートから削除したフォーム!$E32<>"",記入シートから削除したフォーム!$E32,"") -> 5 | D66: =IF(記入シートから削除したフォーム!$G32<>"",記入シートから削除したフォーム!$G32,"") -> t | W66: =IF(記入シートから削除したフォーム!$Z32<>"",記入シートから削除したフォーム!$Z32,"") -> b
B67: =IF(記入シートから削除したフォーム!$E33<>"",記入シートから削除したフォーム!$E33,"") -> 6 | D67: =IF(記入シートから削除したフォーム!$G33<>"",記入シートから削除したフォーム!$G33,"") -> y | W67: =IF(記入シートから削除したフォーム!$Z33<>"",記入シートから削除したフォーム!$Z33,"") -> n
B68: =IF(記入シートから削除したフォーム!$E34<>"",記入シートから削除したフォーム!$E34,"") -> 7 | D68: =IF(記入シートから削除したフォーム!$G34<>"",記入シートから削除したフォーム!$G34,"") -> u | W68: =IF(記入シートから削除したフォーム!$Z34<>"",記入シートから削除したフォーム!$Z34,"") -> m
B71: 様式Ｃ－３－２（重要）費用のさほどかからない建物対策、設備等の対策の実施計画
B72: 場所 | D72: 想定される事態 | I72: 対応策 | Q72: 対応時期
B73: =IF(記入シートから削除したフォーム!E97<>"",記入シートから削除したフォーム!E97,"") -> 1 | D73: =IF(記入シートから削除したフォーム!G97<>"",記入シートから削除したフォーム!G97,"") -> q | I73: =IF(記入シートから削除したフォーム!L97<>"",記入シートから削除したフォーム!L97,"") -> d | Q73: =IF(記入シートから削除したフォーム!T97<>"",記入シートから削除したフォーム!T97,"") -> b
B74: =IF(記入シートから削除したフォーム!E98<>"",記入シートから削除したフォーム!E98,"") -> 2 | D74: =IF(記入シートから削除したフォーム!G98<>"",記入シートから削除したフォーム!G98,"") -> a | I74: =IF(記入シートから削除したフォーム!L98<>"",記入シートから削除したフォーム!L98,"") -> c | Q74: =IF(記入シートから削除したフォーム!T98<>"",記入シートから削除したフォーム!T98,"") -> y
B75: =IF(記入シートから削除したフォーム!E99<>"",記入シートから削除したフォーム!E99,"") -> 3 | D75: =IF(記入シートから削除したフォーム!G99<>"",記入シートから削除したフォーム!G99,"") -> z | I75: =IF(記入シートから削除したフォーム!L99<>"",記入シートから削除したフォーム!L99,"") -> r | Q75: =IF(記入シートから削除したフォーム!T99<>"",記入シートから削除したフォーム!T99,"") -> h
B76: =IF(記入シートから削除したフォーム!E100<>"",記入シートから削除したフォーム!E100,"") -> 4 | D76: =IF(記入シートから削除したフォーム!G100<>"",記入シートから削除したフォーム!G100,"") -> w | I76: =IF(記入シートから削除したフォーム!L100<>"",記入シートから削除したフォーム!L100,"") -> f | Q76: =IF(記入シートから削除したフォーム!T100<>"",記入シートから削除したフォーム!T100,"") -> n
B77: =IF(記入シートから削除したフォーム!E101<>"",記入シートから削除したフォーム!E101,"") -> 5 | D77: =IF(記入シートから削除したフォーム!G101<>"",記入シートから削除したフォーム!G101,"") -> s | I77: =IF(記入シートから削除したフォーム!L101<>"",記入シートから削除したフォーム!L101,"") -> v | Q77: =IF(記入シートから削除したフォーム!T101<>"",記入シートから削除したフォーム!T101,"") -> u
B78: =IF(記入シートから削除したフォーム!E102<>"",記入シートから削除したフォーム!E102,"") -> 6 | D78: =IF(記入シートから削除したフォーム!G102<>"",記入シートから削除したフォーム!G102,"") -> x | I78: =IF(記入シートから削除したフォーム!L102<>"",記入シートから削除したフォーム!L102,"") -> t | Q78: =IF(記入シートから削除したフォーム!T102<>"",記入シートから削除したフォーム!T102,"") -> j
B79: =IF(記入シートから削除したフォーム!E103<>"",記入シートから削除したフォーム!E103,"") -> 7 | D79: =IF(記入シートから削除したフォーム!G103<>"",記入シートから削除したフォーム!G103,"") -> e | I79: =IF(記入シートから削除したフォーム!L103<>"",記入シートから削除したフォーム!L103,"") -> g | Q79: =IF(記入シートから削除したフォーム!T103<>"",記入シートから削除したフォーム!T103,"") -> m
N80: ="作成(更新)："&記入シートから削除したフォーム!G105&記入シートから削除したフォーム!H105&記入シートから削除したフォーム!I105&記入シートから削除したフォーム!J105&記入シートから削除したフォーム!K105&記入シートから削除したフォーム!L105&記入シートから削除したフォーム!M105 -> 作成(更新)：令和7年5月18日
C81: ①建物や設備に対する費用のさほどかからない耐震対策（例：転倒防止や簡易な補強による生存空間の確保）や他の対策について、必要に応じて実施計画を策定することが推奨されます。
B83: 様式Ｆ－１－２（重要） 災害時の対応にあたる要員のための備蓄
B84: 品名 | E84: 個数 | H84: 保存期間 | K84: 保管場所 | N84: 管理責任者 | Q84: 確認時期 | T84: 備考
B85: =IF(記入シート!M310<>"",記入シート!M310,"") | E85: =IF(記入シート!R310<>"",記入シート!R310,"") | H85: =IF(記入シートから削除したフォーム!K116<>"",記入シートから削除したフォーム!K116,"") -> y | K85: =IF(記入シートから削除したフォーム!N116<>"",記入シートから削除したフォーム!N116,"") -> a | N85: =IF(記入シートから削除したフォーム!Q116<>"",記入シートから削除したフォーム!Q116,"") -> h | Q85: =IF(記入シートから削除したフォーム!T116<>"",記入シートから削除したフォーム!T116,"") -> x | T85: =IF(記入シートから削除したフォーム!W116<>"",記入シートから削除したフォーム!W116,"") -> m
B86: =IF(記入シート!M311<>"",記入シート!M311,"") | E86: =IF(記入シート!R311<>"",記入シート!R311,"") | H86: =IF(記入シートから削除したフォーム!K117<>"",記入シートから削除したフォーム!K117,"") -> u | K86: =IF(記入シートから削除したフォーム!N117<>"",記入シートから削除したフォーム!N117,"") -> s | N86: =IF(記入シートから削除したフォーム!Q117<>"",記入シートから削除したフォーム!Q117,"") -> j | Q86: =IF(記入シートから削除したフォーム!T117<>"",記入シートから削除したフォーム!T117,"") -> c | T86: =IF(記入シートから削除したフォーム!W117<>"",記入シートから削除したフォーム!W117,"") -> q
B87: =IF(記入シート!M312<>"",記入シート!M312,"") | E87: =IF(記入シート!R312<>"",記入シート!R312,"") | H87: =IF(記入シートから削除したフォーム!K118<>"",記入シートから削除したフォーム!K118,"") -> i | K87: =IF(記入シートから削除したフォーム!N118<>"",記入シートから削除したフォーム!N118,"") -> d | N87: =IF(記入シートから削除したフォーム!Q118<>"",記入シートから削除したフォーム!Q118,"") -> k | Q87: =IF(記入シートから削除したフォーム!T118<>"",記入シートから削除したフォーム!T118,"") -> v | T87: =IF(記入シートから削除したフォーム!W118<>"",記入シートから削除したフォーム!W118,"") -> w
B88: =IF(記入シート!M313<>"",記入シート!M313,"") | E88: =IF(記入シート!R313<>"",記入シート!R313,"") | H88: =IF(記入シートから削除したフォーム!K119<>"",記入シートから削除したフォーム!K119,"") -> o | K88: =IF(記入シートから削除したフォーム!N119<>"",記入シートから削除したフォーム!N119,"") -> f | N88: =IF(記入シートから削除したフォーム!Q119<>"",記入シートから削除したフォーム!Q119,"") -> l | Q88: =IF(記入シートから削除したフォーム!T119<>"",記入シートから削除したフォーム!T119,"") -> b | T88: =IF(記入シートから削除したフォーム!W119<>"",記入シートから削除したフォーム!W119,"") -> e
B89: =IF(記入シート!M314<>"",記入シート!M314,"") | E89: =IF(記入シート!R314<>"",記入シート!R314,"") | H89: =IF(記入シートから削除したフォーム!K120<>"",記入シートから削除したフォーム!K120,"") -> p | K89: =IF(記入シートから削除したフォーム!N120<>"",記入シートから削除したフォーム!N120,"") -> g | N89: =IF(記入シートから削除したフォーム!Q120<>"",記入シートから削除したフォーム!Q120,"") -> z | Q89: =IF(記入シートから削除したフォーム!T120<>"",記入シートから削除したフォーム!T120,"") -> n | T89: =IF(記入シートから削除したフォーム!W120<>"",記入シートから削除したフォーム!W120,"") -> r
C90: ①備蓄量は、社員全体用を目指すことが推奨されます。
C91: ②備蓄量が不足している場合は、今後の購入を計画してください。
C92: ③飲料水は１人 1 日 3L、食料は1人1日3食が目安になります。
B95: 様式Ｆ－２－１（必須） 災害発生直後に調達するリスト
B96: 組織名称 | E96: 連絡先担当者及び 代理者所属・氏名 | J96: 住所・連絡手段 | Q96: 連絡内容 | T96: 連絡 順位 | U96: 自社担当者 及び代理者
B97: =IF(記入シートから削除したフォーム!E134<>"",記入シートから削除したフォーム!E134,"") -> 株式会社７７７ | J97: 住所： | M97: =IF(記入シートから削除したフォーム!P134<>"",記入シートから削除したフォーム!P134,"") -> #REF! | Q97: 人員の確保 受注業務 遂行協力 | T97: =IF(記入シートから削除したフォーム!W134<>"",記入シートから削除したフォーム!W134,"") -> a
J98: 電話： | M98: =IF(記入シートから削除したフォーム!P135<>"",記入シートから削除したフォーム!P135,"") -> #REF!
E99: 所属： | G99: =IF(記入シートから削除したフォーム!J136<>"",記入シートから削除したフォーム!J136,"") -> #REF! | J99: FAX： | M99: =IF(記入シートから削除したフォーム!P136<>"",記入シートから削除したフォーム!P136,"") -> #REF! | U99: 担当者： | W99: =IF(記入シートから削除したフォーム!Z136<>"",記入シートから削除したフォーム!Z136,"") -> #REF!
E100: 担当者： | G100: =IF(記入シートから削除したフォーム!J137<>"",記入シートから削除したフォーム!J137,"") -> #REF! | J100: 電子メール： | M100: =IF(記入シートから削除したフォーム!P137<>"",記入シートから削除したフォーム!P137,"") -> #REF! | U100: 代理者： | W100: =IF(記入シートから削除したフォーム!Z137<>"",記入シートから削除したフォーム!Z137,"") -> #REF!
E101: 代理者： | G101: =IF(記入シートから削除したフォーム!J138<>"",記入シートから削除したフォーム!J138,"") -> #REF! | J101: 携帯電話： | M101: =IF(記入シートから削除したフォーム!P138<>"",記入シートから削除したフォーム!P138,"") -> #REF!
J102: 携帯メール： | M102: =IF(記入シートから削除したフォーム!P139<>"",記入シートから削除したフォーム!P139,"") -> #REF!
J103: 衛星電話： | M103: =IF(記入シートから削除したフォーム!P140<>"",記入シートから削除したフォーム!P140,"") -> #REF!
B104: =IF(記入シートから削除したフォーム!E141<>"",記入シートから削除したフォーム!E141,"") -> Aリース | J104: 住所： | M104: =IF(記入シートから削除したフォーム!P141<>"",記入シートから削除したフォーム!P141,"") -> #REF! | Q104: 人員の確保 受注業務 遂行協力 | T104: =IF(記入シートから削除したフォーム!W141<>"",記入シートから削除したフォーム!W141,"") -> b
J105: 電話： | M105: =IF(記入シートから削除したフォーム!P142<>"",記入シートから削除したフォーム!P142,"") -> #REF!
E106: 所属： | G106: =IF(記入シートから削除したフォーム!J143<>"",記入シートから削除したフォーム!J143,"") -> #REF! | J106: FAX： | M106: =IF(記入シートから削除したフォーム!P143<>"",記入シートから削除したフォーム!P143,"") -> #REF! | U106: 担当者： | W106: =IF(記入シートから削除したフォーム!Z143<>"",記入シートから削除したフォーム!Z143,"") -> #REF!
E107: 担当者： | G107: =IF(記入シートから削除したフォーム!J144<>"",記入シートから削除したフォーム!J144,"") -> #REF! | J107: 電子メール： | M107: =IF(記入シートから削除したフォーム!P144<>"",記入シートから削除したフォーム!P144,"") -> #REF! | U107: 代理者： | W107: =IF(記入シートから削除したフォーム!Z144<>"",記入シートから削除したフォーム!Z144,"") -> #REF!
E108: 代理者： | G108: =IF(記入シートから削除したフォーム!J145<>"",記入シートから削除したフォーム!J145,"") -> #REF! | J108: 携帯電話： | M108: =IF(記入シートから削除したフォーム!P145<>"",記入シートから削除したフォーム!P145,"") -> #REF!
J109: 携帯メール： | M109: =IF(記入シートから削除したフォーム!P146<>"",記入シートから削除したフォーム!P146,"") -> #REF!
J110: 衛星電話： | M110: =IF(記入シートから削除したフォーム!P147<>"",記入シートから削除したフォーム!P147,"") -> #REF!
B111: =IF(記入シートから削除したフォーム!E148<>"",記入シートから削除したフォーム!E148,"") -> B商社 | J111: 住所： | M111: =IF(記入シートから削除したフォーム!P148<>"",記入シートから削除したフォーム!P148,"") -> #REF! | Q111: 人員の確保 受注業務 遂行協力 | T111: =IF(記入シートから削除したフォーム!W148<>"",記入シートから削除したフォーム!W148,"") -> c
J112: 電話： | M112: =IF(記入シートから削除したフォーム!P149<>"",記入シートから削除したフォーム!P149,"") -> #REF!
E113: 所属： | G113: =IF(記入シートから削除したフォーム!J150<>"",記入シートから削除したフォーム!J150,"") -> #REF! | J113: FAX： | M113: =IF(記入シートから削除したフォーム!P150<>"",記入シートから削除したフォーム!P150,"") -> #REF! | U113: 担当者： | W113: =IF(記入シートから削除したフォーム!Z150<>"",記入シートから削除したフォーム!Z150,"") -> #REF!
E114: 担当者： | G114: =IF(記入シートから削除したフォーム!J151<>"",記入シートから削除したフォーム!J151,"") -> #REF! | J114: 電子メール： | M114: =IF(記入シートから削除したフォーム!P151<>"",記入シートから削除したフォーム!P151,"") -> #REF! | U114: 代理者： | W114: =IF(記入シートから削除したフォーム!Z151<>"",記入シートから削除したフォーム!Z151,"") -> #REF!
E115: 代理者： | G115: =IF(記入シートから削除したフォーム!J152<>"",記入シートから削除したフォーム!J152,"") -> #REF! | J115: 携帯電話： | M115: =IF(記入シートから削除したフォーム!P152<>"",記入シートから削除したフォーム!P152,"") -> #REF!
J116: 携帯メール： | M116: =IF(記入シートから削除したフォーム!P153<>"",記入シートから削除したフォーム!P153,"") -> #REF!
...

Sheet 記入シート
A1: （非表示） | B1: （非表示） | D1: （非表示） | E1: 入力順
A2: 関数 | B2: 関数 | D2: リスト | F2: 中国地方における地域建設業の事業継続計画認定 資料作成ツール 記入シート | W2: 入力欄の凡例
Z3: 入力必須
Z4: 入力が望ましい
Z5: ※入力しないでください
G7: 【頭紙】記載の使用上の注意をご理解頂いた場合は、下記プルダウンで「使用上の注意を理解したうえで、利用します」を選択してください。
G8: 使用上の注意を理解したうえで、利用します | AO8: 使用上の注意を読んでいません。 | AR8: =+IF(G8=AO8,1) -> FALSE
AO9: 使用上の注意を理解したうえで、利用します
G10: 使用上の注意に同意した場合に以下に入力に必要なフォームが表示されます。表示されない場合は、使用上の注意を一読いただき、上記赤いセルの「使用上の注意を理解したうえで、利用します」を選択してください。選択すると文字が表示されます。
G13: BCP策定が功を奏した事例 | W13: BCPを策定していなかったことにより問題が発生した事例
G14: 約48時間に及ぶ長期停電の被害を受けたが、直前に実施した訓練が功を奏し、自家発電でパソコン等への給電を行い、安否確認など、必要最低限の災害対応を続けることができた。 | W14: 災害時の連絡用に職員の電話番号は控えていたが、家屋全壊となった職員とは電話では連絡できなかった。
G15: BCPにおいて、取引先との応急復旧に係る協力体制（人員の応援や資機材の融通、施工体制の補完等）をあらかじめ整備していたことにより、被災直後においても迅速に応急復旧作業に着手し、その後、段階的に施工体制を再構築しながら通常業務を再開することができた。 | W15: 被災直後は、自社施設や現場の復旧対応に追われるとともに、応急対応業務の増大により現場体制が混乱し、施工体制の再構築の目途が立たないことから、通常業務の再開が困難となった。
F17: 作成者入力欄 ※各施設にて、ご確認の上、ご記入ください。
G19: ●施設が位置する県・市町村を記入ください。
J20: ↓県（プルダウンで選択できます）
L21: 県
M22: ↑市町村（直接入力ください）
F23: 表紙
G25: 企業名：
K26: 年 | N26: 月 作成
F28: 様式Ａ－１－１（必須） 計画策定の意義・目的 | AM28: P.3-7
G29: 計画の目的の記載例を参考にし、問題がなければプルダウンを選択してください。 独自に目的を定める場合は、直接入力してください。
F40: 様式Ａ－１－２（必須） 計画策定の検討体制 | AM40: P.3-7
G41: 事業継続計画は、経営者や一部の幹部のみが関与して作成するのでは効果が期待できません。 会社のトップから個々の社員までが、災害にあっても重要業務を継続させようという意識を共有し災害時に実行していくことが必要です。 本計画策定・更新時の検討体制を記入してください。※氏名欄をプルダウンから選択するか直接入力し、表内記入ください。
I43: 役割 | R43: 所属 | U43: 役職 | X43: 氏名
I44: 総括 | R44: =IFERROR(IF(VLOOKUP($X44,名簿!$C:$E,2,FALSE)=0,"",VLOOKUP(X44,名簿!$C:$E,2,FALSE)),"") | U44: =IFERROR(IF(VLOOKUP($X44,名簿!$C:$E,3,FALSE)=0,"",VLOOKUP($X44,名簿!$C:$E,3,FALSE)),"")
I45: Ａ 重要業務の選定と目標時間の把握 | R45: =IFERROR(IF(VLOOKUP($X45,名簿!$C:$E,2,FALSE)=0,"",VLOOKUP(X45,名簿!$C:$E,2,FALSE)),"") | U45: =IFERROR(IF(VLOOKUP($X45,名簿!$C:$E,3,FALSE)=0,"",VLOOKUP($X45,名簿!$C:$E,3,FALSE)),"")
I46: Ｂ 災害時の対応体制 | R46: =IFERROR(IF(VLOOKUP($X46,名簿!$C:$E,2,FALSE)=0,"",VLOOKUP(X46,名簿!$C:$E,2,FALSE)),"") | U46: =IFERROR(IF(VLOOKUP($X46,名簿!$C:$E,3,FALSE)=0,"",VLOOKUP($X46,名簿!$C:$E,3,FALSE)),"")
I47: Ｃ 対応拠点の確保 | R47: =IFERROR(IF(VLOOKUP($X47,名簿!$C:$E,2,FALSE)=0,"",VLOOKUP(X47,名簿!$C:$E,2,FALSE)),"") | U47: =IFERROR(IF(VLOOKUP($X47,名簿!$C:$E,3,FALSE)=0,"",VLOOKUP($X47,名簿!$C:$E,3,FALSE)),"")
I48: Ｄ 情報発信・情報共有 | R48: =IFERROR(IF(VLOOKUP($X48,名簿!$C:$E,2,FALSE)=0,"",VLOOKUP(X48,名簿!$C:$E,2,FALSE)),"") | U48: =IFERROR(IF(VLOOKUP($X48,名簿!$C:$E,3,FALSE)=0,"",VLOOKUP($X48,名簿!$C:$E,3,FALSE)),"")
I49: Ｅ 人員と資機材の調達 | R49: =IFERROR(IF(VLOOKUP($X49,名簿!$C:$E,2,FALSE)=0,"",VLOOKUP(X49,名簿!$C:$E,2,FALSE)),"") | U49: =IFERROR(IF(VLOOKUP($X49,名簿!$C:$E,3,FALSE)=0,"",VLOOKUP($X49,名簿!$C:$E,3,FALSE)),"")
I50: Ｆ 訓練計画と定期点検計画 | R50: =IFERROR(IF(VLOOKUP($X50,名簿!$C:$E,2,FALSE)=0,"",VLOOKUP(X50,名簿!$C:$E,2,FALSE)),"") | U50: =IFERROR(IF(VLOOKUP($X50,名簿!$C:$E,3,FALSE)=0,"",VLOOKUP($X50,名簿!$C:$E,3,FALSE)),"")
F53: 様式B―1―１（必須） 自社の地域で懸念されている災害の一覧整理 | AM53: P.3-11
G54: あなたの会社の事業の実施・継続を危うくする自然災害の情報を、会社の所在する自治体（県、市町村）等のホームページや配付資料などより複数入手し、整理してください。 リスクの種類をプルダウンから選択するか直接入力し、表内記入ください。 また、事業継続の対象とする災害に「●」を入力ください。事業継続の対象とする災害は、検討経緯・選定理由を記載してください。
I56: ① 懸念される災害すべてについての被害想定の根拠資料（ハザードマップ等）が必要です。
I57: ②『２－１ 想定被害による自社への影響』を参考に、自社地域で事業継続の対象とする災害を選定し、検討経緯・選定理由を記載します。
H59: リスクの 種類 | J59: 説明 (対応拠点での被害規模) | O59: 懸念される本社･支店、 現場事務所等の被害 | T59: 懸念される地域被害の種類 | Y59: 地域被害の概要及び程度 | AD59: 対応の 優先順位 | AF59: 事業継続の対象 とする災害
A60: =AF60 -> 0 | G60: 1
A61: =AF61 -> 0 | G61: 2
A62: =AF62 -> 0 | G62: 3
A63: =AF63 -> 0 | G63: 4
A64: =AF64 -> 0 | G64: 5
H65: 事業継続の対象とする災害の設定 | O65: =IFERROR(VLOOKUP("●",A60:I60,8,FALSE),"")&" "&IFERROR(VLOOKUP("●",A61:I61,8,FALSE),"")&" "&IFERROR(VLOOKUP("●",A62:I62,8,FALSE),"")&" "&IFERROR(VLOOKUP("●",A63:I63,8,FALSE),"")&" "&IFERROR(VLOOKUP("●",A64:I64,8,FALSE),"")
H68: ※検討経緯・選定理由の記載例 上記の内、事業継続計画の対象とする災害は「地震 津波」とする。 【理由】自社関連施設の受ける被害が大きい。地震の発生は予測が難しく、これに対応できれば他の災害にも対応可能となるため。
H69: 検討経緯・選定理由
H70: ="上記の内、事業継続計画の対象とする災害は、「"&TRIM(O65)&"」とする" -> 上記の内、事業継続計画の対象とする災害は、「」とする
H71: 【理由】
F83: 様式Ｂ－１－１補足資料（必須） 自社関連施設の位置図 | AM83: P.3-11
H84: あなたの会社の事業の実施・継続を危うくする自然災害の情報を、会社の所在する自治体（県、市町村）等のホームページや配付資料などより複数（2つ以上）入手し、整理してください。 【画像の貼り付け方法】画像を枠内に貼り付け⇒画像上で右クリック⇒「セル内に配置」をクリック ※2つ目以降の記入フォームは画面右方向にあります。 | AP84: 2つ目以降の記入欄
AP85: 2 | BP85: 3
I87: 出典： | AQ87: 出典： | BQ87: 出典：
H88: 記入例： | J88: 震度分布図（五日市断層による地震 出典：広島市ＨＰ http://www.city.hiroshima.lg.jp/ H28.10 ） | AP88: 記入例： | AR88: 震度分布図（五日市断層による地震 出典：広島市ＨＰ http://www.city.hiroshima.lg.jp/ H28.10 ） | BP88: 記入例： | BR88: 震度分布図（五日市断層による地震 出典：広島市ＨＰ http://www.city.hiroshima.lg.jp/ H28.10 ）
H91: 様式B―1―2（重要） 建物の耐震性に関する状況把握
H92: 災害に対する建物の災害危険度を概略でよいので把握して下さい。 本社建物が被災を受け、対策本部の設置が困難な場合は、交通・通信の状態を見極め、代替対応拠点を選定する必要があります。
H93: ①自社の建物の耐震性を建築時期や耐震補強の履歴などから整理します。建築時期不明の場合、昭和 56 年以前と同様に扱います。 ②昭和 56 年（1981 年）6 月以前の建物（旧耐震基準により設計された建物）は震度５強を超える地震に耐えられることが確認されていません。 ③目視による建物の大きなひび、傾き、構造に影響がありそうな破損の有無もチェックします。
H95: 対象施設 | K95: 施設名称 | N95: 構造･階数 | Q95: 建築時期 | T95: Ｓ56年6月以前 （●印） | W95: 耐震診断・補強の有無 | Z95: 目視による異常 | AC95: 耐震性診断・工事の予定・検討の状況
H96: 対応拠点
F103: 様式Ｂ－１－３（必須） ライフラインの被害想定 | AM103: P.3-11
G104: 本社及び代替対応拠点周辺のライフライン（電力、通信、上水道、下水道、ガス等）の被害想定として、ライフラインの停止期間の対策を記載してください。
AP105: 2つ目以降の記入欄
AP106: 2 | BH106: 3 | BZ106: 4 | CR106: 5
H107: リスクの種類： | K107: =IF($H60<>"",$H60,"") | O107: ※「リスクの種類」2つ目以降は、この画面右方向にあります。 | AP107: リスクの種類： | AS107: =IF($H61<>"",$H61,"") | BH107: リスクの種類： | BK107: =IF($H62<>"",$H62,"") | BZ107: リスクの種類： | CC107: =IF($H63<>"",$H63,"") | CR107: リスクの種類： | CU107: =IF($H64<>"",$H64,"")
H108: 対象施設 | K108: ライフライン | P108: 停止期間の対策 | AP108: 対象施設 | AS108: ライフライン | AX108: 停止期間の対策 | BH108: 対象施設 | BK108: ライフライン | BP108: 停止期間の対策 | BZ108: 対象施設 | CC108: ライフライン | CH108: 停止期間の対策 | CR108: 対象施設 | CU108: ライフライン | CZ108: 停止期間の対策
H109: 本社 | K109: 電力 | AP109: 本社 | AS109: 電力 | BH109: 本社 | BK109: 電力 | BZ109: 本社 | CC109: 電力 | CR109: 本社 | CU109: 電力
K110: 通信 | AS110: 通信 | BK110: 通信 | CC110: 通信 | CU110: 通信
K111: 上水道 | AS111: 上水道 | BK111: 上水道 | CC111: 上水道 | CU111: 上水道
K112: 下水道 | AS112: 下水道 | BK112: 下水道 | CC112: 下水道 | CU112: 下水道
K113: ガス | AS113: ガス | BK113: ガス | CC113: ガス | CU113: ガス
K114: 電力 | AS114: 電力 | BK114: 電力 | CC114: 電力 | CU114: 電力
K115: 通信 | AS115: 通信 | BK115: 通信 | CC115: 通信 | CU115: 通信
K116: 上水道 | AS116: 上水道 | BK116: 上水道 | CC116: 上水道 | CU116: 上水道
K117: 下水道 | AS117: 下水道 | BK117: 下水道 | CC117: 下水道 | CU117: 下水道
K118: ガス | AS118: ガス | BK118: ガス | CC118: ガス | CU118: ガス
F121: 様式Ｂ－２－１（必須） 重要業務の候補の影響度比較表 | AM121: P.3-19
G122: 災害時の重要業務とは、発災後に自社への影響、発注者や取引先、所在地域周辺からの要望を考慮し、先に設定した自社の目標を達成するために優先的に取り組むべき業務です。 作業解説書p3-18表3-6 に示す4つの業務は重要業務となるように評価手法を設定し、平常時に実施している業務や発災後に新たに発生する業務を抽出して下さい。 独自で定める場合、No5以下のセルに記載して下さい。 業務停止による影響度合いの考え方は以下を参考にしてください。 影響度 ３：影響が大きい ２：影響がある １：影響が小さい 総影響度が2.5以上は重要業務に指定されます。
H125: 判断要因 重要業務名 | N125: 業務停止による影響度合い※ | W125: 総影響度 (平均値) | Z125: 災害時の 重要業務 （対象業務に●）
A126: 災害時の重要業務 | B126: 重要業務名 | N126: 利益への影響 | Q126: 災害協定先、 公共発注者、施主、 取引先への影響 | T126: 社会的影響
A127: =Z127 | B127: =H127 -> 安否確認 | C127: =W127 | G127: 1 | H127: 安否確認 | W127: =IFERROR(AVERAGE(N127:V127),"") | Z127: =IF(SUM(N127:V127)>0,IF(W127>=2.5,"●",""),"")
A128: =Z128 | B128: =H128 -> 施工中の現場の被害状況の確認 | C128: =W128 | G128: 2 | H128: 施工中の現場の被害状況の確認 | W128: =IFERROR(AVERAGE(N128:V128),"") | Z128: =IF(SUM(N128:V128)>0,IF(W128>=2.5,"●",""),"")
A129: =Z129 | B129: =H129 -> 重要取引先との連絡と調整 | C129: =W129 | G129: 3 | H129: 重要取引先との連絡と調整 | W129: =IFERROR(AVERAGE(N129:V129),"") | Z129: =IF(SUM(N129:V129)>0,IF(W129>=2.5,"●",""),"")
A130: =Z130 | B130: =H130 -> 災害協定業務、その他の応急・復旧業務 | C130: =W130 | G130: 4 | H130: 災害協定業務、その他の応急・復旧業務 | W130: =IFERROR(AVERAGE(N130:V130),"") | Z130: =IF(SUM(N130:V130)>0,IF(W130>=2.5,"●",""),"")
A131: =Z131 | B131: =H131 -> 0 | C131: =W131 | G131: 5 | W131: =IFERROR(AVERAGE(N131:V131),"") | Z131: =IF(SUM(N131:V131)>0,IF(W131>=2.5,"●",""),"")
A132: =Z132 | B132: =H132 -> 0 | C132: =W132 | G132: 6 | W132: =IFERROR(AVERAGE(N132:V132),"") | Z132: =IF(SUM(N132:V132)>0,IF(W132>=2.5,"●",""),"")
A133: =Z133 | B133: =H133 -> 0 | C133: =W133 | G133: 7 | W133: =IFERROR(AVERAGE(N133:V133),"") | Z133: =IF(SUM(N133:V133)>0,IF(W133>=2.5,"●",""),"")
A134: =Z134 | B134: =H134 -> 0 | C134: =W134 | G134: 8 | W134: =IFERROR(AVERAGE(N134:V134),"") | Z134: =IF(SUM(N134:V134)>0,IF(W134>=2.5,"●",""),"")
A135: =Z135 | B135: =H135 -> 0 | C135: =W135 | G135: 9 | W135: =IFERROR(AVERAGE(N135:V135),"") | Z135: =IF(SUM(N135:V135)>0,IF(W135>=2.5,"●",""),"")
A136: =Z136 | B136: =H136 -> 0 | C136: =W136 | G136: 10 | W136: =IFERROR(AVERAGE(N136:V136),"") | Z136: =IF(SUM(N136:V136)>0,IF(W136>=2.5,"●",""),"")
A137: =Z137 | B137: =H137 -> 0 | C137: =W137 | G137: 11 | W137: =IFERROR(AVERAGE(N137:V137),"") | Z137: =IF(SUM(N137:V137)>0,IF(W137>=2.5,"●",""),"")
A138: =Z138 | B138: =H138 -> 0 | C138: =W138 | G138: 12 | W138: =IFERROR(AVERAGE(N138:V138),"") | Z138: =IF(SUM(N138:V138)>0,IF(W138>=2.5,"●",""),"")
A139: =Z139 | B139: =H139 -> 0 | C139: =W139 | G139: 13 | W139: =IFERROR(AVERAGE(N139:V139),"") | Z139: =IF(SUM(N139:V139)>0,IF(W139>=2.5,"●",""),"")
H140: ＢＣＰの対象とする災害時の重要業務の設定理由・根拠
N141: ・総影響度が2.5以上の業務を「災害時の重要業務」とする（重要業務欄に●）。
F145: 様式Ｂ－３－１（必須） 重要業務の目標(着手)時間の検討表 | AM145: P.3-21
G146: 選定した災害時の重要業務毎に緊急対応・事業継続の目標時間を把握しておく必要があります。 発災の条件には、災害の種類と発災想定時間を設定してください。（就業時間外（夜間・休日）を推奨しています。） 目標時間は、災害の種類（地震、洪水等）によって設定してください。
I149: ※着手時間とは、災害発生から業務着手までの経過時間です。
H151: 発災の条件
H152: 重要業務名 | P152: 総影響度 | R152: 目標時間(着手時間※)
A153: {=_xlfn._xlws.SORT(_xlfn._xlws.FILTER(A127:C139,A127:A139="●",""),3,-1)} -> #VALUE! | G153: 1 | H153: =IF(B153<>"",B153,"") | P153: =IF(H153<>"",VLOOKUP($H153,$H$127:$Y$139,16,FALSE),"")
G154: 2 | H154: =IF(B154<>"",B154,"") | P154: =IF(H154<>"",VLOOKUP($H154,$H$127:$Y$139,16,FALSE),"")
G155: 3 | H155: =IF(B155<>"",B155,"") | P155: =IF(H155<>"",VLOOKUP($H155,$H$127:$Y$139,16,FALSE),"")
...

Sheet ★印刷対象→

Sheet 表紙
A22: 事業継続計画（BCP）
B27: 【施設名： | D27: =IF(記入シート!$I$25="","",記入シート!$I$25) | L27: 】
F45: =IF(記入シート!$I$26="","",記入シート!$I$26) | H45: 年 | I45: =IF(記入シート!$L$26="","",記入シート!$L$26) | K45: 月 作成

Sheet 目次
A3: －目次－
A5: A-1 | B5: 計画策定の意義・ 目的 | I5: ・・・・・・・・・・・・・・・・・・・・・・・・・・・・・・・・・・・・・・・・・・・・・・・ | J5: P.1
A6: B-1 | B6: 受ける被害の想定 | I6: ・・・・・・・・・・・・・・・・・・・・・・・・・・・・・・・・・・・・・・・・・・・・・・・ | J6: P.2-8
A7: B-2 | B7: 重要業務の選定 | I7: ・・・・・・・・・・・・・・・・・・・・・・・・・・・・・・・・・・・・・・・・・・・・・・・ | J7: P.9
A8: B-3 | B8: 目標時間の把握 | I8: ・・・・・・・・・・・・・・・・・・・・・・・・・・・・・・・・・・・・・・・・・・・・・・・ | J8: P.10-12
A9: C-1 | B9: 社員及び家族の安 否確認方法 | I9: ・・・・・・・・・・・・・・・・・・・・・・・・・・・・・・・・・・・・・・・・・・・ | J9: P.13-16
A10: C-2 | B10: BCPの発動基準 と災害時の対応体制 | I10: ・・・・・・・・・・・・・・・・・・・・・・・・・・・・・・・・・・・・・・ | J10: P.17-19
A11: C-3 | B11: 費用のさほどかか らない対策 | I11: ・・・・・・・・・・・・・・・・・・・・・・・・・・・・・・・・・・・・・・・・・・・・・ | J11: P.19
A12: D-1 | B12: 対応拠点、代替対 応拠点の確保 | I12: ・・・・・・・・・・・・・・・・・・・・・・・・・・・・・・・・・・・・・・・・・・ | J12: P.20-24
A13: E-1 | B13: 災害直後に連絡を 取ることが重要な連絡先 の認識 | I13: ・・・・・・・・・・・・・・・・・・・・・・・・・・・ | J13: P.25-26
A14: F-1 | B14: 自社で確保してい る資源の認識 | I14: ・・・・・・・・・・・・・・・・・・・・・・・・・・・・・・・・・・・・・・・・・ | J14: P.27
A15: G-1 | B15: 訓練計画 | I15: ・・・・・・・・・・・・・・・・・・・・・・・・・・・・・・・・・・・・・・・・・・・・・・・ | J15: P.28
A16: G-2 | B16: 定期点検計画 | I16: ・・・・・・・・・・・・・・・・・・・・・・・・・・・・・・・・・・・・・・・・・・・・・・・ | J16: P.28
... A19: H-3 | B19: 事業継続計画の 改訂履歴 | I19: ・・・・・・・・・・・・・・・・・・・・・・・・・・・・・・・・・・・・・・・・・・・・・・・ | J19: P.35

Sheet 様式A
Q1: 1
B2: 様式Ａ－１－１（必須） 計画策定の意義・目的
B3: 計画策定の意義・目的 | C3: =IF(記入シート!I31<>"",記入シート!I31,"")
C4: =IF(記入シート!I32<>"",記入シート!I32,"")
C5: =IF(記入シート!I33<>"",記入シート!I33,"")
C6: =IF(記入シート!I34<>"",記入シート!I34,"")
C7: =IF(記入シート!I35<>"",記入シート!I35,"")
C8: =IF(記入シート!I36<>"",記入シート!I36,"")
C9: =IF(記入シート!I37<>"",記入シート!I37,"")
B11: 様式Ａ－１－２（必須） 計画策定の検討体制
B12: 役割 | D12: 所属 | G12: 役職 | J12: 氏名
B13: 総括 | D13: =IF(記入シート!R44<>0,記入シート!R44,"") | G13: =IF(記入シート!U44<>0,記入シート!U44,"") | J13: =IF(記入シート!X44<>0,記入シート!X44,"")
B14: Ａ重要業務の選定と目標時間の把握 | D14: =IF(記入シート!R45<>0,記入シート!R45,"") | G14: =IF(記入シート!U45<>0,記入シート!U45,"") | J14: =IF(記入シート!X45<>0,記入シート!X45,"")
B15: Ｂ災害時の対応体制 | D15: =IF(記入シート!R46<>0,記入シート!R46,"") | G15: =IF(記入シート!U46<>0,記入シート!U46,"") | J15: =IF(記入シート!X46<>0,記入シート!X46,"")
B16: Ｃ対応拠点の確保 | D16: =IF(記入シート!R47<>0,記入シート!R47,"") | G16: =IF(記入シート!U47<>0,記入シート!U47,"") | J16: =IF(記入シート!X47<>0,記入シート!X47,"")
B17: Ｄ情報発信・情報共有 | D17: =IF(記入シート!R48<>0,記入シート!R48,"") | G17: =IF(記入シート!U48<>0,記入シート!U48,"") | J17: =IF(記入シート!X48<>0,記入シート!X48,"")
B18: Ｅ人員と資機材の調達 | D18: =IF(記入シート!R49<>0,記入シート!R49,"") | G18: =IF(記入シート!U49<>0,記入シート!U49,"") | J18: =IF(記入シート!X49<>0,記入シート!X49,"")
B19: Ｆ訓練計画と定期点検計画 | D19: =IF(記入シート!R50<>0,記入シート!R50,"") | G19: =IF(記入シート!U50<>0,記入シート!U50,"") | J19: =IF(記入シート!X50<>0,記入シート!X50,"")

Sheet 様式B-1-1（必須）
AD1: 2
B2: 様式Ｂ－１－１（必須） 自社の地域で懸念されている災害の一覧整理
B3: リスクの 種類 | D3: 説明 (対応拠点での被害規模) | I3: 懸念される本社･支店、 現場事務所等の被害 | N3: 懸念される地域被害の種類 | S3: 地域被害の概要及び程度 | X3: 対応の 優先順位 | Z3: 事業継続の対象 とする災害
B4: =IF(記入シート!H60<>"",記入シート!H60,"") | D4: =IF(記入シート!J60<>"",記入シート!J60,"") | I4: =IF(記入シート!O60<>"",記入シート!O60,"") | N4: =IF(記入シート!T60<>"",記入シート!T60,"") | S4: =IF(記入シート!Y60<>"",記入シート!Y60,"") | X4: =IF(記入シート!AD60<>"",記入シート!AD60,"") | Z4: =IF(記入シート!AF60<>"",記入シート!AF60,"")
B5: =IF(記入シート!H61<>"",記入シート!H61,"") | D5: =IF(記入シート!J61<>"",記入シート!J61,"") | I5: =IF(記入シート!O61<>"",記入シート!O61,"") | N5: =IF(記入シート!T61<>"",記入シート!T61,"") | S5: =IF(記入シート!Y61<>"",記入シート!Y61,"") | X5: =IF(記入シート!AD61<>"",記入シート!AD61,"") | Z5: =IF(記入シート!AF61<>"",記入シート!AF61,"")
B6: =IF(記入シート!H62<>"",記入シート!H62,"") | D6: =IF(記入シート!J62<>"",記入シート!J62,"") | I6: =IF(記入シート!O62<>"",記入シート!O62,"") | N6: =IF(記入シート!T62<>"",記入シート!T62,"") | S6: =IF(記入シート!Y62<>"",記入シート!Y62,"") | X6: =IF(記入シート!AD62<>"",記入シート!AD62,"") | Z6: =IF(記入シート!AF62<>"",記入シート!AF62,"")
B7: =IF(記入シート!H63<>"",記入シート!H63,"") | D7: =IF(記入シート!J63<>"",記入シート!J63,"") | I7: =IF(記入シート!O63<>"",記入シート!O63,"") | N7: =IF(記入シート!T63<>"",記入シート!T63,"") | S7: =IF(記入シート!Y63<>"",記入シート!Y63,"") | X7: =IF(記入シート!AD63<>"",記入シート!AD63,"") | Z7: =IF(記入シート!AF63<>"",記入シート!AF63,"")
B8: =IF(記入シート!H64<>"",記入シート!H64,"") | D8: =IF(記入シート!J64<>"",記入シート!J64,"") | I8: =IF(記入シート!O64<>"",記入シート!O64,"") | N8: =IF(記入シート!T64<>"",記入シート!T64,"") | S8: =IF(記入シート!Y64<>"",記入シート!Y64,"") | X8: =IF(記入シート!AD64<>"",記入シート!AD64,"") | Z8: =IF(記入シート!AF64<>"",記入シート!AF64,"")
B9: 事業継続の対象とする災害の設定 | D9: =IF(記入シート!H70<>"",記入シート!H70,"") -> 上記の内、事業継続計画の対象とする災害は、「」とする
D10: 【理由】
D11: =IF(記入シート!H72<>"",記入シート!H72,"")
C22: ① 懸念される災害すべてについての被害想定の根拠資料（ハザードマップ等）が必要です。
C23: なお、更新のたびにハザードマップが最新であるかを確認するようにしてください。
C24: ②『２－１ 想定被害による自社への影響』を参考に、自社地域で事業継続の対象とする災害を選定し、検討経緯・選定理由を記載します。

Sheet B-1-1（補足資料）
B1: 3
B2: 様式Ｂ－１－１補足資料（必須） 自社関連施設の位置図 | C2: 1
B4: =記入シート!H86 -> 0
B5: ="出典："&記入シート!J87 -> 出典：
B7: 4
B8: 様式Ｂ－１－１補足資料（必須） 自社関連施設の位置図 | C8: 2
B10: =記入シート!AP86 -> 0
B11: ="出典："&記入シート!AR87 -> 出典：
B13: 5
B14: 様式Ｂ－１－１補足資料（必須） 自社関連施設の位置図 | C14: 3
B16: =記入シート!BP86 -> 0
B17: ="出典："&記入シート!BR87 -> 出典：

Sheet 様式B-1-2
AB1: 6
B2: 様式Ｂ－１－２（重要） 建物の耐震性に関する状況把握
B3: 対象施設 | E3: 施設名称 | H3: 構造･階数 | K3: 建築時期 | N3: Ｓ56年6月 以前（●印） | Q3: 耐震診断・補強の有無 | T3: 目視による異常 | W3: 耐震性診断・工事の予定 ・検討の状況
B4: =IF(記入シート!H96<>"",記入シート!H96,"") -> 対応拠点 | E4: =IF(記入シート!K96<>"",記入シート!K96,"") | H4: =IF(記入シート!N96<>"",記入シート!N96,"") | K4: =IF(記入シート!Q96<>"",記入シート!Q96,"") | N4: =IF(記入シート!T96<>"",記入シート!T96,"") | Q4: =IF(記入シート!W96<>"",記入シート!W96,"") | T4: =IF(記入シート!Z96<>"",記入シート!Z96,"") | W4: =IF(記入シート!AC96<>"",記入シート!AC96,"")
B5: =IF(記入シート!H97<>"",記入シート!H97,"") | E5: =IF(記入シート!K97<>"",記入シート!K97,"") | H5: =IF(記入シート!N97<>"",記入シート!N97,"") | K5: =IF(記入シート!Q97<>"",記入シート!Q97,"") | N5: =IF(記入シート!T97<>"",記入シート!T97,"") | Q5: =IF(記入シート!W97<>"",記入シート!W97,"") | T5: =IF(記入シート!Z97<>"",記入シート!Z97,"") | W5: =IF(記入シート!AC97<>"",記入シート!AC97,"")
B6: =IF(記入シート!H98<>"",記入シート!H98,"") | E6: =IF(記入シート!K98<>"",記入シート!K98,"") | H6: =IF(記入シート!N98<>"",記入シート!N98,"") | K6: =IF(記入シート!Q98<>"",記入シート!Q98,"") | N6: =IF(記入シート!T98<>"",記入シート!T98,"") | Q6: =IF(記入シート!W98<>"",記入シート!W98,"") | T6: =IF(記入シート!Z98<>"",記入シート!Z98,"") | W6: =IF(記入シート!AC98<>"",記入シート!AC98,"")
B7: =IF(記入シート!H99<>"",記入シート!H99,"") | E7: =IF(記入シート!K99<>"",記入シート!K99,"") | H7: =IF(記入シート!N99<>"",記入シート!N99,"") | K7: =IF(記入シート!Q99<>"",記入シート!Q99,"") | N7: =IF(記入シート!T99<>"",記入シート!T99,"") | Q7: =IF(記入シート!W99<>"",記入シート!W99,"") | T7: =IF(記入シート!Z99<>"",記入シート!Z99,"") | W7: =IF(記入シート!AC99<>"",記入シート!AC99,"")
B8: =IF(記入シート!H100<>"",記入シート!H100,"") | E8: =IF(記入シート!K100<>"",記入シート!K100,"") | H8: =IF(記入シート!N100<>"",記入シート!N100,"") | K8: =IF(記入シート!Q100<>"",記入シート!Q100,"") | N8: =IF(記入シート!T100<>"",記入シート!T100,"") | Q8: =IF(記入シート!W100<>"",記入シート!W100,"") | T8: =IF(記入シート!Z100<>"",記入シート!Z100,"") | W8: =IF(記入シート!AC100<>"",記入シート!AC100,"")
C10: ①自社の建物の耐震性を建築時期や耐震補強の履歴などから整理します。建築時期不明の場合、昭和 56 年以前と同様に扱います。
C11: ②昭和 56 年（1981 年）6 月以前の建物（旧耐震基準により設計された建物）は震度５強を超える地震に耐えられることが確認されていません。
C12: ③目視による建物の大きなひび、傾き、構造に影響がありそうな破損の有無もチェックします。

Sheet 様式B-1-3
Y1: 7
B2: 様式Ｂ－１－３（必須） ライフラインの被害想定
B3: ="リスクの種類："&記入シート!K107 -> リスクの種類：
B4: 対象施設 | E4: ライフライン | J4: 停止期間の対策
B5: 本社 | E5: 電力 | J5: =IF(記入シート!P109<>"",記入シート!P109,"")
E6: 通信 | J6: =IF(記入シート!P110<>"",記入シート!P110,"") | M6: =IF(記入シート!S110<>"",記入シート!S110,"")
E7: 上水道 | J7: =IF(記入シート!P111<>"",記入シート!P111,"") | M7: =IF(記入シート!S111<>"",記入シート!S111,"")
E8: 下水道 | J8: =IF(記入シート!P112<>"",記入シート!P112,"") | M8: =IF(記入シート!S112<>"",記入シート!S112,"")
E9: ガス | J9: =IF(記入シート!P113<>"",記入シート!P113,"") | M9: =IF(記入シート!S113<>"",記入シート!S113,"")
B10: =IF(記入シート!H114<>"",記入シート!H114,"") | E10: 電力 | J10: =IF(記入シート!P114<>"",記入シート!P114,"") | M10: =IF(記入シート!S114<>"",記入シート!S114,"")
E11: 通信 | J11: =IF(記入シート!P115<>"",記入シート!P115,"") | M11: =IF(記入シート!S115<>"",記入シート!S115,"")
E12: 上水道 | J12: =IF(記入シート!P116<>"",記入シート!P116,"") | M12: =IF(記入シート!S116<>"",記入シート!S116,"")
E13: 下水道 | J13: =IF(記入シート!P117<>"",記入シート!P117,"") | M13: =IF(記入シート!S117<>"",記入シート!S117,"")
E14: ガス | J14: =IF(記入シート!P118<>"",記入シート!P118,"") | M14: =IF(記入シート!S118<>"",記入シート!S118,"")
C15: ①自治体の被害想定検討資料や業務継続計画、既往の大災害時のライフラインへの影響事例等を参考にして、 本社および代替対応拠点におけるライフラインの停止期間を想定のうえ対策を記載するとより良いです。
B18: 様式Ｂ－１－３（必須） ライフラインの被害想定
B19: ="リスクの種類："&記入シート!AS107 -> リスクの種類：
B20: 対象施設 | E20: ライフライン | J20: 停止期間 | M20: 出典・設定根拠
B21: 本社 | E21: 電力 | J21: =IF(記入シート!AX109<>"",記入シート!AX109,"") | M21: =IF(記入シート!BA109<>"",記入シート!BA109,"")
E22: 通信 | J22: =IF(記入シート!AX110<>"",記入シート!AX110,"") | M22: =IF(記入シート!BA110<>"",記入シート!BA110,"")
E23: 上水道 | J23: =IF(記入シート!AX111<>"",記入シート!AX111,"") | M23: =IF(記入シート!BA111<>"",記入シート!BA111,"")
E24: 下水道 | J24: =IF(記入シート!AX112<>"",記入シート!AX112,"") | M24: =IF(記入シート!BA112<>"",記入シート!BA112,"")
E25: ガス | J25: =IF(記入シート!AX113<>"",記入シート!AX113,"") | M25: =IF(記入シート!BA113<>"",記入シート!BA113,"")
B26: =IF(記入シート!AP114<>"",記入シート!AP114,"") | E26: 電力 | J26: =IF(記入シート!AX114<>"",記入シート!AX114,"") | M26: =IF(記入シート!BA114<>"",記入シート!BA114,"")
E27: 通信 | J27: =IF(記入シート!AX115<>"",記入シート!AX115,"") | M27: =IF(記入シート!BA115<>"",記入シート!BA115,"")
E28: 上水道 | J28: =IF(記入シート!AX116<>"",記入シート!AX116,"") | M28: =IF(記入シート!BA116<>"",記入シート!BA116,"")
E29: 下水道 | J29: =IF(記入シート!AX117<>"",記入シート!AX117,"") | M29: =IF(記入シート!BA117<>"",記入シート!BA117,"")
E30: ガス | J30: =IF(記入シート!AX118<>"",記入シート!AX118,"") | M30: =IF(記入シート!BA118<>"",記入シート!BA118,"")
C31: ①自治体の被害想定検討資料や業務継続計画、既往の大災害時のライフラインへの影響事例等を参考にして、 本社および代替対応拠点におけるライフラインの停止期間を想定のうえ対策を記載するとより良いです。
B34: 様式Ｂ－１－３（必須） ライフラインの被害想定
B35: ="リスクの種類："&記入シート!BK107 -> リスクの種類：
B36: 対象施設 | E36: ライフライン | J36: 停止期間 | M36: 出典・設定根拠
B37: 本社 | E37: 電力 | J37: =IF(記入シート!BP109<>"",記入シート!BP109,"") | M37: =IF(記入シート!BS109<>"",記入シート!BS109,"")
E38: 通信 | J38: =IF(記入シート!BP110<>"",記入シート!BP110,"") | M38: =IF(記入シート!BS110<>"",記入シート!BS110,"")
E39: 上水道 | J39: =IF(記入シート!BP111<>"",記入シート!BP111,"") | M39: =IF(記入シート!BS111<>"",記入シート!BS111,"")
E40: 下水道 | J40: =IF(記入シート!BP112<>"",記入シート!BP112,"") | M40: =IF(記入シート!BS112<>"",記入シート!BS112,"")
E41: ガス | J41: =IF(記入シート!BP113<>"",記入シート!BP113,"") | M41: =IF(記入シート!BS113<>"",記入シート!BS113,"")
B42: =IF(記入シート!BH114<>"",記入シート!BH114,"") | E42: 電力 | J42: =IF(記入シート!BP114<>"",記入シート!BP114,"") | M42: =IF(記入シート!BS114<>"",記入シート!BS114,"")
E43: 通信 | J43: =IF(記入シート!BP115<>"",記入シート!BP115,"") | M43: =IF(記入シート!BS115<>"",記入シート!BS115,"")
E44: 上水道 | J44: =IF(記入シート!BP116<>"",記入シート!BP116,"") | M44: =IF(記入シート!BS116<>"",記入シート!BS116,"")
E45: 下水道 | J45: =IF(記入シート!BP117<>"",記入シート!BP117,"") | M45: =IF(記入シート!BS117<>"",記入シート!BS117,"")
E46: ガス | J46: =IF(記入シート!BP118<>"",記入シート!BP118,"") | M46: =IF(記入シート!BS118<>"",記入シート!BS118,"")
C47: ①自治体の被害想定検討資料や業務継続計画、既往の大災害時のライフラインへの影響事例等を参考にして、 本社および代替対応拠点におけるライフラインの停止期間を想定のうえ対策を記載するとより良いです。
Y49: 8
B50: 様式Ｂ－１－３（必須） ライフラインの被害想定
B51: ="リスクの種類："&記入シート!CC107 -> リスクの種類：
B52: 対象施設 | E52: ライフライン | J52: 停止期間 | M52: 出典・設定根拠
B53: 本社 | E53: 電力 | J53: =IF(記入シート!CH109<>"",記入シート!CH109,"") | M53: =IF(記入シート!CK109<>"",記入シート!CK109,"")
E54: 通信 | J54: =IF(記入シート!CH110<>"",記入シート!CH110,"") | M54: =IF(記入シート!CK110<>"",記入シート!CK110,"")
E55: 上水道 | J55: =IF(記入シート!CH111<>"",記入シート!CH111,"") | M55: =IF(記入シート!CK111<>"",記入シート!CK111,"")
E56: 下水道 | J56: =IF(記入シート!CH112<>"",記入シート!CH112,"") | M56: =IF(記入シート!CK112<>"",記入シート!CK112,"")
E57: ガス | J57: =IF(記入シート!CH113<>"",記入シート!CH113,"") | M57: =IF(記入シート!CK113<>"",記入シート!CK113,"")
B58: =IF(記入シート!BZ114<>"",記入シート!BZ114,"") | E58: 電力 | J58: =IF(記入シート!CH114<>"",記入シート!CH114,"") | M58: =IF(記入シート!CK114<>"",記入シート!CK114,"")
E59: 通信 | J59: =IF(記入シート!CH115<>"",記入シート!CH115,"") | M59: =IF(記入シート!CK115<>"",記入シート!CK115,"")
E60: 上水道 | J60: =IF(記入シート!CH116<>"",記入シート!CH116,"") | M60: =IF(記入シート!CK116<>"",記入シート!CK116,"")
E61: 下水道 | J61: =IF(記入シート!CH117<>"",記入シート!CH117,"") | M61: =IF(記入シート!CK117<>"",記入シート!CK117,"")
E62: ガス | J62: =IF(記入シート!CH118<>"",記入シート!CH118,"") | M62: =IF(記入シート!CK118<>"",記入シート!CK118,"")
C63: ①自治体の被害想定検討資料や業務継続計画、既往の大災害時のライフラインへの影響事例等を参考にして、 本社および代替対応拠点におけるライフラインの停止期間を想定のうえ対策を記載するとより良いです。
B66: 様式Ｂ－１－３（必須） ライフラインの被害想定
B67: ="リスクの種類："&記入シート!CU107 -> リスクの種類：
B68: 対象施設 | E68: ライフライン | J68: 停止期間 | M68: 出典・設定根拠
B69: 本社 | E69: 電力 | J69: =IF(記入シート!CZ109<>"",記入シート!CZ109,"") | M69: =IF(記入シート!DC109<>"",記入シート!DC109,"")
E70: 通信 | J70: =IF(記入シート!CZ110<>"",記入シート!CZ110,"") | M70: =IF(記入シート!DC110<>"",記入シート!DC110,"")
E71: 上水道 | J71: =IF(記入シート!CZ111<>"",記入シート!CZ111,"") | M71: =IF(記入シート!DC111<>"",記入シート!DC111,"")
E72: 下水道 | J72: =IF(記入シート!CZ112<>"",記入シート!CZ112,"") | M72: =IF(記入シート!DC112<>"",記入シート!DC112,"")
E73: ガス | J73: =IF(記入シート!CZ113<>"",記入シート!CZ113,"") | M73: =IF(記入シート!DC113<>"",記入シート!DC113,"")
B74: =IF(記入シート!CR114<>"",記入シート!CR114,"") | E74: 電力 | J74: =IF(記入シート!CZ114<>"",記入シート!CZ114,"") | M74: =IF(記入シート!DC114<>"",記入シート!DC114,"")
E75: 通信 | J75: =IF(記入シート!CZ115<>"",記入シート!CZ115,"") | M75: =IF(記入シート!DC115<>"",記入シート!DC115,"")
E76: 上水道 | J76: =IF(記入シート!CZ116<>"",記入シート!CZ116,"") | M76: =IF(記入シート!DC116<>"",記入シート!DC116,"")
E77: 下水道 | J77: =IF(記入シート!CZ117<>"",記入シート!CZ117,"") | M77: =IF(記入シート!DC117<>"",記入シート!DC117,"")
E78: ガス | J78: =IF(記入シート!CZ118<>"",記入シート!CZ118,"") | M78: =IF(記入シート!DC118<>"",記入シート!DC118,"")
C79: ①自治体の被害想定検討資料や業務継続計画、既往の大災害時のライフラインへの影響事例等を参考にして、 本社および代替対応拠点におけるライフラインの停止期間を想定のうえ対策を記載するとより良いです。

Sheet 様式B-2-1、B-3-1（必須）、B-3-2
Y1: 9
B2: 様式Ｂ－２－１（必須） 重要業務の候補の影響度比較表
B3: 判断要因 重要業務名 | H3: 業務停止による影響度合い※ | Q3: 総影響度 (平均値) | T3: 災害時の 重要業務 (対象業務に●)
H4: 利益への影響 | K4: 災害協定先、 公共発注者、施主、 取引先への影響 | N4: 社会的影響
B5: =IF(記入シート!H127<>"",記入シート!H127,"") -> 安否確認 | H5: =IF(記入シート!N127<>"",記入シート!N127,"") | K5: =IF(記入シート!Q127<>"",記入シート!Q127,"") | N5: =IF(記入シート!T127<>"",記入シート!T127,"") | Q5: =IF(記入シート!W127<>"",記入シート!W127,"") | T5: =IF(記入シート!Z127<>"",記入シート!Z127,"")
B6: =IF(記入シート!H128<>"",記入シート!H128,"") -> 施工中の現場の被害状況の確認 | H6: =IF(記入シート!N128<>"",記入シート!N128,"") | K6: =IF(記入シート!Q128<>"",記入シート!Q128,"") | N6: =IF(記入シート!T128<>"",記入シート!T128,"") | Q6: =IF(記入シート!W128<>"",記入シート!W128,"") | T6: =IF(記入シート!Z128<>"",記入シート!Z128,"")
B7: =IF(記入シート!H129<>"",記入シート!H129,"") -> 重要取引先との連絡と調整 | H7: =IF(記入シート!N129<>"",記入シート!N129,"") | K7: =IF(記入シート!Q129<>"",記入シート!Q129,"") | N7: =IF(記入シート!T129<>"",記入シート!T129,"") | Q7: =IF(記入シート!W129<>"",記入シート!W129,"") | T7: =IF(記入シート!Z129<>"",記入シート!Z129,"")
B8: =IF(記入シート!H130<>"",記入シート!H130,"") -> 災害協定業務、その他の応急・復旧業務 | H8: =IF(記入シート!N130<>"",記入シート!N130,"") | K8: =IF(記入シート!Q130<>"",記入シート!Q130,"") | N8: =IF(記入シート!T130<>"",記入シート!T130,"") | Q8: =IF(記入シート!W130<>"",記入シート!W130,"") | T8: =IF(記入シート!Z130<>"",記入シート!Z130,"")
B9: =IF(記入シート!H131<>"",記入シート!H131,"") | H9: =IF(記入シート!N131<>"",記入シート!N131,"") | K9: =IF(記入シート!Q131<>"",記入シート!Q131,"") | N9: =IF(記入シート!T131<>"",記入シート!T131,"") | Q9: =IF(記入シート!W131<>"",記入シート!W131,"") | T9: =IF(記入シート!Z131<>"",記入シート!Z131,"")
B10: =IF(記入シート!H132<>"",記入シート!H132,"") | H10: =IF(記入シート!N132<>"",記入シート!N132,"") | K10: =IF(記入シート!Q132<>"",記入シート!Q132,"") | N10: =IF(記入シート!T132<>"",記入シート!T132,"") | Q10: =IF(記入シート!W132<>"",記入シート!W132,"") | T10: =IF(記入シート!Z132<>"",記入シート!Z132,"")
B11: =IF(記入シート!H133<>"",記入シート!H133,"") | H11: =IF(記入シート!N133<>"",記入シート!N133,"") | K11: =IF(記入シート!Q133<>"",記入シート!Q133,"") | N11: =IF(記入シート!T133<>"",記入シート!T133,"") | Q11: =IF(記入シート!W133<>"",記入シート!W133,"") | T11: =IF(記入シート!Z133<>"",記入シート!Z133,"")
B12: =IF(記入シート!H134<>"",記入シート!H134,"") | H12: =IF(記入シート!N134<>"",記入シート!N134,"") | K12: =IF(記入シート!Q134<>"",記入シート!Q134,"") | N12: =IF(記入シート!T134<>"",記入シート!T134,"") | Q12: =IF(記入シート!W134<>"",記入シート!W134,"") | T12: =IF(記入シート!Z134<>"",記入シート!Z134,"")
B13: =IF(記入シート!H135<>"",記入シート!H135,"") | H13: =IF(記入シート!N135<>"",記入シート!N135,"") | K13: =IF(記入シート!Q135<>"",記入シート!Q135,"") | N13: =IF(記入シート!T135<>"",記入シート!T135,"") | Q13: =IF(記入シート!W135<>"",記入シート!W135,"") | T13: =IF(記入シート!Z135<>"",記入シート!Z135,"")
B14: =IF(記入シート!H136<>"",記入シート!H136,"") | H14: =IF(記入シート!N136<>"",記入シート!N136,"") | K14: =IF(記入シート!Q136<>"",記入シート!Q136,"") | N14: =IF(記入シート!T136<>"",記入シート!T136,"") | Q14: =IF(記入シート!W136<>"",記入シート!W136,"") | T14: =IF(記入シート!Z136<>"",記入シート!Z136,"")
B15: =IF(記入シート!H137<>"",記入シート!H137,"") | H15: =IF(記入シート!N137<>"",記入シート!N137,"") | K15: =IF(記入シート!Q137<>"",記入シート!Q137,"") | N15: =IF(記入シート!T137<>"",記入シート!T137,"") | Q15: =IF(記入シート!W137<>"",記入シート!W137,"") | T15: =IF(記入シート!Z137<>"",記入シート!Z137,"")
B16: =IF(記入シート!H138<>"",記入シート!H138,"") | H16: =IF(記入シート!N138<>"",記入シート!N138,"") | K16: =IF(記入シート!Q138<>"",記入シート!Q138,"") | N16: =IF(記入シート!T138<>"",記入シート!T138,"") | Q16: =IF(記入シート!W138<>"",記入シート!W138,"") | T16: =IF(記入シート!Z138<>"",記入シート!Z138,"")
B17: =IF(記入シート!H139<>"",記入シート!H139,"") | H17: =IF(記入シート!N139<>"",記入シート!N139,"") | K17: =IF(記入シート!Q139<>"",記入シート!Q139,"") | N17: =IF(記入シート!T139<>"",記入シート!T139,"") | Q17: =IF(記入シート!W139<>"",記入シート!W139,"") | T17: =IF(記入シート!Z139<>"",記入シート!Z139,"")
B18: ＢＣＰの対象とする災害時の重要業務の設定理由・根拠 | H18: ・総影響度が2.5以上の業務を災害時の重要業務とする（重要業務欄に●を記入）。
B20: 影響度：３：影響が大きい。２：影響がある。１：影響が小さい。
B21: ※これらは一例ですので、各社の判断により影響度を判断する要因を変えたり、必要と考えられる業務を追加してください。
Y23: 10
B24: 様式Ｂ－３－１（必須） 重要業務の目標(着手)時間の検討表
C25: ① 発災の条件は、災害の種類と時間（就業時間外（夜間・休日））を設定してください。
C26: ※着手時間とは、災害発生から業務着手までの経過時間です。
B27: 発災の条件 | E27: =IF(記入シート!K151<>"",記入シート!K151,"")
B28: 重要業務名 | J28: 総影響度 | L28: 目標時間(着手時間※)
B29: =IF(記入シート!H153<>"",記入シート!H153,"") | J29: =IF(記入シート!P153<>"",記入シート!P153,"") | L29: =IF(記入シート!R153<>"",記入シート!R153,"")
B30: =IF(記入シート!H154<>"",記入シート!H154,"") | J30: =IF(記入シート!P154<>"",記入シート!P154,"") | L30: =IF(記入シート!R154<>"",記入シート!R154,"")
B31: =IF(記入シート!H155<>"",記入シート!H155,"") | J31: =IF(記入シート!P155<>"",記入シート!P155,"") | L31: =IF(記入シート!R155<>"",記入シート!R155,"")
B32: =IF(記入シート!H156<>"",記入シート!H156,"") | J32: =IF(記入シート!P156<>"",記入シート!P156,"") | L32: =IF(記入シート!R156<>"",記入シート!R156,"")
B33: =IF(記入シート!H157<>"",記入シート!H157,"") | J33: =IF(記入シート!P157<>"",記入シート!P157,"") | L33: =IF(記入シート!R157<>"",記入シート!R157,"")
B34: =IF(記入シート!H162<>"",記入シート!H162,"") | J34: =IF(記入シート!P162<>"",記入シート!P162,"") | L34: =IF(記入シート!R162<>"",記入シート!R162,"")
B35: =IF(記入シート!H163<>"",記入シート!H163,"") | J35: =IF(記入シート!P163<>"",記入シート!P163,"") | L35: =IF(記入シート!R163<>"",記入シート!R163,"")
B36: =IF(記入シート!H164<>"",記入シート!H164,"") | J36: =IF(記入シート!P164<>"",記入シート!P164,"") | L36: =IF(記入シート!R164<>"",記入シート!R164,"")
B37: =IF(記入シート!H165<>"",記入シート!H165,"") | J37: =IF(記入シート!P165<>"",記入シート!P165,"") | L37: =IF(記入シート!R165<>"",記入シート!R165,"")
B39: ●目標時間算出根拠（安否確認、重要取引先との連絡と調整、災害協定業務、その他の応急・復旧業務）
B40: ＜災害対策本部に直接参集する人員＞ | T40: 表中の数値の単位は人数
D41: 班 | F41: 発災～1時間 | I41: 1時間～2時間 | L41: 2時間～3時間 | O41: 3時間～6時間 | R41: 6時間～12時間 | U41: 12時間～1日
B42: 参集人員 | D42: 対外班 | F42: =IF(記入シート!L193<>"",記入シート!L193,"") -> 0 | I42: =IF(記入シート!O193<>"",記入シート!O193,"") -> 0 | L42: =IF(記入シート!R193<>"",記入シート!R193,"") -> 0 | O42: =IF(記入シート!U193<>"",記入シート!U193,"") -> 0 | R42: =IF(記入シート!X193<>"",記入シート!X193,"") -> 0 | U42: =IF(記入シート!AA193<>"",記入シート!AA193,"") -> 0
D43: 安否確認班 | F43: =IF(記入シート!L194<>"",記入シート!L194,"") -> 0 | I43: =IF(記入シート!O194<>"",記入シート!O194,"") -> 0 | L43: =IF(記入シート!R194<>"",記入シート!R194,"") -> 0 | O43: =IF(記入シート!U194<>"",記入シート!U194,"") -> 0 | R43: =IF(記入シート!X194<>"",記入シート!X194,"") -> 0 | U43: =IF(記入シート!AA194<>"",記入シート!AA194,"") -> 0
D44: 設備班 | F44: =IF(記入シート!L195<>"",記入シート!L195,"") -> 0 | I44: =IF(記入シート!O195<>"",記入シート!O195,"") -> 0 | L44: =IF(記入シート!R195<>"",記入シート!R195,"") -> 0 | O44: =IF(記入シート!U195<>"",記入シート!U195,"") -> 0 | R44: =IF(記入シート!X195<>"",記入シート!X195,"") -> 0 | U44: =IF(記入シート!AA195<>"",記入シート!AA195,"") -> 0
D45: 救護班 | F45: =IF(記入シート!L196<>"",記入シート!L196,"") -> 0 | I45: =IF(記入シート!O196<>"",記入シート!O196,"") -> 0 | L45: =IF(記入シート!R196<>"",記入シート!R196,"") -> 0 | O45: =IF(記入シート!U196<>"",記入シート!U196,"") -> 0 | R45: =IF(記入シート!X196<>"",記入シート!X196,"") -> 0 | U45: =IF(記入シート!AA196<>"",記入シート!AA196,"") -> 0
D46: 合計 | F46: =IF(記入シート!L197<>"",記入シート!L197,"") -> 0 | I46: =IF(記入シート!O197<>"",記入シート!O197,"") -> 0 | L46: =IF(記入シート!R197<>"",記入シート!R197,"") -> 0 | O46: =IF(記入シート!U197<>"",記入シート!U197,"") -> 0 | R46: =IF(記入シート!X197<>"",記入シート!X197,"") -> 0 | U46: =IF(記入シート!AA197<>"",記入シート!AA197,"") -> 0
D47: 累加 | F47: =IF(記入シート!L198<>"",記入シート!L198,"") -> 0 | I47: =IF(記入シート!O198<>"",記入シート!O198,"") -> 0 | L47: =IF(記入シート!R198<>"",記入シート!R198,"") -> 0 | O47: =IF(記入シート!U198<>"",記入シート!U198,"") -> 0 | R47: =IF(記入シート!X198<>"",記入シート!X198,"") -> 0 | U47: =IF(記入シート!AA198<>"",記入シート!AA198,"") -> 0
B48: 重要業務の実施に 必要な人数・要員 | I48: 安否確認 担当者 2人 | O48: 重要取引先との 連絡と調整 担当者３人 | U48: 災害協定業務、 その他の応急・ 復旧業務 担当者３人
G50: 安否確認 目標時間2時間 | M50: 重要取引先との連絡と調整
G51: =IF(記入シート!N202<>"",記入シート!N202,"") | M51: 目標時間６時間
G52: =IF(記入シート!N203<>"",記入シート!N203,"") | M52: =IF(記入シート!T206<>"",記入シート!T206,"") | S52: 災害協定業務、
G53: =IF(記入シート!N204<>"",記入シート!N204,"") | M53: =IF(記入シート!T207<>"",記入シート!T207,"") | S53: その他の応急・復旧業務
G54: =IF(記入シート!N205<>"",記入シート!N205,"") | M54: =IF(記入シート!T208<>"",記入シート!T208,"") | S54: 目標1日
G55: =IF(記入シート!N206<>"",記入シート!N206,"") | M55: =IF(記入シート!T209<>"",記入シート!T209,"") | S55: =IF(記入シート!AA208<>"",記入シート!AA208,"")
M56: =IF(記入シート!T210<>"",記入シート!T210,"") | S56: =IF(記入シート!AA209<>"",記入シート!AA209,"")
S57: =IF(記入シート!AA210<>"",記入シート!AA210,"")
B58: ① | C58: 各担当者は、不測の事態に備えて、担当者以外にも活動できる | S58: =IF(記入シート!AA211<>"",記入シート!AA211,"")
C59: 人員を別途決めておくことが必要です。 | S59: =IF(記入シート!AA212<>"",記入シート!AA212,"")
Y61: 11
B62: ●目標時間算出根拠（施工中現場の被害状況の確認）
B63: ＜自宅から直接現場に向かう人員＞徒歩で参集する場合(2 ㎞/ｈ)、自転車で参集する場合(6 ㎞/ｈ)
B64: 現場名 | G64: 現場住所(概略) | K64: 担当 | N64: 氏名 | Q64: 参集距離 (㎞) | T64: 参集時間(hr) 徒歩で参集 (2 ㎞/ｈ) | W64: 参集時間(hr) 自転車で参集 (６ ㎞/ｈ)
B65: =IF(記入シート!H221<>"",記入シート!H221,"") | G65: =IF(記入シート!M221<>"",記入シート!M221,"") | K65: 担当者 | N65: =IF(記入シート!T221<>"",記入シート!T221,"") | Q65: =IF(記入シート!W221<>"",記入シート!W221,"") | T65: =IF(記入シート!Z221<>"",記入シート!Z221,"") | W65: =IF(記入シート!AC221<>"",記入シート!AC221,"")
K66: 担当者(代理) | N66: =IF(記入シート!T222<>"",記入シート!T222,"") | Q66: =IF(記入シート!W222<>"",記入シート!W222,"") | T66: =IF(記入シート!Z222<>"",記入シート!Z222,"") | W66: =IF(記入シート!AC222<>"",記入シート!AC222,"")
B67: =IF(記入シート!H223<>"",記入シート!H223,"") | G67: =IF(記入シート!M223<>"",記入シート!M223,"") | K67: 担当者 | N67: =IF(記入シート!T223<>"",記入シート!T223,"") | Q67: =IF(記入シート!W223<>"",記入シート!W223,"") | T67: =IF(記入シート!Z223<>"",記入シート!Z223,"") | W67: =IF(記入シート!AC223<>"",記入シート!AC223,"")
K68: 担当者(代理) | N68: =IF(記入シート!T224<>"",記入シート!T224,"") | Q68: =IF(記入シート!W224<>"",記入シート!W224,"") | T68: =IF(記入シート!Z224<>"",記入シート!Z224,"") | W68: =IF(記入シート!AC224<>"",記入シート!AC224,"")
B69: =IF(記入シート!H225<>"",記入シート!H225,"") | G69: =IF(記入シート!M225<>"",記入シート!M225,"") | K69: 担当者 | N69: =IF(記入シート!T225<>"",記入シート!T225,"") | Q69: =IF(記入シート!W225<>"",記入シート!W225,"") | T69: =IF(記入シート!Z225<>"",記入シート!Z225,"") | W69: =IF(記入シート!AC225<>"",記入シート!AC225,"")
K70: 担当者(代理) | N70: =IF(記入シート!T226<>"",記入シート!T226,"") | Q70: =IF(記入シート!W226<>"",記入シート!W226,"") | T70: =IF(記入シート!Z226<>"",記入シート!Z226,"") | W70: =IF(記入シート!AC226<>"",記入シート!AC226,"")
B71: =IF(記入シート!H227<>"",記入シート!H227,"") | G71: =IF(記入シート!M227<>"",記入シート!M227,"") | K71: 担当者 | N71: =IF(記入シート!T227<>"",記入シート!T227,"") | Q71: =IF(記入シート!W227<>"",記入シート!W227,"") | T71: =IF(記入シート!Z227<>"",記入シート!Z227,"") | W71: =IF(記入シート!AC227<>"",記入シート!AC227,"")
K72: 担当者(代理) | N72: =IF(記入シート!T228<>"",記入シート!T228,"") | Q72: =IF(記入シート!W228<>"",記入シート!W228,"") | T72: =IF(記入シート!Z228<>"",記入シート!Z228,"") | W72: =IF(記入シート!AC228<>"",記入シート!AC228,"")
B73: =IF(記入シート!H229<>"",記入シート!H229,"") | G73: =IF(記入シート!M229<>"",記入シート!M229,"") | K73: 担当者 | N73: =IF(記入シート!T229<>"",記入シート!T229,"") | Q73: =IF(記入シート!W229<>"",記入シート!W229,"") | T73: =IF(記入シート!Z229<>"",記入シート!Z229,"") | W73: =IF(記入シート!AC229<>"",記入シート!AC229,"")
K74: 担当者(代理) | N74: =IF(記入シート!T230<>"",記入シート!T230,"") | Q74: =IF(記入シート!W230<>"",記入シート!W230,"") | T74: =IF(記入シート!Z230<>"",記入シート!Z230,"") | W74: =IF(記入シート!AC230<>"",記入シート!AC230,"")
B75: =IF(記入シート!H231<>"",記入シート!H231,"") | G75: =IF(記入シート!M231<>"",記入シート!M231,"") | K75: 担当者 | N75: =IF(記入シート!T231<>"",記入シート!T231,"") | Q75: =IF(記入シート!W231<>"",記入シート!W231,"") | T75: =IF(記入シート!Z231<>"",記入シート!Z231,"") | W75: =IF(記入シート!AC231<>"",記入シート!AC231,"")
K76: 担当者(代理) | N76: =IF(記入シート!T232<>"",記入シート!T232,"") | Q76: =IF(記入シート!W232<>"",記入シート!W232,"") | T76: =IF(記入シート!Z232<>"",記入シート!Z232,"") | W76: =IF(記入シート!AC232<>"",記入シート!AC232,"")
B79: 様式Ｂ－３－２（重要） 全体手順初期：就業時間外（夜間・休日）の場合
B80: 時間 | D80: 対 応 手 順 | W80: 備考
B81: =IF(記入シート!$H239<>"",記入シート!$H239,"") -> 発災直後 | D81: =IF(記入シート!$J239<>"",記入シート!$J239,"") -> 直後 自己及び家族の安全の確認 ・ 自己及び家族の安全の確認。必要な場合に、救出、初期消火など。 ・ 自宅の火災発生などの二次災害の防止。 ・ 避難の必要があれば、避難所等に向かう。 | W81: =IF(記入シート!$AC239<>"",記入シート!$AC239,"")
B82: =IF(記入シート!$H240<>"",記入シート!$H240,"") | D82: =IF(記入シート!$J240<>"",記入シート!$J240,"") | W82: =IF(記入シート!$AC240<>"",記入シート!$AC240,"")
B83: =IF(記入シート!$H241<>"",記入シート!$H241,"") | D83: =IF(記入シート!$J241<>"",記入シート!$J241,"") | W83: =IF(記入シート!$AC241<>"",記入シート!$AC241,"")
B84: =IF(記入シート!$H242<>"",記入シート!$H242,"") | D84: =IF(記入シート!$J242<>"",記入シート!$J242,"") | W84: =IF(記入シート!$AC242<>"",記入シート!$AC242,"")
B85: =IF(記入シート!$H243<>"",記入シート!$H243,"") | D85: =IF(記入シート!$J243<>"",記入シート!$J243,"") | W85: =IF(記入シート!$AC243<>"",記入シート!$AC243,"")
B86: =IF(記入シート!$H244<>"",記入シート!$H244,"") | D86: =IF(記入シート!$J244<>"",記入シート!$J244,"") | W86: =IF(記入シート!$AC244<>"",記入シート!$AC244,"")
B87: =IF(記入シート!$H245<>"",記入シート!$H245,"") | D87: =IF(記入シート!$J245<>"",記入シート!$J245,"") | W87: =IF(記入シート!$AC245<>"",記入シート!$AC245,"")

Sheet 様式B-3-1補足資料（必須）
J1: 12
B2: 様式Ｂ－３－１補足資料（必須） 重要業務の目標時間の検討表
B3: ●参集時間の集計表 徒歩で参集する場合(2 ㎞/ｈ)
B4: 役職 | C4: 氏名 | D4: 住所 | E4: 所属班 | F4: 自宅⇒本社・支社への参集
F5: 出発地 | G5: 参集場所 | H5: 距離(㎞) | I5: 移動時間 徒歩（分） | J5: 移動時間 自転車（分）
B6: {=_xlfn._xlws.FILTER('C-1-2、E-1-2、B-3-1作成用'!X:AF,'C-1-2、E-1-2、B-3-1作成用'!Y:Y<>"","")}

Sheet 様式C-1-1
S1: 13
B2: 様式Ｃ－１－１（必須） 安否確認方法一覧表
B3: 項目 | F3: 内容
B4: 安否確認の責任者 | F4: 責任者 | H4: =IF(記入シート!N252<>"",記入シート!N252,"") | L4: 代理者 | N4: =IF(記入シート!X252<>"",記入シート!X252,"")
B5: 安否確認の担当体制 | F5: 担当者 | H5: =IF(記入シート!N253<>"",記入シート!N253,"") | L5: =IF(記入シート!T253<>"",記入シート!T253,"") | P5: =IF(記入シート!Z253<>"",記入シート!Z253,"")
B6: 安否確認の方法・手順 | F6: =IF(記入シート!L254<>"",記入シート!L254,"")
B7: 安否確認の発動条件 | F7: =IF(記入シート!L255<>"",記入シート!L255,"")
B8: 連絡が取れない社員への安否確認方法 | F8: =IF(記入シート!L256<>"",記入シート!L256,"")
B9: 死傷者が出た場合の社内情報共有方策 | F9: =IF(記入シート!L257<>"",記入シート!L257,"")
C10: 安否確認は、社員本人はもちろん、家族の安否も確認することが重要です。家族がケガをすれば、本人が業務に復帰しにくくなります。また、自宅で当面居住できるのか、避難所に入るのかも（未定かもしれませんが）把握が必要です。
C11: 大都市では帰宅困難が生じますが、家族の安否がわからなければ社員の帰宅要請を止めるのが難しくなりますが、無事が分かれば、危険を避けて帰宅を待たせる指示が出しやすくなります。

Sheet 様式C-1-2
J1: 14
B2: 様式Ｃ－１－２（重要） 社内の連絡体制表
B3: ① 安否確認の対象は、役員、正社員のみならず、業務に不可欠な臨時職員や派遣社員も含めることが必要です。
B4: ②広域災害時には、自宅の電話や携帯電話の通話が相当かかりにくくなるので、携帯メールや自宅パソコンのメールも活用が必要です。 東日本大震災の教訓も踏まえ、自宅電子メールアドレスもあれば有効です。
B5: ③連絡が取れない社員宅を個別訪問する際、スムーズに訪問できるよう、社員の住所でグループ分けをし、誰が誰を訪問するのかを整理しておくことが重要です。
B6: ④個人情報が伴いますので取り扱いには十分注意してください
B7: 氏名 | C7: 社有貸与携帯 | E7: 個人携帯 | G7: 自宅 | I7: 自宅住所 | J7: グループ
C8: 電話番号 | D8: メール | E8: 電話番号 | F8: メール | G8: 電話番号 | H8: メール
B9: {=_xlfn._xlws.FILTER('C-1-2、E-1-2、B-3-1作成用'!B:J,'C-1-2、E-1-2、B-3-1作成用'!B:B<>"","")}

Sheet 様式C-1-3
N1: 15 | AB1: 16
B2: 様式Ｃ－１－３（重要） 各社員への周知
G4: 【表面】 | U4: 【裏面】
B6: 会社名： | D6: =携行カード!D6 -> 0
B7: 携行カード
B8: ※このカードを拾得された方は下記までご連絡ください。 | P8: 連絡先（電話番号、携帯電話、携帯メール）
B9: 所在地： | D9: =携行カード!D9 -> 0 | P9: 自宅電話番号 | T9: =携行カード!S9 -> 0
B10: 電話： | D10: =携行カード!D10 -> 0 | P10: 家族① | T10: =携行カード!S10 -> 0
B11: FAX： | D11: =携行カード!D11 -> 0 | P11: 家族② | T11: =携行カード!S11 -> 0
B12: メール： | D12: =携行カード!D12 -> 0 | P12: 家族③ | T12: =携行カード!S12 -> 0
P13: 地域外に住む親戚 | T13: =携行カード!S13 -> 0
B15: 緊急時の行動
P17: 社長 | T17: =携行カード!S17 -> 0
B18: 地震 | F18: =携行カード!F18 -> 0
F21: =携行カード!F21 -> 0
P22: 上司 | T22: =携行カード!S22 -> 0
F24: =携行カード!F24 -> 0
B27: 風水害 | F27: =携行カード!F27 -> 0 | P27: 社内緊急連絡網の連絡相手 | T27: =携行カード!S27 -> 0
F30: =携行カード!F30 -> 0
F33: =携行カード!F33 -> 0 | P33: 社内緊急連絡網の上記不在時の相手 | T33: =携行カード!S33 -> 0
B36: 火災 | F36: =携行カード!F36 -> 0
F39: =携行カード!F39 -> 0 | P39: 重要取引先① | T39: =携行カード!S39 -> 0
F42: =携行カード!F42 -> 0
P45: 重要取引先② | T45: =携行カード!S45 -> 0
B47: 本人情報
B48: 氏名 | F48: =携行カード!F48 -> 0 | P48: 重要取引先③ | T48: =携行カード!S48 -> 0
B49: 血液型 | F49: =携行カード!F49 -> 0 | P49: 災害時伝言ダイヤル | T49: =携行カード!S49 -> 0
B50: 持病・アレルギー | F50: =携行カード!F50 -> 0 | P50: =携行カード!O50 -> 0 | T50: =携行カード!S50 -> 0
B51: かかりつけ医師 | F51: =携行カード!F51 -> 0 | P51: =携行カード!O51 -> 0 | T51: =携行カード!S51 -> 0
B52: 終業時の退避場所 | F52: =携行カード!F52 -> 0 | P52: =携行カード!O52 -> 0 | T52: =携行カード!S52 -> 0
B53: 自宅近くの退避場所 | F53: =携行カード!F53 -> 0 | P53: =携行カード!O53 -> 0 | T53: =携行カード!S53 -> 0

Sheet 様式C-2-1
B1: 様式Ｃ－２－１（必須） 対応体制・対応拠点の概要 | U1: 17
B2: 事項 | G2: 説明・内容
B3: 1 | C3: BCPの発動基準 | G3: =IF(記入シート!M285<>"",記入シート!M285,"")
B4: 2 | C4: 災害対策本部の設置権限者、代理権限者 | G4: 設置権限者： | I4: =IF(記入シート!O287<>"",記入シート!O287,"") -> 災害対策本部長 | N4: =IF(記入シート!T287<>"",記入シート!T287,"")
G5: 代理権限者： | I5: =IF(記入シート!O288<>"",記入シート!O288,"") | M5: =IF(記入シート!S288<>"",記入シート!S288,"") | Q5: =IF(記入シート!W288<>"",記入シート!W288,"")
B6: 3 | C6: 災害対策本部要員 | G6: =IF(記入シート!M289<>"",記入シート!M289,"") | K6: =IF(記入シート!S289<>"",記入シート!S289,"") | P6: =IF(記入シート!X289<>"",記入シート!X289,"")
G7: =IF(記入シート!M290<>"",記入シート!M290,"") | K7: =IF(記入シート!S290<>"",記入シート!S290,"") | P7: =IF(記入シート!X290<>"",記入シート!X290,"")
G8: =IF(記入シート!M291<>"",記入シート!M291,"") | K8: =IF(記入シート!S291<>"",記入シート!S291,"") | P8: =IF(記入シート!X291<>"",記入シート!X291,"")
B9: 4 | C9: 対応拠点設置場所 | G9: =IF(記入シート!M292<>"",記入シート!M292&"："&記入シート!P292,"")
B10: 5 | C10: 対応拠点設置場所への連絡手段 | G10: =IF(記入シート!M293<>"",記入シート!M293,"") | J10: =IF(記入シート!P293<>"",記入シート!P293,"")
G11: =IF(記入シート!M294<>"",記入シート!M294,"") | J11: =IF(記入シート!P294<>"",記入シート!P294,"")
G12: =IF(記入シート!M295<>"",記入シート!M295,"") | J12: =IF(記入シート!P295<>"",記入シート!P295,"")
G13: =IF(記入シート!M296<>"",記入シート!M296,"") | J13: =IF(記入シート!P296<>"",記入シート!P296,"")
G14: =IF(記入シート!M297<>"",記入シート!M297,"") | J14: =IF(記入シート!P297<>"",記入シート!P297,"")
G15: =IF(記入シート!M298<>"",記入シート!M298,"") | J15: =IF(記入シート!P298<>"",記入シート!P298,"")
G16: =IF(記入シート!M299<>"",記入シート!M299,"") | J16: =IF(記入シート!P299<>"",記入シート!P299,"")
B17: 6 | C17: データ等のバックアップの有無と、どの時点からバックアップしているか | G17: バックアップの有無： | J17: =IF(記入シート!P300<>"",記入シート!P300,"")
G18: ="バックアップ時間："&IF(記入シート!P301<>"",記入シート!P301,"") -> バックアップ時間：
B19: 7 | C19: 代替電源の有無 | G19: =IF(記入シート!M302<>"",記入シート!M302,"")
B20: 8 | C20: 参集要因 | G20: =IF(記入シート!M303<>"",記入シート!M303,"")
B21: 9 | C21: 各班の担当業務 | G21: =記入シート!M304 -> 災害対策本部 | I21: =記入シート!O304 -> 全体の統括を実施。各班の情報の統制
G22: =記入シート!M305 -> 対外班 | I22: =記入シート!O305 -> 取引先に対する連絡や、物資等の支援の窓口
G23: =記入シート!M306 -> 安否確認班 | I23: =記入シート!O306 -> 社員の安否確認・連絡
G24: =記入シート!M307 -> 設備班 | I24: =記入シート!O307 -> 自社や活動拠点の設備上の点検箇所の確認
G25: =記入シート!M308 -> 救護班 | I25: =記入シート!O308 -> 社員の怪我等の処置・トリアージの実施
B26: 10 | C26: =IF(記入シート!I309<>"",記入シート!I309,"") -> 災害時の対応にあたる要員のための備蓄 | G26: =IF(記入シート!M309<>"",記入シート!M309,"") -> 品名 | I26: 個数 | K26: 保存期間 | M26: 保管場所 | O26: 管理 責任者 | Q26: 確認時期 (西暦/月) | S26: 備考
G27: =IF(記入シート!M310<>"",記入シート!M310,"") | I27: =IF(記入シート!R310<>"",記入シート!R310,"") | K27: =IF(記入シート!S310<>"",記入シート!S310,"") | M27: =IF(記入シート!T310<>"",記入シート!T310,"") | O27: =IF(記入シート!V310<>"",記入シート!V310,"") | Q27: =IF(記入シート!X310<>"",記入シート!X310,"") | S27: =IF(記入シート!Y310<>"",記入シート!Y310,"")
G28: =IF(記入シート!M311<>"",記入シート!M311,"") | I28: =IF(記入シート!R311<>"",記入シート!R311,"") | K28: =IF(記入シート!S311<>"",記入シート!S311,"") | M28: =IF(記入シート!T311<>"",記入シート!T311,"") | O28: =IF(記入シート!V311<>"",記入シート!V311,"") | Q28: =IF(記入シート!X311<>"",記入シート!X311,"") | S28: =IF(記入シート!Y311<>"",記入シート!Y311,"")
G29: =IF(記入シート!M312<>"",記入シート!M312,"") | I29: =IF(記入シート!R312<>"",記入シート!R312,"") | K29: =IF(記入シート!S312<>"",記入シート!S312,"") | M29: =IF(記入シート!T312<>"",記入シート!T312,"") | O29: =IF(記入シート!V312<>"",記入シート!V312,"") | Q29: =IF(記入シート!X312<>"",記入シート!X312,"") | S29: =IF(記入シート!Y312<>"",記入シート!Y312,"")
G30: =IF(記入シート!M313<>"",記入シート!M313,"") | I30: =IF(記入シート!R313<>"",記入シート!R313,"") | K30: =IF(記入シート!S313<>"",記入シート!S313,"") | M30: =IF(記入シート!T313<>"",記入シート!T313,"") | O30: =IF(記入シート!V313<>"",記入シート!V313,"") | Q30: =IF(記入シート!X313<>"",記入シート!X313,"") | S30: =IF(記入シート!Y313<>"",記入シート!Y313,"")
G31: =IF(記入シート!M314<>"",記入シート!M314,"") | I31: =IF(記入シート!R314<>"",記入シート!R314,"") | K31: =IF(記入シート!S314<>"",記入シート!S314,"") | M31: =IF(記入シート!T314<>"",記入シート!T314,"") | O31: =IF(記入シート!V314<>"",記入シート!V314,"") | Q31: =IF(記入シート!X314<>"",記入シート!X314,"") | S31: =IF(記入シート!Y314<>"",記入シート!Y314,"")
G32: =IF(記入シート!M315<>"",記入シート!M315,"") | I32: =IF(記入シート!R315<>"",記入シート!R315,"") | K32: =IF(記入シート!S315<>"",記入シート!S315,"") | M32: =IF(記入シート!T315<>"",記入シート!T315,"") | O32: =IF(記入シート!V315<>"",記入シート!V315,"") | Q32: =IF(記入シート!X315<>"",記入シート!X315,"") | S32: =IF(記入シート!Y315<>"",記入シート!Y315,"")
C33: ①代替対応拠点については、様式Ｄ－１－２（必須）代替対応拠点の概要に記載します。
C34: ② BCP の発動基準について、必要に応じ、別紙(様式任意)に詳しく定めておくことも検討してください。
C35: ③公共の電気が停止する間の非常用電源、その燃料の確保方法、燃料調達先への連絡方法等に ついて定めておくことが必要です。
C36: ④燃料の備蓄があれば、その量と稼働時間を記載してください。

Sheet 様式C-2-2
B1: 様式Ｃ－２－２（必須） 対応体制・指揮命令系統図 | Y1: 18
B2: ＢＣＰの発動基準
B3: =IF(記入シート!H322<>"",記入シート!H322,"")
D9: 災害対策本部長 | M9: 代理一覧
D10: =IF(記入シート!P329<>"",記入シート!P329,"") | M10: 災害対策本部長 | R10: =IF(記入シート!AC328<>"",記入シート!AC328,"") -> 災害対策副本部長
D11: 居住所： | G11: =IF(記入シート!R330<>"",記入シート!R330,"") | M11: 代理① | O11: =IF(記入シート!Z329<>"",記入シート!Z329,"") -> 0 | R11: 代理① | T11: =IF(記入シート!AE329<>"",記入シート!AE329,"")
D12: 固定ＴＥＬ： | G12: =IF(記入シート!R331<>"",記入シート!R331,"") | M12: 代理② | O12: =IF(記入シート!Z330<>"",記入シート!Z330,"") -> 0 | R12: 代理② | T12: =IF(記入シート!AE330<>"",記入シート!AE330,"")
D13: 携帯ＴＥＬ： | G13: =IF(記入シート!R332<>"",記入シート!R332,"") | M13: 代理③ | O13: =IF(記入シート!Z331<>"",記入シート!Z331,"") -> 0 | R13: 代理③ | T13: =IF(記入シート!AE331<>"",記入シート!AE331,"")
D14: 携帯メール： | G14: =IF(記入シート!R333<>"",記入シート!R333,"") | M14: =IF(記入シート!X332<>"",記入シート!X332,"") -> 対外班長 | R14: =IF(記入シート!AC332<>"",記入シート!AC332,"") -> 安否確認班長
M15: 代理① | O15: =IF(記入シート!Z333<>"",記入シート!Z333,"") | R15: 代理① | T15: =IF(記入シート!AE333<>"",記入シート!AE333,"")
D16: =IF(記入シート!P335<>"",記入シート!P335,"") -> 災害対策副本部長 | M16: 代理② | O16: =IF(記入シート!Z334<>"",記入シート!Z334,"") | R16: 代理② | T16: =IF(記入シート!AE334<>"",記入シート!AE334,"")
D17: 事務局長 | G17: =IF(記入シート!P336<>"",記入シート!P336,"") | M17: 代理③ | O17: =IF(記入シート!Z335<>"",記入シート!Z335,"") | R17: 代理③ | T17: =IF(記入シート!AE335<>"",記入シート!AE335,"")
D18: 居住所： | G18: =IF(記入シート!R337<>"",記入シート!R337,"") | M18: =IF(記入シート!X336<>"",記入シート!X336,"") -> 設備班長 | R18: =IF(記入シート!AC336<>"",記入シート!AC336,"") -> 救護班長
D19: 固定ＴＥＬ： | G19: =IF(記入シート!R338<>"",記入シート!R338,"") | M19: 代理① | O19: =IF(記入シート!Z337<>"",記入シート!Z337,"") | R19: 代理① | T19: =IF(記入シート!AE337<>"",記入シート!AE337,"")
D20: 携帯ＴＥＬ： | G20: =IF(記入シート!R339<>"",記入シート!R339,"") | M20: 代理② | O20: =IF(記入シート!Z338<>"",記入シート!Z338,"") | R20: 代理② | T20: =IF(記入シート!AE338<>"",記入シート!AE338,"")
D21: 携帯メール： | G21: =IF(記入シート!R340<>"",記入シート!R340,"") | M21: 代理③ | O21: =IF(記入シート!Z339<>"",記入シート!Z339,"") | R21: 代理③ | T21: =IF(記入シート!AE339<>"",記入シート!AE339,"")
B25: =IF(記入シート!H344<>"",記入シート!H344,"") -> 対外班 | H25: =IF(記入シート!O344<>"",記入シート!O344,"") -> 安否確認班 | N25: =IF(記入シート!V344<>"",記入シート!V344,"") -> 設備班 | T25: =IF(記入シート!AC344<>"",記入シート!AC344,"") -> 救護班
B26: 班長 | D26: =IF(記入シート!J345<>"",記入シート!J345,"") | H26: 班長 | J26: =IF(記入シート!Q345<>"",記入シート!Q345,"") | N26: 班長 | P26: =IF(記入シート!X345<>"",記入シート!X345,"") | T26: 班長 | V26: =IF(記入シート!AE345<>"",記入シート!AE345,"")
B27: 居住所： | D27: =IF(記入シート!J346<>"",記入シート!J346,"") | H27: 居住所： | J27: =IF(記入シート!Q346<>"",記入シート!Q346,"") | N27: 居住所： | P27: =IF(記入シート!X346<>"",記入シート!X346,"") | T27: 居住所： | V27: =IF(記入シート!AE346<>"",記入シート!AE346,"")
B28: 固定TEL： | D28: =IF(記入シート!J347<>"",記入シート!J347,"") | H28: 固定TEL： | J28: =IF(記入シート!Q347<>"",記入シート!Q347,"") | N28: 固定TEL： | P28: =IF(記入シート!X347<>"",記入シート!X347,"") | T28: 固定TEL： | V28: =IF(記入シート!AE347<>"",記入シート!AE347,"")
B29: 携帯TEL： | D29: =IF(記入シート!J348<>"",記入シート!J348,"") | H29: 携帯TEL： | J29: =IF(記入シート!Q348<>"",記入シート!Q348,"") | N29: 携帯TEL： | P29: =IF(記入シート!X348<>"",記入シート!X348,"") | T29: 携帯TEL： | V29: =IF(記入シート!AE348<>"",記入シート!AE348,"")
B30: 携帯 メール： | D30: =IF(記入シート!J349<>"",記入シート!J349,"") | H30: 携帯 メール： | J30: =IF(記入シート!Q349<>"",記入シート!Q349,"") | N30: 携帯 メール： | P30: =IF(記入シート!X349<>"",記入シート!X349,"") | T30: 携帯 メール： | V30: =IF(記入シート!AE349<>"",記入シート!AE349,"")
B32: =B25 -> 対外班 | H32: =H25 -> 安否確認班 | N32: =N25 -> 設備班 | T32: =T25 -> 救護班
B33: 班長代理 | D33: =IF(記入シート!J352<>"",記入シート!J352,"") | H33: 班長代理 | J33: =IF(記入シート!Q352<>"",記入シート!Q352,"") | N33: 班長代理 | P33: =IF(記入シート!X352<>"",記入シート!X352,"") | T33: 班長代理 | V33: =IF(記入シート!AE352<>"",記入シート!AE352,"")
B34: 居住所： | D34: =IF(記入シート!J353<>"",記入シート!J353,"") | H34: 居住所： | J34: =IF(記入シート!Q353<>"",記入シート!Q353,"") | N34: 居住所： | P34: =IF(記入シート!X353<>"",記入シート!X353,"") | T34: 居住所： | V34: =IF(記入シート!AE353<>"",記入シート!AE353,"")
B35: 固定TEL： | D35: =IF(記入シート!J354<>"",記入シート!J354,"") | H35: 固定TEL： | J35: =IF(記入シート!Q354<>"",記入シート!Q354,"") | N35: 固定TEL： | P35: =IF(記入シート!X354<>"",記入シート!X354,"") | T35: 固定TEL： | V35: =IF(記入シート!AE354<>"",記入シート!AE354,"")
B36: 携帯TEL： | D36: =IF(記入シート!J355<>"",記入シート!J355,"") | H36: 携帯TEL： | J36: =IF(記入シート!Q355<>"",記入シート!Q355,"") | N36: 携帯TEL： | P36: =IF(記入シート!X355<>"",記入シート!X355,"") | T36: 携帯TEL： | V36: =IF(記入シート!AE355<>"",記入シート!AE355,"")
B37: 携帯 メール： | D37: =IF(記入シート!J356<>"",記入シート!J356,"") | H37: 携帯 メール： | J37: =IF(記入シート!Q356<>"",記入シート!Q356,"") | N37: 携帯 メール： | P37: =IF(記入シート!X356<>"",記入シート!X356,"") | T37: 携帯 メール： | V37: =IF(記入シート!AE356<>"",記入シート!AE356,"")
B39: =B32 -> 対外班 | H39: =H32 -> 安否確認班 | N39: =N32 -> 設備班 | T39: =T32 -> 救護班
B40: 課長代理② | D40: =記入シート!J359 | H40: 課長代理② | J40: =記入シート!Q359 | N40: 課長代理② | P40: =記入シート!X359 | T40: 課長代理② | V40: =記入シート!AE359
B41: 課長代理③ | D41: =記入シート!J360 | H41: 課長代理③ | J41: =記入シート!Q360 | N41: 課長代理③ | P41: =記入シート!X360 | T41: 課長代理③ | V41: =記入シート!AE360
D42: =IFERROR(IF(記入シート!J361<>"",記入シート!J361,""),"") | J42: =IFERROR(IF(記入シート!Q361<>"",記入シート!Q361,""),"") | P42: =IFERROR(IF(記入シート!X361<>"",記入シート!X361,""),"") | V42: =IFERROR(IF(記入シート!AE361<>"",記入シート!AE361,""),"")
D43: =IFERROR(IF(記入シート!J362<>"",記入シート!J362,""),"") | J43: =IFERROR(IF(記入シート!Q362<>"",記入シート!Q362,""),"") | P43: =IFERROR(IF(記入シート!X362<>"",記入シート!X362,""),"") | V43: =IFERROR(IF(記入シート!AE362<>"",記入シート!AE362,""),"")
D44: =IFERROR(IF(記入シート!J363<>"",記入シート!J363,""),"") | J44: =IFERROR(IF(記入シート!Q363<>"",記入シート!Q363,""),"") | P44: =IFERROR(IF(記入シート!X363<>"",記入シート!X363,""),"") | V44: =IFERROR(IF(記入シート!AE363<>"",記入シート!AE363,""),"")
D45: =IFERROR(IF(記入シート!J364<>"",記入シート!J364,""),"") | J45: =IFERROR(IF(記入シート!Q364<>"",記入シート!Q364,""),"") | P45: =IFERROR(IF(記入シート!X364<>"",記入シート!X364,""),"") | V45: =IFERROR(IF(記入シート!AE364<>"",記入シート!AE364,""),"")
D46: =IFERROR(IF(記入シート!J365<>"",記入シート!J365,""),"") | J46: =IFERROR(IF(記入シート!Q365<>"",記入シート!Q365,""),"") | P46: =IFERROR(IF(記入シート!X365<>"",記入シート!X365,""),"") | V46: =IFERROR(IF(記入シート!AE365<>"",記入シート!AE365,""),"")
D47: =IFERROR(IF(記入シート!J366<>"",記入シート!J366,""),"") | J47: =IFERROR(IF(記入シート!Q366<>"",記入シート!Q366,""),"") | P47: =IFERROR(IF(記入シート!X366<>"",記入シート!X366,""),"") | V47: =IFERROR(IF(記入シート!AE366<>"",記入シート!AE366,""),"")
D48: =IFERROR(IF(記入シート!J367<>"",記入シート!J367,""),"") | J48: =IFERROR(IF(記入シート!Q367<>"",記入シート!Q367,""),"") | P48: =IFERROR(IF(記入シート!X367<>"",記入シート!X367,""),"") | V48: =IFERROR(IF(記入シート!AE367<>"",記入シート!AE367,""),"")
D49: =IFERROR(IF(記入シート!J368<>"",記入シート!J368,""),"") | J49: =IFERROR(IF(記入シート!Q368<>"",記入シート!Q368,""),"") | P49: =IFERROR(IF(記入シート!X368<>"",記入シート!X368,""),"") | V49: =IFERROR(IF(記入シート!AE368<>"",記入シート!AE368,""),"")
